Workbook
Name \0: #REF!
Name \0: #REF!
Name \0: #REF!
Name \0: #REF!
Name \0: #REF!
Name \A: #REF!
Name \A: #REF!
Name \A: #REF!
Name \A: #REF!
Name \A: #REF!
Name \C: #REF!
Name \C: #REF!
Name \P: #REF!
Name \Q: #REF!
Name \V: #REF!
Name \X: #REF!
Name \Z: #REF!
Name ___INDEX_SHEET___ASAP_Utilities: #REF!
Name _1___Data_table_for_graph___Leakage___AR4__AR3__AR2__AR1_and_Ofwat_leakage_targets: #REF!
Name _1__Data_table_for_graph___meter_penetration___AR4__AR3__AR2__and_AR1: #REF!
Name _1__Graph___meter_penetration___AR4__AR3__AR2__and_AR1: #REF!
Name _1_8_4_Step2: #REF!
Name _1st_model_column_flag: #REF!
Name _1st_model_column_flag: #REF!
Name _1st_model_column_flag: #REF!
Name _2__Graph___Leakage_AR4__AR3__AR2__AR1_and_Ofwat_leakage_targets: #REF!
Name _2__Graph___meter_penetration___AR4__AR3__AR2__and_AR1: #REF!
Name _2020_25_RCV___nominal.ADDN1: #REF!
Name _2020_25_RCV___nominal.ADDN1: #REF!
Name _2020_25_RCV___nominal.ADDN1: #REF!
Name _2020_25_RCV___nominal.ADDN1.BEG: #REF!
Name _2020_25_RCV___nominal.ADDN1.BEG: #REF!
Name _2020_25_RCV___nominal.ADDN1.BEG: #REF!
Name _2020_25_RCV___nominal.ADDN2: #REF!
Name _2020_25_RCV___nominal.ADDN2: #REF!
Name _2020_25_RCV___nominal.ADDN2: #REF!
Name _2020_25_RCV___nominal.ADDN2.BEG: #REF!
Name _2020_25_RCV___nominal.ADDN2.BEG: #REF!
Name _2020_25_RCV___nominal.ADDN2.BEG: #REF!
Name _2020_25_RCV___nominal.BR: #REF!
Name _2020_25_RCV___nominal.BR: #REF!
Name _2020_25_RCV___nominal.BR: #REF!
Name _2020_25_RCV___nominal.BR.BEG: #REF!
Name _2020_25_RCV___nominal.BR.BEG: #REF!
Name _2020_25_RCV___nominal.BR.BEG: #REF!
Name _2020_25_RCV___nominal.WN: #REF!
Name _2020_25_RCV___nominal.WN: #REF!
Name _2020_25_RCV___nominal.WN: #REF!
Name _2020_25_RCV___nominal.WN.BEG: #REF!
Name _2020_25_RCV___nominal.WN.BEG: #REF!
Name _2020_25_RCV___nominal.WN.BEG: #REF!
Name _2020_25_RCV___nominal.WR: #REF!
Name _2020_25_RCV___nominal.WR: #REF!
Name _2020_25_RCV___nominal.WR: #REF!
Name _2020_25_RCV___nominal.WR.BEG: #REF!
Name _2020_25_RCV___nominal.WR.BEG: #REF!
Name _2020_25_RCV___nominal.WR.BEG: #REF!
Name _2020_25_RCV___nominal.WWN: #REF!
Name _2020_25_RCV___nominal.WWN: #REF!
Name _2020_25_RCV___nominal.WWN: #REF!

Sheet Cover
A1: =RIGHT(CELL("filename", $A$1), LEN(CELL("filename", $A$1)) - SEARCH("]", CELL("filename", $A$1))) -> Cover
B3: PR24 Performance Commitment Model
B5: Performance commitment | C5: Biodiversity
B6: Version number: | C6: 3
B7: File name: | C7: =MID(CELL("filename"), FIND("[", CELL("filename"), 1) + 1, FIND("]", CELL("filename"), 1) - FIND("[", CELL("filename"), 1) - 1) -> Republish 20250721 PR24-FD-CA13-Biodiversity-v3.xlsx
B8: Date: | C8: 45853
B10: For enquiries please contact: | C10: PR24@Ofwat.gov.uk
B12: Instructions: | C12: A separate model 'User guide' has been created to help the user in operating the model.

Sheet Overview
B2: Biodiversity
B10: Approach to setting PCL
B11: PCL Type | C11: Common level
B12: Baseline | C12: The 2024-25 baseline position is set at zero to reflect majority of company forecasts.
B13: Performance from base | C13: Maintain biodiversity from base expenditure
B14: Performance from enhancement | C14: 2025-30 set at the sector forecasted median level at 0.73 based on company forecasts. We have profiled performance towards the end of the 2029-30 period to allow time for surveying and to reflect the profile of median industry performance.
B16: END

Sheet Conceptual_Model

Sheet F_Inputs
C1: BIO_OFWAT_DD | E1: Run on 02 Jul 2024 11:17
A2: Acronym | B2: Reference | C2: Item description | D2: Unit | E2: Model | F2: 2011-12 | G2: 2012-13 | H2: 2013-14 | I2: 2014-15 | J2: 2015-16 | K2: 2016-17 | L2: 2017-18 | M2: 2018-19 | N2: 2019-20 | O2: 2020-21 | P2: 2021-22 | Q2: 2022-23 | R2: 2023-24 | S2: 2024-25 | T2: 2025-26 | U2: 2026-27 | V2: 2027-28 | W2: 2028-29 | X2: 2029-30 | Y2: 2030-31 | Z2: 2031-32 | AA2: 2032-33 | AB2: 2033-34 | AC2: 2034-35
A4: Company Acronym | B4: Item Code | C4: Item Description | D4: Item Unit | E4: Item Table Suite | F4: 2011-12 | G4: 2012-13 | H4: 2013-14 | I4: 2014-15 | J4: 2015-16 | K4: 2016-17 | L4: 2017-18 | M4: 2018-19 | N4: 2019-20 | O4: 2020-21 | P4: 2021-22 | Q4: 2022-23 | R4: 2023-24 | S4: 2024-25 | T4: 2025-26 | U4: 2026-27 | V4: 2027-28 | W4: 2028-29 | X4: 2029-30 | Y4: 2030-31 | Z4: 2031-32 | AA4: 2032-33 | AB4: 2033-34 | AC4: 2034-35
A5: Company Acronym | B5: Item Code | C5: Item Description | D5: Item Unit | E5: Item Table Suite | F5: Price Review 2024 | G5: Price Review 2024 | H5: Price Review 2024 | I5: Price Review 2024 | J5: Price Review 2024 | K5: Price Review 2024 | L5: Price Review 2024 | M5: Price Review 2024 | N5: Price Review 2024 | O5: Price Review 2024 | P5: Price Review 2024 | Q5: Price Review 2024 | R5: Price Review 2024 | S5: Price Review 2024 | T5: Price Review 2024 | U5: Price Review 2024 | V5: Price Review 2024 | W5: Price Review 2024 | X5: Price Review 2024 | Y5: Price Review 2024 | Z5: Price Review 2024 | AA5: Price Review 2024 | AB5: Price Review 2024 | AC5: Price Review 2024
A6: Company Acronym | B6: Item Code | C6: Item Description | D6: Item Unit | E6: Item Table Suite | F6: Run 11 - PR24 FD Data | G6: Run 11 - PR24 FD Data | H6: Run 11 - PR24 FD Data | I6: Run 11 - PR24 FD Data | J6: Run 11 - PR24 FD Data | K6: Run 11 - PR24 FD Data | L6: Run 11 - PR24 FD Data | M6: Run 11 - PR24 FD Data | N6: Run 11 - PR24 FD Data | O6: Run 11 - PR24 FD Data | P6: Run 11 - PR24 FD Data | Q6: Run 11 - PR24 FD Data | R6: Run 11 - PR24 FD Data | S6: Run 11 - PR24 FD Data | T6: Run 11 - PR24 FD Data | U6: Run 11 - PR24 FD Data | V6: Run 11 - PR24 FD Data | W6: Run 11 - PR24 FD Data | X6: Run 11 - PR24 FD Data | Y6: Run 11 - PR24 FD Data | Z6: Run 11 - PR24 FD Data | AA6: Run 11 - PR24 FD Data | AB6: Run 11 - PR24 FD Data | AC6: Run 11 - PR24 FD Data
A7: Company Acronym | B7: Item Code | C7: Item Description | D7: Item Unit | E7: Item Table Suite | F7: Latest | G7: Latest | H7: Latest | I7: Latest | J7: Latest | K7: Latest | L7: Latest | M7: Latest | N7: Latest | O7: Latest | P7: Latest | Q7: Latest | R7: Latest | S7: Latest | T7: Latest | U7: Latest | V7: Latest | W7: Latest | X7: Latest | Y7: Latest | Z7: Latest | AA7: Latest | AB7: Latest | AC7: Latest
A8: ANH | B8: OUT4_20_PR24 | C8: Underlying calculations for common performance commitments - water and combined - Biodiversity - Total biodiversity units for area of land served (per 100km2) | D8: Number | E8: Price Review 2024 | Q8: 0 | R8: 0 | S8: 0 | T8: 0 | U8: 0 | V8: 0.080861333 | W8: 0.080861333 | X8: 0.080861333 | Y8: 0.095887999 | Z8: 0.23338029 | AA8: 0.23338029 | AB8: 0.23338029 | AC8: 0.23338029 | AD8: =A8&B8 -> ANHOUT4_20_PR24
A9: ANH | B9: OUT2_06_PR24 | C9: Outcome performance from base expenditure - Common PCs - Biodiversity | D9: Number | E9: Price Review 2024 | T9: 0 | U9: 0 | V9: 0.080861333 | W9: 0.080861333 | X9: 0.080861333 | Y9: 0.095887999 | Z9: 0.23338029 | AA9: 0.23338029 | AB9: 0.23338029 | AC9: 0.23338029 | AD9: =A9&B9 -> ANHOUT2_06_PR24
A10: ANH | B10: OUT3_06_01_PR24 | C10: Outcome performance from enhancement expenditure - Common PCs - Biodiversity - Variance between the overall performance (OUT1) and the performance trend delivered | D10: Number | E10: Price Review 2024 | Q10: 0 | R10: 0 | S10: 0 | T10: 0 | U10: 0 | V10: 0 | W10: 0 | X10: 0 | Y10: 0 | Z10: 0 | AA10: 0 | AB10: 0 | AC10: 0 | AD10: =A10&B10 -> ANHOUT3_06_01_PR24
A11: ANH | B11: OUT4_20_D_PR24 | C11: Underlying calculations for common performance commitments - water and combined - Biodiversity - Water supply area | D11: km2 | E11: Price Review 2024 | F11: 0 | G11: 0 | H11: 0 | I11: 0 | J11: 0 | K11: 0 | L11: 0 | M11: 0 | N11: 0 | O11: 0 | P11: 0 | Q11: 26935 | R11: 26935 | S11: 26935 | T11: 26935 | U11: 26935 | V11: 26935 | W11: 26935 | X11: 26935 | Y11: 22714 | Z11: 22714 | AA11: 22714 | AB11: 22714 | AC11: 22714 | AD11: =A11&B11 -> ANHOUT4_20_D_PR24
A12: WSH | B12: OUT4_20_PR24 | C12: Underlying calculations for common performance commitments - water and combined - Biodiversity - Total biodiversity units for area of land served (per 100km2) | D12: Number | E12: Price Review 2024 | F12: 0 | G12: 0 | H12: 0 | I12: 0 | J12: 0 | K12: 0 | L12: 0 | M12: 0 | N12: 0 | O12: 0 | P12: 0 | Q12: 0 | R12: 0 | S12: 0 | T12: 0 | U12: 0 | V12: 0 | W12: 0 | X12: 0.72747605 | Y12: 0.72747694 | Z12: 0.72747783 | AA12: 0.72747872 | AB12: 1.4549592 | AC12: 1.454961 | AD12: =A12&B12 -> WSHOUT4_20_PR24
A13: WSH | B13: OUT2_06_PR24 | C13: Outcome performance from base expenditure - Common PCs - Biodiversity | D13: Number | E13: Price Review 2024 | Q13: 0 | R13: 0 | S13: 0 | T13: 0 | U13: 0 | V13: 0 | W13: 0 | X13: 0 | Y13: 0 | Z13: 0 | AA13: 0 | AB13: 0 | AC13: 0 | AD13: =A13&B13 -> WSHOUT2_06_PR24
A14: WSH | B14: OUT3_06_01_PR24 | C14: Outcome performance from enhancement expenditure - Common PCs - Biodiversity - Variance between the overall performance (OUT1) and the performance trend delivered | D14: Number | E14: Price Review 2024 | Q14: 0 | R14: 0 | S14: 0 | T14: 0 | U14: 0 | V14: 0 | W14: 0 | X14: 0.72747605 | Y14: 0.72747694 | Z14: 0.72747783 | AA14: 0.72747872 | AB14: 1.4549592 | AC14: 1.454961 | AD14: =A14&B14 -> WSHOUT3_06_01_PR24
A15: WSH | B15: OUT4_20_D_PR24 | C15: Underlying calculations for common performance commitments - water and combined - Biodiversity - Water supply area | D15: km2 | E15: Price Review 2024 | F15: 41237 | G15: 41237 | H15: 41237 | I15: 41237 | J15: 41237 | K15: 41237 | L15: 41236 | M15: 41239 | N15: 41240 | O15: 41240 | P15: 41239 | Q15: 41239 | R15: 41238.774 | S15: 41238.723 | T15: 41238.673 | U15: 41238.622 | V15: 41238.572 | W15: 41238.522 | X15: 41238.471 | Y15: 41238.421 | Z15: 41238.37 | AA15: 41238.32 | AB15: 41238.27 | AC15: 41238.219 | AD15: =A15&B15 -> WSHOUT4_20_D_PR24
A16: HDD | B16: OUT4_20_PR24 | C16: Underlying calculations for common performance commitments - water and combined - Biodiversity - Total biodiversity units for area of land served (per 100km2) | D16: Number | E16: Price Review 2024 | P16: 0 | Q16: 0 | R16: 0 | S16: 0 | T16: 2.7376306 | U16: 2.7376306 | V16: 2.7376306 | W16: 2.7376306 | X16: 2.7376306 | Y16: 13.022541 | Z16: 20.899295 | AA16: 28.539408 | AB16: 43.346354 | AC16: 53.352874 | AD16: =A16&B16 -> HDDOUT4_20_PR24
A17: HDD | B17: OUT2_06_PR24 | C17: Outcome performance from base expenditure - Common PCs - Biodiversity | D17: Number | E17: Price Review 2024 | Q17: 0 | R17: 0 | S17: 0 | T17: -0.002369429 | U17: -0.002369429 | V17: -0.002369429 | W17: -0.002369429 | X17: -0.002369429 | Y17: 0.0025411099 | Z17: -0.00070493618 | AA17: -0.00059165899 | AB17: -0.0036464581 | AC17: 0.0028735864 | AD17: =A17&B17 -> HDDOUT2_06_PR24
A18: HDD | B18: OUT3_06_01_PR24 | C18: Outcome performance from enhancement expenditure - Common PCs - Biodiversity - Variance between the overall performance (OUT1) and the performance trend delivered | D18: Number | E18: Price Review 2024 | Q18: 0 | R18: 0 | S18: 0 | T18: 2.74 | U18: 2.74 | V18: 2.74 | W18: 2.74 | X18: 2.74 | Y18: 13.02 | Z18: 20.9 | AA18: 28.54 | AB18: 43.35 | AC18: 53.35 | AD18: =A18&B18 -> HDDOUT3_06_01_PR24
A19: HDD | B19: OUT4_20_D_PR24 | C19: Underlying calculations for common performance commitments - water and combined - Biodiversity - Water supply area | D19: km2 | E19: Price Review 2024 | F19: 0 | G19: 0 | H19: 0 | I19: 0 | J19: 0 | K19: 0 | L19: 0 | M19: 0 | N19: 0 | O19: 0 | P19: 2871 | Q19: 2871 | R19: 2871 | S19: 2871 | T19: 2872 | U19: 2872 | V19: 2872 | W19: 2872 | X19: 2872 | Y19: 2872 | Z19: 2872 | AA19: 2872 | AB19: 2872 | AC19: 2872 | AD19: =A19&B19 -> HDDOUT4_20_D_PR24
A20: NES | B20: OUT4_20_PR24 | C20: Underlying calculations for common performance commitments - water and combined - Biodiversity - Total biodiversity units for area of land served (per 100km2) | D20: Number | E20: Price Review 2024 | F20: 0 | G20: 0 | H20: 0 | I20: 0 | J20: 0 | K20: 0 | L20: 0 | M20: 0 | N20: 0 | O20: 0 | P20: 0 | Q20: 0 | R20: 0 | S20: 0 | T20: 0 | U20: 0 | V20: 0 | W20: 0.076173065 | X20: 0.2285192 | Y20: 0.2285192 | Z20: 0.2285192 | AA20: 0.29707495 | AB20: 0.87065814 | AC20: 0.87065814 | AD20: =A20&B20 -> NESOUT4_20_PR24
A21: NES | B21: OUT2_06_PR24 | C21: Outcome performance from base expenditure - Common PCs - Biodiversity | D21: Number | E21: Price Review 2024 | R21: 0 | S21: 0 | T21: 0 | U21: 0 | V21: 0 | W21: 0 | X21: 0 | Y21: 0 | Z21: 0 | AA21: 0 | AB21: 0 | AC21: 0 | AD21: =A21&B21 -> NESOUT2_06_PR24
A22: NES | B22: OUT3_06_01_PR24 | C22: Outcome performance from enhancement expenditure - Common PCs - Biodiversity - Variance between the overall performance (OUT1) and the performance trend delivered | D22: Number | E22: Price Review 2024 | Q22: 0 | R22: 0 | S22: 0 | T22: 0 | U22: 0 | V22: 0 | W22: 0.076173065 | X22: 0.2285192 | Y22: 0.2285192 | Z22: 0.2285192 | AA22: 0.29707495 | AB22: 0.87065814 | AC22: 0.87065814 | AD22: =A22&B22 -> NESOUT3_06_01_PR24
A23: NES | B23: OUT4_20_D_PR24 | C23: Underlying calculations for common performance commitments - water and combined - Biodiversity - Water supply area | D23: km2 | E23: Price Review 2024 | F23: 13621 | G23: 13621 | H23: 13621 | I23: 13621 | J23: 13621 | K23: 13621 | L23: 13114 | M23: 13114 | N23: 13122 | O23: 13129 | P23: 13127 | Q23: 13128 | R23: 13128 | S23: 13128 | T23: 13128 | U23: 13128 | V23: 13128 | W23: 13128 | X23: 13128 | Y23: 13128 | Z23: 13128 | AA23: 13128 | AB23: 13128 | AC23: 13128 | AD23: =A23&B23 -> NESOUT4_20_D_PR24
A24: SVE | B24: OUT4_20_PR24 | C24: Underlying calculations for common performance commitments - water and combined - Biodiversity - Total biodiversity units for area of land served (per 100km2) | D24: Number | E24: Price Review 2024 | O24: 0 | P24: 0 | Q24: 0 | R24: 0 | S24: 0 | T24: 0 | U24: 0 | V24: 0 | W24: 0 | X24: 3.593765 | Y24: 3.5921686 | Z24: 3.5905735 | AA24: 3.5889799 | AB24: 3.5873877 | AC24: 3.585797 | AD24: =A24&B24 -> SVEOUT4_20_PR24
A25: SVE | B25: OUT2_06_PR24 | C25: Outcome performance from base expenditure - Common PCs - Biodiversity | D25: Number | E25: Price Review 2024 | O25: 0 | P25: 0 | Q25: 0 | R25: 0 | S25: 0 | T25: 0 | U25: 0 | V25: 0 | W25: 0 | X25: 0 | Y25: 0 | Z25: 0 | AA25: 0 | AB25: 0 | AC25: 0 | AD25: =A25&B25 -> SVEOUT2_06_PR24
A26: SVE | B26: OUT3_06_01_PR24 | C26: Outcome performance from enhancement expenditure - Common PCs - Biodiversity - Variance between the overall performance (OUT1) and the performance trend delivered | D26: Number | E26: Price Review 2024 | Q26: 0 | R26: 0 | S26: 0 | T26: 0 | U26: 0 | V26: 0 | W26: 0 | X26: 3.593765 | Y26: 3.5921686 | Z26: 3.5905735 | AA26: 3.5889799 | AB26: 3.5873877 | AC26: 3.585797 | AD26: =A26&B26 -> SVEOUT3_06_01_PR24
A27: SVE | B27: OUT4_20_D_PR24 | C27: Underlying calculations for common performance commitments - water and combined - Biodiversity - Water supply area | D27: km2 | E27: Price Review 2024 | F27: 0 | G27: 0 | H27: 0 | I27: 0 | J27: 0 | K27: 0 | L27: 0 | M27: 0 | N27: 0 | O27: 20164 | P27: 20167 | Q27: 20180 | R27: 20194 | S27: 20205 | T27: 20215 | U27: 20224 | V27: 20233 | W27: 20242 | X27: 20251 | Y27: 20260 | Z27: 20269 | AA27: 20278 | AB27: 20287 | AC27: 20296 | AD27: =A27&B27 -> SVEOUT4_20_D_PR24
A28: SWB | B28: OUT4_20_PR24 | C28: Underlying calculations for common performance commitments - water and combined - Biodiversity - Total biodiversity units for area of land served (per 100km2) | D28: Number | E28: Price Review 2024 | F28: 0 | G28: 0 | H28: 0 | I28: 0 | J28: 0 | K28: 0 | L28: 0 | M28: 0 | N28: 0 | O28: 0 | P28: 0 | Q28: 0 | R28: 0 | S28: 0 | T28: 0 | U28: 0 | V28: 0 | W28: 0 | X28: 2.4657332 | Y28: 3.0985016 | Z28: 3.5730779 | AA28: 4.2058462 | AB28: 5.3131909 | AC28: 5.8747237 | AD28: =A28&B28 -> SWBOUT4_20_PR24
A29: SWB | B29: OUT2_06_PR24 | C29: Outcome performance from base expenditure - Common PCs - Biodiversity | D29: Number | E29: Price Review 2024 | F29: 0 | G29: 0 | H29: 0 | I29: 0 | J29: 0 | K29: 0 | L29: 0 | M29: 0 | N29: 0 | O29: 0 | P29: 0 | Q29: 0 | R29: 0 | S29: 0 | T29: 0 | U29: 0 | V29: 0 | W29: 0 | X29: 0 | Y29: 0 | Z29: 0 | AA29: 0 | AB29: 0 | AC29: 0 | AD29: =A29&B29 -> SWBOUT2_06_PR24
A30: SWB | B30: OUT3_06_01_PR24 | C30: Outcome performance from enhancement expenditure - Common PCs - Biodiversity - Variance between the overall performance (OUT1) and the performance trend delivered | D30: Number | E30: Price Review 2024 | Q30: 0 | R30: 0 | S30: 0 | T30: 0 | U30: 0 | V30: 0 | W30: 0 | X30: 2.4657332 | Y30: 3.0985016 | Z30: 3.5730779 | AA30: 4.2058462 | AB30: 5.3131909 | AC30: 5.8747237 | AD30: =A30&B30 -> SWBOUT3_06_01_PR24
A31: SWB | B31: OUT4_20_D_PR24 | C31: Underlying calculations for common performance commitments - water and combined - Biodiversity - Water supply area | D31: km2 | E31: Price Review 2024 | F31: 12342 | G31: 12342 | H31: 12342 | I31: 12342 | J31: 12342 | K31: 12342 | L31: 12342 | M31: 12342 | N31: 12342 | O31: 12342 | P31: 12342 | Q31: 12342 | R31: 12213 | S31: 12213 | T31: 12213 | U31: 12213 | V31: 12213 | W31: 12213 | X31: 12213 | Y31: 12213 | Z31: 12213 | AA31: 12213 | AB31: 12213 | AC31: 12213 | AD31: =A31&B31 -> SWBOUT4_20_D_PR24
A32: SRN | B32: OUT4_20_PR24 | C32: Underlying calculations for common performance commitments - water and combined - Biodiversity - Total biodiversity units for area of land served (per 100km2) | D32: Number | E32: Price Review 2024 | F32: 0 | G32: 0 | H32: 0 | I32: 0 | J32: 0 | K32: 0 | L32: 0 | M32: 0 | N32: 0 | O32: 0 | P32: 0 | Q32: 0 | R32: 0 | S32: 0 | T32: 0 | U32: 0 | V32: 0 | W32: 0 | X32: 0 | Y32: 0.31315411 | Z32: 0.62630821 | AA32: 0.93946232 | AB32: 1.2526164 | AC32: 1.5657705 | AD32: =A32&B32 -> SRNOUT4_20_PR24
A33: SRN | B33: OUT2_06_PR24 | C33: Outcome performance from base expenditure - Common PCs - Biodiversity | D33: Number | E33: Price Review 2024 | F33: 0 | G33: 0 | H33: 0 | I33: 0 | J33: 0 | K33: 0 | L33: 0 | M33: 0 | N33: 0 | O33: 0 | P33: 0 | Q33: 0 | R33: 0 | S33: 0 | T33: 0 | U33: 0 | V33: 0 | W33: 0 | X33: 0 | Y33: 0 | Z33: 0 | AA33: 0 | AB33: 0 | AC33: 0 | AD33: =A33&B33 -> SRNOUT2_06_PR24
A34: SRN | B34: OUT3_06_01_PR24 | C34: Outcome performance from enhancement expenditure - Common PCs - Biodiversity - Variance between the overall performance (OUT1) and the performance trend delivered | D34: Number | E34: Price Review 2024 | Q34: 0 | R34: 0 | S34: 0 | T34: 0 | U34: 0 | V34: 0 | W34: 0 | X34: 0 | Y34: 0.31315411 | Z34: 0.62630821 | AA34: 0.93946232 | AB34: 1.2526164 | AC34: 1.5657705 | AD34: =A34&B34 -> SRNOUT3_06_01_PR24
A35: SRN | B35: OUT4_20_D_PR24 | C35: Underlying calculations for common performance commitments - water and combined - Biodiversity - Water supply area | D35: km2 | E35: Price Review 2024 | F35: 10410.21 | G35: 10410.21 | H35: 10410.21 | I35: 10410.21 | J35: 10410.21 | K35: 10410.21 | L35: 10410.21 | M35: 10410.21 | N35: 10410.21 | O35: 10410.21 | P35: 10410.21 | Q35: 10410.21 | R35: 10410.21 | S35: 10410.21 | T35: 10410.21 | U35: 10410.21 | V35: 10410.21 | W35: 10410.21 | X35: 10410.21 | Y35: 10410.21 | Z35: 10410.21 | AA35: 10410.21 | AB35: 10410.21 | AC35: 10410.21 | AD35: =A35&B35 -> SRNOUT4_20_D_PR24
A36: TMS | B36: OUT4_20_PR24 | C36: Underlying calculations for common performance commitments - water and combined - Biodiversity - Total biodiversity units for area of land served (per 100km2) | D36: Number | E36: Price Review 2024 | Q36: 0 | R36: 0 | S36: 0 | T36: 0 | U36: 0 | V36: 0 | W36: 0.32096585 | X36: 0.44016204 | Y36: 0.55701475 | Z36: 0.55701475 | AA36: 0.55701475 | AB36: 0.55701475 | AC36: 0.55701475 | AD36: =A36&B36 -> TMSOUT4_20_PR24
A37: TMS | B37: OUT2_06_PR24 | C37: Outcome performance from base expenditure - Common PCs - Biodiversity | D37: Number | E37: Price Review 2024 | F37: 0 | G37: 0 | H37: 0 | I37: 0 | J37: 0 | K37: 0 | L37: 0 | M37: 0 | N37: 0 | O37: 0 | P37: 0 | Q37: 0 | R37: 0 | S37: 0 | T37: 0 | U37: 0 | V37: 0 | W37: 0.32 | X37: 0.44 | Y37: 0.56 | Z37: 0.56 | AA37: 0.56 | AB37: 0.56 | AC37: 0.56 | AD37: =A37&B37 -> TMSOUT2_06_PR24
A38: TMS | B38: OUT3_06_01_PR24 | C38: Outcome performance from enhancement expenditure - Common PCs - Biodiversity - Variance between the overall performance (OUT1) and the performance trend delivered | D38: Number | E38: Price Review 2024 | Q38: 0 | R38: 0 | S38: 0 | T38: 0 | U38: 0 | V38: 0 | W38: 0.00096584758 | X38: 0.00016204065 | Y38: -0.0029852535 | Z38: -0.0029852535 | AA38: -0.0029852535 | AB38: -0.0029852535 | AC38: -0.0029852535 | AD38: =A38&B38 -> TMSOUT3_06_01_PR24
A39: TMS | B39: OUT4_20_D_PR24 | C39: Underlying calculations for common performance commitments - water and combined - Biodiversity - Water supply area | D39: km2 | E39: Price Review 2024 | F39: 0 | G39: 0 | H39: 0 | I39: 0 | J39: 0 | K39: 0 | L39: 0 | M39: 0 | N39: 0 | O39: 0 | P39: 0 | Q39: 13754.45 | R39: 21762.44 | S39: 21762.44 | T39: 21762.44 | U39: 21762.44 | V39: 21762.44 | W39: 21762.44 | X39: 21762.44 | Y39: 21762.44 | Z39: 21762.44 | AA39: 21762.44 | AB39: 21762.44 | AC39: 21762.44 | AD39: =A39&B39 -> TMSOUT4_20_D_PR24
A40: NWT | B40: OUT4_20_PR24 | C40: Underlying calculations for common performance commitments - water and combined - Biodiversity - Total biodiversity units for area of land served (per 100km2) | D40: Number | E40: Price Review 2024 | F40: 0 | G40: 0 | H40: 0 | I40: 0 | J40: 0 | K40: 0 | L40: 0 | M40: 0 | N40: 0 | O40: 0 | P40: 0 | Q40: 0 | R40: 0 | S40: 0 | T40: 0 | U40: 0 | V40: 0 | W40: 0.079997398 | X40: 0.7300059 | Y40: 1.0370522 | Z40: 1.8302158 | AA40: 1.8963551 | AB40: 2.2067558 | AC40: 3.1051256 | AD40: =A40&B40 -> NWTOUT4_20_PR24
A41: NWT | B41: OUT2_06_PR24 | C41: Outcome performance from base expenditure - Common PCs - Biodiversity | D41: Number | E41: Price Review 2024 | T41: 0 | U41: 0 | V41: 0 | W41: 0 | X41: 0 | Y41: 0 | Z41: 0 | AA41: 0 | AB41: 0 | AC41: 0 | AD41: =A41&B41 -> NWTOUT2_06_PR24
A42: NWT | B42: OUT3_06_01_PR24 | C42: Outcome performance from enhancement expenditure - Common PCs - Biodiversity - Variance between the overall performance (OUT1) and the performance trend delivered | D42: Number | E42: Price Review 2024 | Q42: 0 | R42: 0 | S42: 0 | T42: 0 | U42: 0 | V42: 0 | W42: 0.079997398 | X42: 0.7300059 | Y42: 1.0370522 | Z42: 1.8302158 | AA42: 1.8963551 | AB42: 2.2067558 | AC42: 3.1051256 | AD42: =A42&B42 -> NWTOUT3_06_01_PR24
A43: NWT | B43: OUT4_20_D_PR24 | C43: Underlying calculations for common performance commitments - water and combined - Biodiversity - Water supply area | D43: km2 | E43: Price Review 2024 | F43: 14474.6 | G43: 14474.6 | H43: 14474.6 | I43: 14474.6 | J43: 14474.6 | K43: 14474.6 | L43: 14474.51 | M43: 14473.61 | N43: 14473.5 | O43: 14473.5 | P43: 14470.38 | Q43: 29513.74 | R43: 29513.46 | S43: 29513.46 | T43: 29513.46 | U43: 29513.46 | V43: 29513.46 | W43: 29513.46 | X43: 29513.46 | Y43: 29513.46 | Z43: 29513.46 | AA43: 29513.46 | AB43: 29513.46 | AC43: 29513.46 | AD43: =A43&B43 -> NWTOUT4_20_D_PR24
A44: WSX | B44: OUT4_20_PR24 | C44: Underlying calculations for common performance commitments - water and combined - Biodiversity - Total biodiversity units for area of land served (per 100km2) | D44: Number | E44: Price Review 2024 | F44: 0 | G44: 0 | H44: 0 | I44: 0 | J44: 0 | K44: 0 | L44: 0 | M44: 0 | N44: 0 | O44: 0 | P44: 0 | Q44: 0 | R44: 0 | S44: 0 | T44: 4.4440908 | U44: -8.0459881 | V44: -8.0459881 | W44: -8.0459881 | X44: 0.17034262 | Y44: 0.17034262 | Z44: 0.17034262 | AA44: 0.17034262 | AB44: 0.26215551 | AC44: 0.26215551 | AD44: =A44&B44 -> WSXOUT4_20_PR24
A45: WSX | B45: OUT2_06_PR24 | C45: Outcome performance from base expenditure - Common PCs - Biodiversity | D45: Number | E45: Price Review 2024 | F45: 0 | G45: 0 | H45: 0 | I45: 0 | J45: 0 | K45: 0 | L45: 0 | M45: 0 | N45: 0 | O45: 0 | P45: 0 | Q45: 0 | R45: 0 | S45: 0 | T45: 1.1582078 | U45: -7.8056235 | V45: -7.803151 | W45: -7.8015036 | X45: 0 | Y45: 0.17 | Z45: 0.17 | AA45: 0.17 | AB45: 0.17 | AC45: 0.17 | AD45: =A45&B45 -> WSXOUT2_06_PR24
A46: WSX | B46: OUT3_06_01_PR24 | C46: Outcome performance from enhancement expenditure - Common PCs - Biodiversity - Variance between the overall performance (OUT1) and the performance trend delivered | D46: Number | E46: Price Review 2024 | Q46: 0 | R46: 0 | S46: 0 | T46: -1.1137669e-09 | U46: 7.0010247e-08 | V46: 6.9985522e-08 | W46: 6.9969047e-08 | X46: 0.17034262 | Y46: 0.00034262157 | Z46: 0.00034262157 | AA46: 0.00034262157 | AB46: 0.092155513 | AC46: 0.092155513 | AD46: =A46&B46 -> WSXOUT3_06_01_PR24
A47: WSX | B47: OUT4_20_D_PR24 | C47: Underlying calculations for common performance commitments - water and combined - Biodiversity - Water supply area | D47: km2 | E47: Price Review 2024 | F47: 17304.4 | G47: 17304.4 | H47: 17304.4 | I47: 17304.4 | J47: 17304.4 | K47: 17304.4 | L47: 17304.4 | M47: 17304.4 | N47: 17304.4 | O47: 17304.4 | P47: 17304.4 | Q47: 17304.4 | R47: 17304.4 | S47: 17304.4 | T47: 17304.4 | U47: 17304.4 | V47: 17304.4 | W47: 17304.4 | X47: 17304.4 | Y47: 17304.4 | Z47: 17304.4 | AA47: 17304.4 | AB47: 17304.4 | AC47: 17304.4 | AD47: =A47&B47 -> WSXOUT4_20_D_PR24
A48: YKY | B48: OUT4_20_PR24 | C48: Underlying calculations for common performance commitments - water and combined - Biodiversity - Total biodiversity units for area of land served (per 100km2) | D48: Number | E48: Price Review 2024 | F48: 0 | G48: 0 | H48: 0 | I48: 0 | J48: 0 | K48: 0 | L48: 0 | M48: 0 | N48: 0 | O48: 0 | P48: 0 | Q48: 0 | R48: 0 | S48: 0 | T48: 0.16927022 | U48: 0.33854045 | V48: 0.50781067 | W48: 0.6770809 | X48: 0.84635112 | Y48: 1.0156213 | Z48: 1.1848916 | AA48: 1.3541618 | AB48: 1.523432 | AC48: 1.6927022 | AD48: =A48&B48 -> YKYOUT4_20_PR24
A49: YKY | B49: OUT2_06_PR24 | C49: Outcome performance from base expenditure - Common PCs - Biodiversity | D49: Number | E49: Price Review 2024 | F49: 0 | G49: 0 | H49: 0 | I49: 0 | J49: 0 | K49: 0 | L49: 0 | M49: 0 | N49: 0 | O49: 0 | P49: 0 | Q49: 0 | R49: 0 | S49: 0 | T49: 0 | U49: 0 | V49: 0 | W49: 0 | X49: 0 | Y49: 0.12 | Z49: 0.23 | AA49: 0.35 | AB49: 0.46 | AC49: 0.58 | AD49: =A49&B49 -> YKYOUT2_06_PR24
A50: YKY | B50: OUT3_06_01_PR24 | C50: Outcome performance from enhancement expenditure - Common PCs - Biodiversity - Variance between the overall performance (OUT1) and the performance trend delivered | D50: Number | E50: Price Review 2024 | Q50: 0 | R50: 0 | S50: 0 | T50: 0.16927022 | U50: 0.33854045 | V50: 0.50781067 | W50: 0.6770809 | X50: 0.84635112 | Y50: 0.89562135 | Z50: 0.95489157 | AA50: 1.0041618 | AB50: 1.063432 | AC50: 1.1127022 | AD50: =A50&B50 -> YKYOUT3_06_01_PR24
A51: YKY | B51: OUT4_20_D_PR24 | C51: Underlying calculations for common performance commitments - water and combined - Biodiversity - Water supply area | D51: km2 | E51: Price Review 2024 | F51: 27883.64 | G51: 27883.64 | H51: 27883.64 | I51: 27883.64 | J51: 27883.64 | K51: 27883.64 | L51: 27883.64 | M51: 27883.64 | N51: 27883.64 | O51: 27883.64 | P51: 27883.64 | Q51: 27883.64 | R51: 27883.64 | S51: 27883.64 | T51: 27883.64 | U51: 27883.64 | V51: 27883.64 | W51: 27883.64 | X51: 27883.64 | Y51: 27883.64 | Z51: 27883.64 | AA51: 27883.64 | AB51: 27883.64 | AC51: 27883.64 | AD51: =A51&B51 -> YKYOUT4_20_D_PR24
A52: AFW | B52: OUT4_20_PR24 | C52: Underlying calculations for common performance commitments - water and combined - Biodiversity - Total biodiversity units for area of land served (per 100km2) | D52: Number | E52: Price Review 2024 | F52: 0 | G52: 0 | H52: 0 | I52: 0 | J52: 0 | K52: 0 | L52: 0 | M52: 0 | N52: 0 | O52: 0 | P52: 0 | Q52: 0 | R52: 0 | S52: 0 | T52: 0 | U52: 0 | V52: 0 | W52: 0.08 | X52: 0.73 | Y52: 0.73 | Z52: 0.73 | AA52: 0.73 | AB52: 0.73 | AC52: 0.73 | AD52: =A52&B52 -> AFWOUT4_20_PR24
A53: AFW | B53: OUT2_06_PR24 | C53: Outcome performance from base expenditure - Common PCs - Biodiversity | D53: Number | E53: Price Review 2024 | U53: 0 | V53: 0 | W53: 0 | X53: 0 | Y53: 0 | Z53: 0 | AA53: 0 | AB53: 0 | AC53: 0 | AD53: =A53&B53 -> AFWOUT2_06_PR24
A54: AFW | B54: OUT3_06_01_PR24 | C54: Outcome performance from enhancement expenditure - Common PCs - Biodiversity - Variance between the overall performance (OUT1) and the performance trend delivered | D54: Number | E54: Price Review 2024 | Q54: 0 | R54: 0 | S54: 0 | T54: 0 | U54: 0 | V54: 0 | W54: 0.08 | X54: 0.73 | Y54: 0.73 | Z54: 0.73 | AA54: 0.73 | AB54: 0.73 | AC54: 0.73 | AD54: =A54&B54 -> AFWOUT3_06_01_PR24
A55: AFW | B55: OUT4_20_D_PR24 | C55: Underlying calculations for common performance commitments - water and combined - Biodiversity - Water supply area | D55: km2 | E55: Price Review 2024 | F55: 4515 | G55: 4515 | H55: 4515 | I55: 4515 | J55: 4515 | K55: 4515 | L55: 4515 | M55: 4515 | N55: 4515 | O55: 4515 | P55: 4515 | Q55: 4515 | R55: 4515 | S55: 4515 | T55: 4515 | U55: 4515 | V55: 4515 | W55: 4515 | X55: 4515 | Y55: 4515 | Z55: 4515 | AA55: 4515 | AB55: 4515 | AC55: 4515 | AD55: =A55&B55 -> AFWOUT4_20_D_PR24
A56: BRL | B56: OUT4_20_PR24 | C56: Underlying calculations for common performance commitments - water and combined - Biodiversity - Total biodiversity units for area of land served (per 100km2) | D56: Number | E56: Price Review 2024 | F56: 0 | G56: 0 | H56: 0 | I56: 0 | J56: 0 | K56: 0 | L56: 0 | M56: 0 | N56: 0 | O56: 0 | P56: 0 | Q56: 0 | R56: 0 | S56: 0 | T56: 0 | U56: 0 | V56: 0 | W56: 0 | X56: 2.1164268 | Y56: 0 | Z56: 0 | AA56: 0 | AB56: 0 | AC56: 2.1235979 | AD56: =A56&B56 -> BRLOUT4_20_PR24
A57: BRL | B57: OUT2_06_PR24 | C57: Outcome performance from base expenditure - Common PCs - Biodiversity | D57: Number | E57: Price Review 2024 | F57: 0 | G57: 0 | H57: 0 | I57: 0 | J57: 0 | K57: 0 | L57: 0 | M57: 0 | N57: 0 | O57: 0 | P57: 0 | Q57: 0 | R57: 0 | S57: 0 | T57: 0 | U57: 0 | V57: 0 | W57: 0 | X57: 2.1164268 | Y57: 0 | Z57: 0 | AA57: 0 | AB57: 0 | AC57: 2.1235979 | AD57: =A57&B57 -> BRLOUT2_06_PR24
A58: BRL | B58: OUT3_06_01_PR24 | C58: Outcome performance from enhancement expenditure - Common PCs - Biodiversity - Variance between the overall performance (OUT1) and the performance trend delivered | D58: Number | E58: Price Review 2024 | Q58: 0 | R58: 0 | S58: 0 | T58: 0 | U58: 0 | V58: 0 | W58: 0 | X58: 0 | Y58: 0 | Z58: 0 | AA58: 0 | AB58: 0 | AC58: 0 | AD58: =A58&B58 -> BRLOUT3_06_01_PR24
A59: BRL | B59: OUT4_20_D_PR24 | C59: Underlying calculations for common performance commitments - water and combined - Biodiversity - Water supply area | D59: km2 | E59: Price Review 2024 | F59: 2371 | G59: 2371 | H59: 2371 | I59: 2371 | J59: 2371 | K59: 2371 | L59: 2371 | M59: 2371 | N59: 2371 | O59: 2362 | P59: 2362 | Q59: 2362 | R59: 2362 | S59: 2362 | T59: 2362 | U59: 2362 | V59: 2362 | W59: 2362 | X59: 2362 | Y59: 2362.5 | Z59: 2362.5 | AA59: 2362.5 | AB59: 2362.5 | AC59: 2362.5 | AD59: =A59&B59 -> BRLOUT4_20_D_PR24
A60: PRT | B60: OUT4_20_PR24 | C60: Underlying calculations for common performance commitments - water and combined - Biodiversity - Total biodiversity units for area of land served (per 100km2) | D60: Number | E60: Price Review 2024 | F60: 0 | G60: 0 | H60: 0 | I60: 0 | J60: 0 | K60: 0 | L60: 0 | M60: 0 | N60: 0 | O60: 0 | P60: 0 | Q60: 0 | R60: 0 | S60: 0 | T60: 0 | U60: 0.27314815 | V60: 0.61574074 | W60: 0.61574074 | X60: 0.61574074 | Y60: 0.61574074 | Z60: 0.61574074 | AA60: 0.61574074 | AB60: 0.61574074 | AC60: 0.61574074 | AD60: =A60&B60 -> PRTOUT4_20_PR24
A61: PRT | B61: OUT2_06_PR24 | C61: Outcome performance from base expenditure - Common PCs - Biodiversity | D61: Number | E61: Price Review 2024 | Q61: 0 | R61: 0 | S61: 0 | T61: 0 | U61: 0.27314815 | V61: 0.61574074 | W61: 0.61574074 | X61: 0.61574074 | Y61: 0.61574074 | Z61: 0.61574074 | AA61: 0.61574074 | AB61: 0.61574074 | AC61: 0.61574074 | AD61: =A61&B61 -> PRTOUT2_06_PR24
A62: PRT | B62: OUT3_06_01_PR24 | C62: Outcome performance from enhancement expenditure - Common PCs - Biodiversity - Variance between the overall performance (OUT1) and the performance trend delivered | D62: Number | E62: Price Review 2024 | Q62: 0 | R62: 0 | S62: 0 | T62: 0 | U62: 0 | V62: 0 | W62: 0 | X62: 0 | Y62: 0 | Z62: 0 | AA62: 0 | AB62: 0 | AC62: 0 | AD62: =A62&B62 -> PRTOUT3_06_01_PR24
A63: PRT | B63: OUT4_20_D_PR24 | C63: Underlying calculations for common performance commitments - water and combined - Biodiversity - Water supply area | D63: km2 | E63: Price Review 2024 | F63: 864 | G63: 864 | H63: 864 | I63: 864 | J63: 864 | K63: 864 | L63: 864 | M63: 864 | N63: 864 | O63: 864 | P63: 864 | Q63: 864 | R63: 864 | S63: 864 | T63: 864 | U63: 864 | V63: 864 | W63: 864 | X63: 864 | Y63: 864 | Z63: 864 | AA63: 864 | AB63: 864 | AC63: 864 | AD63: =A63&B63 -> PRTOUT4_20_D_PR24
A64: SEW | B64: OUT4_20_PR24 | C64: Underlying calculations for common performance commitments - water and combined - Biodiversity - Total biodiversity units for area of land served (per 100km2) | D64: Number | E64: Price Review 2024 | F64: 0 | G64: 0 | H64: 0 | I64: 0 | J64: 0 | K64: 0 | L64: 0 | M64: 0 | N64: 0 | O64: 0 | P64: 0 | Q64: 0 | R64: 0 | S64: 0 | T64: 0 | U64: 0 | V64: 0 | W64: 0 | X64: 0 | Y64: 0 | Z64: 0 | AA64: 0 | AB64: 0 | AC64: 0 | AD64: =A64&B64 -> SEWOUT4_20_PR24
A65: SEW | B65: OUT2_06_PR24 | C65: Outcome performance from base expenditure - Common PCs - Biodiversity | D65: Number | E65: Price Review 2024 | F65: 0 | G65: 0 | H65: 0 | I65: 0 | J65: 0 | K65: 0 | L65: 0 | M65: 0 | N65: 0 | O65: 0 | P65: 0 | Q65: 0 | R65: 0 | S65: 0 | T65: 0 | U65: 0 | V65: 0 | W65: 0 | X65: 0 | Y65: 0 | Z65: 0 | AA65: 0 | AB65: 0 | AC65: 0 | AD65: =A65&B65 -> SEWOUT2_06_PR24
A66: SEW | B66: OUT3_06_01_PR24 | C66: Outcome performance from enhancement expenditure - Common PCs - Biodiversity - Variance between the overall performance (OUT1) and the performance trend delivered | D66: Number | E66: Price Review 2024 | Q66: 0 | R66: 0 | S66: 0 | T66: 0 | U66: 0 | V66: 0 | W66: 0 | X66: 0 | Y66: 0 | Z66: 0 | AA66: 0 | AB66: 0 | AC66: 0 | AD66: =A66&B66 -> SEWOUT3_06_01_PR24
A67: SEW | B67: OUT4_20_D_PR24 | C67: Underlying calculations for common performance commitments - water and combined - Biodiversity - Water supply area | D67: km2 | E67: Price Review 2024 | F67: 5576.8336 | G67: 5576.8336 | H67: 5576.8336 | I67: 5576.8336 | J67: 5576.8336 | K67: 5576.8336 | L67: 5576.8336 | M67: 5576.8336 | N67: 5576.8336 | O67: 5576.8336 | P67: 5576.8336 | Q67: 5576.8336 | R67: 5576.8336 | S67: 5576.8336 | T67: 5576.8336 | U67: 5576.8336 | V67: 5576.8336 | W67: 5576.8336 | X67: 5576.8336 | Y67: 5576.8336 | Z67: 5576.8336 | AA67: 5576.8336 | AB67: 5576.8336 | AC67: 5576.8336 | AD67: =A67&B67 -> SEWOUT4_20_D_PR24
A68: SSC | B68: OUT4_20_PR24 | C68: Underlying calculations for common performance commitments - water and combined - Biodiversity - Total biodiversity units for area of land served (per 100km2) | D68: Number | E68: Price Review 2024 | Q68: 0 | R68: 0 | S68: 0 | T68: 0 | U68: 0 | V68: 0 | W68: 0.69199102 | X68: 1.1059132 | Y68: 0 | Z68: 0 | AA68: 0 | AB68: 0 | AC68: 0 | AD68: =A68&B68 -> SSCOUT4_20_PR24
A69: SSC | B69: OUT2_06_PR24 | C69: Outcome performance from base expenditure - Common PCs - Biodiversity | D69: Number | E69: Price Review 2024 | P69: 0 | Q69: 0 | R69: 0 | S69: 0 | T69: 0 | U69: 0 | V69: 0 | W69: 0.43 | X69: 0.69 | Y69: 0 | Z69: 0 | AA69: 0 | AB69: 0 | AC69: 0 | AD69: =A69&B69 -> SSCOUT2_06_PR24
A70: SSC | B70: OUT3_06_01_PR24 | C70: Outcome performance from enhancement expenditure - Common PCs - Biodiversity - Variance between the overall performance (OUT1) and the performance trend delivered | D70: Number | E70: Price Review 2024 | Q70: 0 | R70: 0 | S70: 0 | T70: 0 | U70: 0 | V70: 0 | W70: 0.26199102 | X70: 0.41591317 | Y70: 0 | Z70: 0 | AA70: 0 | AB70: 0 | AC70: 0 | AD70: =A70&B70 -> SSCOUT3_06_01_PR24
A71: SSC | B71: OUT4_20_D_PR24 | C71: Underlying calculations for common performance commitments - water and combined - Biodiversity - Water supply area | D71: km2 | E71: Price Review 2024 | F71: 0 | G71: 0 | H71: 0 | I71: 0 | J71: 0 | K71: 0 | L71: 0 | M71: 0 | N71: 0 | O71: 0 | P71: 0 | Q71: 2672 | R71: 2672 | S71: 2672 | T71: 2672 | U71: 2672 | V71: 2672 | W71: 2672 | X71: 2672 | Y71: 2672 | Z71: 2672 | AA71: 2672 | AB71: 2672 | AC71: 2672 | AD71: =A71&B71 -> SSCOUT4_20_D_PR24
A72: SES | B72: OUT4_20_PR24 | C72: Underlying calculations for common performance commitments - water and combined - Biodiversity - Total biodiversity units for area of land served (per 100km2) | D72: Number | E72: Price Review 2024 | F72: 0 | G72: 0 | H72: 0 | I72: 0 | J72: 0 | K72: 0 | L72: 0 | M72: 0 | N72: 0 | O72: 0 | P72: 0 | Q72: 0 | R72: 0 | S72: 0 | T72: 0 | U72: 0 | V72: 0 | W72: 2.0554674 | X72: 3.0085318 | Y72: 3.0085318 | Z72: 3.3761958 | AA72: 3.5794699 | AB72: 3.6106076 | AC72: 3.6106076 | AD72: =A72&B72 -> SESOUT4_20_PR24
A73: SES | B73: OUT2_06_PR24 | C73: Outcome performance from base expenditure - Common PCs - Biodiversity | D73: Number | E73: Price Review 2024 | T73: 0 | U73: 0 | V73: 0 | W73: 1.6443739 | X73: 2.4068255 | Y73: 2.4068255 | Z73: 2.7009566 | AA73: 2.8635759 | AB73: 2.8884861 | AC73: 2.8884861 | AD73: =A73&B73 -> SESOUT2_06_PR24
A74: SES | B74: OUT3_06_01_PR24 | C74: Outcome performance from enhancement expenditure - Common PCs - Biodiversity - Variance between the overall performance (OUT1) and the performance trend delivered | D74: Number | E74: Price Review 2024 | Q74: 0 | R74: 0 | S74: 0 | T74: 0 | U74: 0 | V74: 0 | W74: 0.41109347 | X74: 0.60170637 | Y74: 0.60170637 | Z74: 0.67523915 | AA74: 0.71589397 | AB74: 0.72212152 | AC74: 0.72212152 | AD74: =A74&B74 -> SESOUT3_06_01_PR24
A75: SES | B75: OUT4_20_D_PR24 | C75: Underlying calculations for common performance commitments - water and combined - Biodiversity - Water supply area | D75: km2 | E75: Price Review 2024 | F75: 835 | G75: 835 | H75: 835 | I75: 835 | J75: 835 | K75: 835 | L75: 835 | M75: 835 | N75: 835 | O75: 835 | P75: 835 | Q75: 835 | R75: 835 | S75: 835 | T75: 835 | U75: 835 | V75: 835 | W75: 835 | X75: 835 | Y75: 835 | Z75: 835 | AA75: 835 | AB75: 835 | AC75: 835 | AD75: =A75&B75 -> SESOUT4_20_D_PR24
A76: ANH | B76: OUT4_20_B_PR24 | C76: Underlying calculations for common performance commitments - water and combined - Biodiversity - Total actual biodiversity units | D76: Number | E76: Price Review 2024 | F76: 0 | G76: 0 | H76: 0 | I76: 0 | J76: 0 | K76: 0 | L76: 0 | M76: 0 | N76: 0 | O76: 0 | P76: 0 | Q76: 0 | R76: 204.89 | S76: 204.89 | T76: 204.89 | U76: 204.89 | V76: 226.67 | W76: 226.67 | X76: 226.67 | Y76: 226.67 | Z76: 257.9 | AA76: 257.9 | AB76: 257.9 | AC76: 257.9 | AD76: =A76&B76 -> ANHOUT4_20_B_PR24
A77: WSH | B77: OUT4_20_B_PR24 | C77: Underlying calculations for common performance commitments - water and combined - Biodiversity - Total actual biodiversity units | D77: Number | E77: Price Review 2024 | F77: 0 | G77: 0 | H77: 0 | I77: 0 | J77: 0 | K77: 0 | L77: 0 | M77: 0 | N77: 0 | O77: 0 | P77: 0 | Q77: 0 | R77: 0 | S77: 0 | T77: 0 | U77: 0 | V77: 0 | W77: 0 | X77: 300 | Y77: 300 | Z77: 300 | AA77: 300 | AB77: 600 | AC77: 600 | AD77: =A77&B77 -> WSHOUT4_20_B_PR24
A78: ENG | B78: OUT4_20_B_PR24 | C78: Underlying calculations for common performance commitments - water and combined - Biodiversity - Total actual biodiversity units | D78: Number | E78: Price Review 2024 | AD78: =A78&B78 -> ENGOUT4_20_B_PR24
A79: HDD | B79: OUT4_20_B_PR24 | C79: Underlying calculations for common performance commitments - water and combined - Biodiversity - Total actual biodiversity units | D79: Number | E79: Price Review 2024 | F79: 0 | G79: 0 | H79: 0 | I79: 0 | J79: 0 | K79: 0 | L79: 0 | M79: 0 | N79: 0 | O79: 0 | P79: 751.91638 | Q79: 6198.3164 | R79: 10485.516 | S79: 14643.916 | T79: 22781.741 | U79: 22781.741 | V79: 22781.741 | W79: 22781.741 | X79: 22781.741 | Y79: 23077.124 | Z79: 23303.344 | AA79: 23522.768 | AB79: 23948.024 | AC79: 24235.411 | AD79: =A79&B79 -> HDDOUT4_20_B_PR24
A80: SVH | B80: OUT4_20_B_PR24 | C80: Underlying calculations for common performance commitments - water and combined - Biodiversity - Total actual biodiversity units | D80: Number | E80: Price Review 2024 | AD80: =A80&B80 -> SVHOUT4_20_B_PR24
A81: IND | B81: OUT4_20_B_PR24 | C81: Underlying calculations for common performance commitments - water and combined - Biodiversity - Total actual biodiversity units | D81: Number | E81: Price Review 2024 | AD81: =A81&B81 -> INDOUT4_20_B_PR24
A82: NNE | B82: OUT4_20_B_PR24 | C82: Underlying calculations for common performance commitments - water and combined - Biodiversity - Total actual biodiversity units | D82: Number | E82: Price Review 2024 | AD82: =A82&B82 -> NNEOUT4_20_B_PR24
A83: NES | B83: OUT4_20_B_PR24 | C83: Underlying calculations for common performance commitments - water and combined - Biodiversity - Total actual biodiversity units | D83: Number | E83: Price Review 2024 | F83: 0 | G83: 0 | H83: 0 | I83: 0 | J83: 0 | K83: 0 | L83: 0 | M83: 0 | N83: 65292.67 | O83: 65292.67 | P83: 65292.67 | Q83: 65292.67 | R83: 65292.67 | S83: 65292.67 | T83: 65292.67 | U83: 65292.67 | V83: 65292.67 | W83: 65302.67 | X83: 65322.67 | Y83: 65322.67 | Z83: 65322.67 | AA83: 65331.67 | AB83: 65406.97 | AC83: 65406.97 | AD83: =A83&B83 -> NESOUT4_20_B_PR24
A84: SVE | B84: OUT4_20_B_PR24 | C84: Underlying calculations for common performance commitments - water and combined - Biodiversity - Total actual biodiversity units | D84: Number | E84: Price Review 2024 | F84: 0 | G84: 0 | H84: 0 | I84: 0 | J84: 0 | K84: 0 | L84: 0 | M84: 0 | N84: 0 | O84: 0 | P84: 2699.7967 | Q84: 2699.7967 | R84: 2699.7967 | S84: 2699.7967 | T84: 2699.7967 | U84: 2699.7967 | V84: 2699.7967 | W84: 2699.7967 | X84: 3427.57 | Y84: 3427.57 | Z84: 3427.57 | AA84: 3427.57 | AB84: 3427.57 | AC84: 3427.57 | AD84: =A84&B84 -> SVEOUT4_20_B_PR24
A85: SVT | B85: OUT4_20_B_PR24 | C85: Underlying calculations for common performance commitments - water and combined - Biodiversity - Total actual biodiversity units | D85: Number | E85: Price Review 2024 | AD85: =A85&B85 -> SVTOUT4_20_B_PR24
A86: SWB | B86: OUT4_20_B_PR24 | C86: Underlying calculations for common performance commitments - water and combined - Biodiversity - Total actual biodiversity units | D86: Number | E86: Price Review 2024 | F86: 0 | G86: 0 | H86: 0 | I86: 0 | J86: 0 | K86: 0 | L86: 0 | M86: 0 | N86: 0 | O86: 0 | P86: 0 | Q86: 0 | R86: 0 | S86: 0 | T86: 1477.6 | U86: 1477.6 | V86: 1477.6 | W86: 1477.6 | X86: 1778.74 | Y86: 2014.26 | Z86: 2190.9 | AA86: 2426.42 | AB86: 2838.58 | AC86: 5264.52 | AD86: =A86&B86 -> SWBOUT4_20_B_PR24
A87: SWT | B87: OUT4_20_B_PR24 | C87: Underlying calculations for common performance commitments - water and combined - Biodiversity - Total actual biodiversity units | D87: Number | E87: Price Review 2024 | AD87: =A87&B87 -> SWTOUT4_20_B_PR24
A88: SBB | B88: OUT4_20_B_PR24 | C88: Underlying calculations for common performance commitments - water and combined - Biodiversity - Total actual biodiversity units | D88: Number | E88: Price Review 2024 | F88: 0 | G88: 0 | H88: 0 | I88: 0 | J88: 0 | K88: 0 | L88: 0 | M88: 0 | N88: 0 | O88: 0 | P88: 0 | Q88: 0 | R88: 0 | S88: 0 | T88: 0 | U88: 0 | V88: 0 | W88: 0 | X88: 0 | Y88: 0 | Z88: 0 | AA88: 0 | AB88: 0 | AC88: 0 | AD88: =A88&B88 -> SBBOUT4_20_B_PR24
A89: SRN | B89: OUT4_20_B_PR24 | C89: Underlying calculations for common performance commitments - water and combined - Biodiversity - Total actual biodiversity units | D89: Number | E89: Price Review 2024 | F89: 0 | G89: 0 | H89: 0 | I89: 0 | J89: 0 | K89: 0 | L89: 0 | M89: 0 | N89: 0 | O89: 0 | P89: 0 | Q89: 0 | R89: 0 | S89: 0 | T89: 0 | U89: 0 | V89: 0 | W89: 0 | X89: 376.51 | Y89: 1942.18 | Z89: 4414.52 | AA89: 6070.64 | AB89: 6888.46 | AC89: 7587.23 | AD89: =A89&B89 -> SRNOUT4_20_B_PR24
A90: TMS | B90: OUT4_20_B_PR24 | C90: Underlying calculations for common performance commitments - water and combined - Biodiversity - Total actual biodiversity units | D90: Number | E90: Price Review 2024 | F90: 0 | G90: 0 | H90: 0 | I90: 0 | J90: 0 | K90: 0 | L90: 0 | M90: 0 | N90: 0 | O90: 0 | P90: 0 | Q90: 0 | R90: 0 | S90: 0 | T90: 0 | U90: 0 | V90: 0 | W90: 567.01 | X90: 757.67 | Y90: 879.07 | Z90: 879.07 | AA90: 879.07 | AB90: 879.07 | AC90: 879.07 | AD90: =A90&B90 -> TMSOUT4_20_B_PR24
A91: NWT | B91: OUT4_20_B_PR24 | C91: Underlying calculations for common performance commitments - water and combined - Biodiversity - Total actual biodiversity units | D91: Number | E91: Price Review 2024 | F91: 0 | G91: 0 | H91: 0 | I91: 0 | J91: 0 | K91: 0 | L91: 0 | M91: 0 | N91: 0 | O91: 0 | P91: 0 | Q91: 0 | R91: 0 | S91: 0 | T91: 0 | U91: 0 | V91: 0 | W91: 23.61 | X91: 215.45 | Y91: 306.07 | Z91: 540.16 | AA91: 559.68 | AB91: 651.29 | AC91: 916.43 | AD91: =A91&B91 -> NWTOUT4_20_B_PR24
A92: WASC | B92: OUT4_20_B_PR24 | C92: Underlying calculations for common performance commitments - water and combined - Biodiversity - Total actual biodiversity units | D92: Number | E92: Price Review 2024 | AD92: =A92&B92 -> WASCOUT4_20_B_PR24
A93: WAL | B93: OUT4_20_B_PR24 | C93: Underlying calculations for common performance commitments - water and combined - Biodiversity - Total actual biodiversity units | D93: Number | E93: Price Review 2024 | AD93: =A93&B93 -> WALOUT4_20_B_PR24
A94: WSX | B94: OUT4_20_B_PR24 | C94: Underlying calculations for common performance commitments - water and combined - Biodiversity - Total actual biodiversity units | D94: Number | E94: Price Review 2024 | F94: 0 | G94: 0 | H94: 0 | I94: 0 | J94: 0 | K94: 0 | L94: 0 | M94: 0 | N94: 0 | O94: 0 | P94: 0 | Q94: 0 | R94: 0 | S94: 0 | T94: 2620.4491 | U94: 2620.4491 | V94: 2620.4491 | W94: 2620.4491 | X94: 2649.9259 | Y94: 2649.9259 | Z94: 2649.9259 | AA94: 2649.9259 | AB94: 2665.8136 | AC94: 2665.8136 | AD94: =A94&B94 -> WSXOUT4_20_B_PR24
A95: YKY | B95: OUT4_20_B_PR24 | C95: Underlying calculations for common performance commitments - water and combined - Biodiversity - Total actual biodiversity units | D95: Number | E95: Price Review 2024 | F95: 0 | G95: 0 | H95: 0 | I95: 0 | J95: 0 | K95: 0 | L95: 0 | M95: 0 | N95: 0 | O95: 0 | P95: 0 | Q95: 0 | R95: 0 | S95: 0 | T95: 47.1987 | U95: 94.3974 | V95: 141.5961 | W95: 188.7948 | X95: 235.9935 | Y95: 283.1922 | Z95: 330.3909 | AA95: 377.5896 | AB95: 424.7883 | AC95: 471.987 | AD95: =A95&B95 -> YKYOUT4_20_B_PR24
A96: AFW | B96: OUT4_20_B_PR24 | C96: Underlying calculations for common performance commitments - water and combined - Biodiversity - Total actual biodiversity units | D96: Number | E96: Price Review 2024 | F96: 0 | G96: 0 | H96: 0 | I96: 0 | J96: 0 | K96: 0 | L96: 0 | M96: 0 | N96: 0 | O96: 0 | P96: 0 | Q96: 0 | R96: 0 | S96: 0 | T96: 0 | U96: 0 | V96: 0 | W96: 3.612 | X96: 32.9595 | Y96: 32.9595 | Z96: 32.9595 | AA96: 32.9595 | AB96: 32.9595 | AC96: 32.9595 | AD96: =A96&B96 -> AFWOUT4_20_B_PR24
A97: BWH | B97: OUT4_20_B_PR24 | C97: Underlying calculations for common performance commitments - water and combined - Biodiversity - Total actual biodiversity units | D97: Number | E97: Price Review 2024 | AD97: =A97&B97 -> BWHOUT4_20_B_PR24
A98: BRL | B98: OUT4_20_B_PR24 | C98: Underlying calculations for common performance commitments - water and combined - Biodiversity - Total actual biodiversity units | D98: Number | E98: Price Review 2024 | F98: 0 | G98: 0 | H98: 0 | I98: 0 | J98: 0 | K98: 0 | L98: 0 | M98: 0 | N98: 0 | O98: 0 | P98: 0 | Q98: 0 | R98: 0 | S98: 0 | T98: 15858.2 | U98: 15858.2 | V98: 15858.2 | W98: 15858.2 | X98: 15908.19 | Y98: 15908.19 | Z98: 15908.19 | AA98: 15908.19 | AB98: 15908.19 | AC98: 15958.36 | AD98: =A98&B98 -> BRLOUT4_20_B_PR24
A99: CAM | B99: OUT4_20_B_PR24 | C99: Underlying calculations for common performance commitments - water and combined - Biodiversity - Total actual biodiversity units | D99: Number | E99: Price Review 2024 | AD99: =A99&B99 -> CAMOUT4_20_B_PR24
A100: DVW | B100: OUT4_20_B_PR24 | C100: Underlying calculations for common performance commitments - water and combined - Biodiversity - Total actual biodiversity units | D100: Number | E100: Price Review 2024 | AD100: =A100&B100 -> DVWOUT4_20_B_PR24
A101: ESK | B101: OUT4_20_B_PR24 | C101: Underlying calculations for common performance commitments - water and combined - Biodiversity - Total actual biodiversity units | D101: Number | E101: Price Review 2024 | AD101: =A101&B101 -> ESKOUT4_20_B_PR24
...

Sheet F_Inputs_Formatted
B4: Company | C4: Company name | D4: Region | E4: Company/Region | F4: WoC/WaSC | G4: Underlying calc | H4: Boncode | I4: Unique identifier | J4: Performance from | K4: Company DD view / Ofwat DD view | L4: PC code | M4: Measurement | N4: Units | O4: DP | P4: 2011-12 | Q4: 2012-13 | R4: 2013-14 | S4: 2014-15 | T4: 2015-16 | U4: 2016-17 | V4: 2017-18 | W4: 2018-19 | X4: 2019-20 | Y4: 2020-21 | Z4: 2021-22 | AA4: 2022-23 | AB4: 2023-24 | AC4: 2024-25 | AD4: 2025-26 | AE4: 2026-27 | AF4: 2027-28 | AG4: 2028-29 | AH4: 2029-30
B5: ANH | C5: =_xlfn.XLOOKUP($B5,FD_Lists!$B$4:$B$25,FD_Lists!C$4:C$25) -> Anglian Water | D5: =_xlfn.XLOOKUP($B5,FD_Lists!$B$4:$B$25,FD_Lists!D$4:D$25) -> England | E5: =_xlfn.XLOOKUP($B5,FD_Lists!$B$4:$B$25,FD_Lists!E$4:E$25) -> Company | F5: =_xlfn.XLOOKUP($B5,FD_Lists!$B$4:$B$25,FD_Lists!F$4:F$25) -> WaSC | G5: PCL units | H5: OUT4_20_PR24 | I5: =B5&H5 -> ANHOUT4_20_PR24 | J5: Totex | K5: Company view | L5: BIO | M5: =_xlfn.XLOOKUP($H5,F_Inputs!$B:$B,F_Inputs!C:C) -> Underlying calculations for common performance commitments - water and combined - Biodiversity - Total biodiversity units for area of land served (per 100km2) | N5: =_xlfn.XLOOKUP($H5,F_Inputs!$B:$B,F_Inputs!D:D) -> Number | O5: 2 | P5: =IFERROR(ROUND(INDEX(F_Inputs!$A$4:$AD$75,MATCH(F_Inputs_Formatted!$I5,F_Inputs!$AD$4:$AD$75,0),MATCH(F_Inputs_Formatted!P$4,F_Inputs!$A$4:$AD$4,0)),$O5),"##BLANK") -> ##BLANK | Q5: =IFERROR(ROUND(INDEX(F_Inputs!$A$4:$AD$75,MATCH(F_Inputs_Formatted!$I5,F_Inputs!$AD$4:$AD$75,0),MATCH(F_Inputs_Formatted!Q$4,F_Inputs!$A$4:$AD$4,0)),$O5),"##BLANK") -> ##BLANK | R5: =IFERROR(ROUND(INDEX(F_Inputs!$A$4:$AD$75,MATCH(F_Inputs_Formatted!$I5,F_Inputs!$AD$4:$AD$75,0),MATCH(F_Inputs_Formatted!R$4,F_Inputs!$A$4:$AD$4,0)),$O5),"##BLANK") -> ##BLANK | S5: =IFERROR(ROUND(INDEX(F_Inputs!$A$4:$AD$75,MATCH(F_Inputs_Formatted!$I5,F_Inputs!$AD$4:$AD$75,0),MATCH(F_Inputs_Formatted!S$4,F_Inputs!$A$4:$AD$4,0)),$O5),"##BLANK") -> ##BLANK | T5: =IFERROR(ROUND(INDEX(F_Inputs!$A$4:$AD$75,MATCH(F_Inputs_Formatted!$I5,F_Inputs!$AD$4:$AD$75,0),MATCH(F_Inputs_Formatted!T$4,F_Inputs!$A$4:$AD$4,0)),$O5),"##BLANK") -> ##BLANK | U5: =IFERROR(ROUND(INDEX(F_Inputs!$A$4:$AD$75,MATCH(F_Inputs_Formatted!$I5,F_Inputs!$AD$4:$AD$75,0),MATCH(F_Inputs_Formatted!U$4,F_Inputs!$A$4:$AD$4,0)),$O5),"##BLANK") -> ##BLANK | V5: =IFERROR(ROUND(INDEX(F_Inputs!$A$4:$AD$75,MATCH(F_Inputs_Formatted!$I5,F_Inputs!$AD$4:$AD$75,0),MATCH(F_Inputs_Formatted!V$4,F_Inputs!$A$4:$AD$4,0)),$O5),"##BLANK") -> ##BLANK | W5: =IFERROR(ROUND(INDEX(F_Inputs!$A$4:$AD$75,MATCH(F_Inputs_Formatted!$I5,F_Inputs!$AD$4:$AD$75,0),MATCH(F_Inputs_Formatted!W$4,F_Inputs!$A$4:$AD$4,0)),$O5),"##BLANK") -> ##BLANK | ... AH5: =IFERROR(ROUND(INDEX(F_Inputs!$A$4:$AD$75,MATCH(F_Inputs_Formatted!$I5,F_Inputs!$AD$4:$AD$75,0),MATCH(F_Inputs_Formatted!AH$4,F_Inputs!$A$4:$AD$4,0)),$O5),"##BLANK") -> 0.08
B6: WSH | C6: =_xlfn.XLOOKUP($B6,FD_Lists!$B$4:$B$25,FD_Lists!C$4:C$25) -> Dŵr Cymru | D6: =_xlfn.XLOOKUP($B6,FD_Lists!$B$4:$B$25,FD_Lists!D$4:D$25) -> Wales | E6: =_xlfn.XLOOKUP($B6,FD_Lists!$B$4:$B$25,FD_Lists!E$4:E$25) -> Company | F6: =_xlfn.XLOOKUP($B6,FD_Lists!$B$4:$B$25,FD_Lists!F$4:F$25) -> WaSC | G6: PCL units | H6: OUT4_20_PR24 | I6: =B6&H6 -> WSHOUT4_20_PR24 | J6: Totex | K6: Company view | L6: BIO | M6: =_xlfn.XLOOKUP($H6,F_Inputs!$B:$B,F_Inputs!C:C) -> Underlying calculations for common performance commitments - water and combined - Biodiversity - Total biodiversity units for area of land served (per 100km2) | N6: =_xlfn.XLOOKUP($H6,F_Inputs!$B:$B,F_Inputs!D:D) -> Number | O6: 2 | P6: =IFERROR(ROUND(INDEX(F_Inputs!$A$4:$AD$75,MATCH(F_Inputs_Formatted!$I6,F_Inputs!$AD$4:$AD$75,0),MATCH(F_Inputs_Formatted!P$4,F_Inputs!$A$4:$AD$4,0)),$O6),"##BLANK") -> 0 | Q6: =IFERROR(ROUND(INDEX(F_Inputs!$A$4:$AD$75,MATCH(F_Inputs_Formatted!$I6,F_Inputs!$AD$4:$AD$75,0),MATCH(F_Inputs_Formatted!Q$4,F_Inputs!$A$4:$AD$4,0)),$O6),"##BLANK") -> 0 | R6: =IFERROR(ROUND(INDEX(F_Inputs!$A$4:$AD$75,MATCH(F_Inputs_Formatted!$I6,F_Inputs!$AD$4:$AD$75,0),MATCH(F_Inputs_Formatted!R$4,F_Inputs!$A$4:$AD$4,0)),$O6),"##BLANK") -> 0 | S6: =IFERROR(ROUND(INDEX(F_Inputs!$A$4:$AD$75,MATCH(F_Inputs_Formatted!$I6,F_Inputs!$AD$4:$AD$75,0),MATCH(F_Inputs_Formatted!S$4,F_Inputs!$A$4:$AD$4,0)),$O6),"##BLANK") -> 0 | T6: =IFERROR(ROUND(INDEX(F_Inputs!$A$4:$AD$75,MATCH(F_Inputs_Formatted!$I6,F_Inputs!$AD$4:$AD$75,0),MATCH(F_Inputs_Formatted!T$4,F_Inputs!$A$4:$AD$4,0)),$O6),"##BLANK") -> 0 | U6: =IFERROR(ROUND(INDEX(F_Inputs!$A$4:$AD$75,MATCH(F_Inputs_Formatted!$I6,F_Inputs!$AD$4:$AD$75,0),MATCH(F_Inputs_Formatted!U$4,F_Inputs!$A$4:$AD$4,0)),$O6),"##BLANK") -> 0 | V6: =IFERROR(ROUND(INDEX(F_Inputs!$A$4:$AD$75,MATCH(F_Inputs_Formatted!$I6,F_Inputs!$AD$4:$AD$75,0),MATCH(F_Inputs_Formatted!V$4,F_Inputs!$A$4:$AD$4,0)),$O6),"##BLANK") -> 0 | W6: =IFERROR(ROUND(INDEX(F_Inputs!$A$4:$AD$75,MATCH(F_Inputs_Formatted!$I6,F_Inputs!$AD$4:$AD$75,0),MATCH(F_Inputs_Formatted!W$4,F_Inputs!$A$4:$AD$4,0)),$O6),"##BLANK") -> 0 | ... AH6: =IFERROR(ROUND(INDEX(F_Inputs!$A$4:$AD$75,MATCH(F_Inputs_Formatted!$I6,F_Inputs!$AD$4:$AD$75,0),MATCH(F_Inputs_Formatted!AH$4,F_Inputs!$A$4:$AD$4,0)),$O6),"##BLANK") -> 0.73
B7: HDD | C7: =_xlfn.XLOOKUP($B7,FD_Lists!$B$4:$B$25,FD_Lists!C$4:C$25) -> Hafren Dyfrdwy | D7: =_xlfn.XLOOKUP($B7,FD_Lists!$B$4:$B$25,FD_Lists!D$4:D$25) -> Wales | E7: =_xlfn.XLOOKUP($B7,FD_Lists!$B$4:$B$25,FD_Lists!E$4:E$25) -> Company | F7: =_xlfn.XLOOKUP($B7,FD_Lists!$B$4:$B$25,FD_Lists!F$4:F$25) -> WaSC | G7: PCL units | H7: OUT4_20_PR24 | I7: =B7&H7 -> HDDOUT4_20_PR24 | J7: Totex | K7: Company view | L7: BIO | M7: =_xlfn.XLOOKUP($H7,F_Inputs!$B:$B,F_Inputs!C:C) -> Underlying calculations for common performance commitments - water and combined - Biodiversity - Total biodiversity units for area of land served (per 100km2) | N7: =_xlfn.XLOOKUP($H7,F_Inputs!$B:$B,F_Inputs!D:D) -> Number | O7: 2 | P7: =IFERROR(ROUND(INDEX(F_Inputs!$A$4:$AD$75,MATCH(F_Inputs_Formatted!$I7,F_Inputs!$AD$4:$AD$75,0),MATCH(F_Inputs_Formatted!P$4,F_Inputs!$A$4:$AD$4,0)),$O7),"##BLANK") -> ##BLANK | Q7: =IFERROR(ROUND(INDEX(F_Inputs!$A$4:$AD$75,MATCH(F_Inputs_Formatted!$I7,F_Inputs!$AD$4:$AD$75,0),MATCH(F_Inputs_Formatted!Q$4,F_Inputs!$A$4:$AD$4,0)),$O7),"##BLANK") -> ##BLANK | R7: =IFERROR(ROUND(INDEX(F_Inputs!$A$4:$AD$75,MATCH(F_Inputs_Formatted!$I7,F_Inputs!$AD$4:$AD$75,0),MATCH(F_Inputs_Formatted!R$4,F_Inputs!$A$4:$AD$4,0)),$O7),"##BLANK") -> ##BLANK | S7: =IFERROR(ROUND(INDEX(F_Inputs!$A$4:$AD$75,MATCH(F_Inputs_Formatted!$I7,F_Inputs!$AD$4:$AD$75,0),MATCH(F_Inputs_Formatted!S$4,F_Inputs!$A$4:$AD$4,0)),$O7),"##BLANK") -> ##BLANK | T7: =IFERROR(ROUND(INDEX(F_Inputs!$A$4:$AD$75,MATCH(F_Inputs_Formatted!$I7,F_Inputs!$AD$4:$AD$75,0),MATCH(F_Inputs_Formatted!T$4,F_Inputs!$A$4:$AD$4,0)),$O7),"##BLANK") -> ##BLANK | U7: =IFERROR(ROUND(INDEX(F_Inputs!$A$4:$AD$75,MATCH(F_Inputs_Formatted!$I7,F_Inputs!$AD$4:$AD$75,0),MATCH(F_Inputs_Formatted!U$4,F_Inputs!$A$4:$AD$4,0)),$O7),"##BLANK") -> ##BLANK | V7: =IFERROR(ROUND(INDEX(F_Inputs!$A$4:$AD$75,MATCH(F_Inputs_Formatted!$I7,F_Inputs!$AD$4:$AD$75,0),MATCH(F_Inputs_Formatted!V$4,F_Inputs!$A$4:$AD$4,0)),$O7),"##BLANK") -> ##BLANK | W7: =IFERROR(ROUND(INDEX(F_Inputs!$A$4:$AD$75,MATCH(F_Inputs_Formatted!$I7,F_Inputs!$AD$4:$AD$75,0),MATCH(F_Inputs_Formatted!W$4,F_Inputs!$A$4:$AD$4,0)),$O7),"##BLANK") -> ##BLANK | ... AH7: =IFERROR(ROUND(INDEX(F_Inputs!$A$4:$AD$75,MATCH(F_Inputs_Formatted!$I7,F_Inputs!$AD$4:$AD$75,0),MATCH(F_Inputs_Formatted!AH$4,F_Inputs!$A$4:$AD$4,0)),$O7),"##BLANK") -> 2.74
B8: NES | C8: =_xlfn.XLOOKUP($B8,FD_Lists!$B$4:$B$25,FD_Lists!C$4:C$25) -> Northumbrian Water | D8: =_xlfn.XLOOKUP($B8,FD_Lists!$B$4:$B$25,FD_Lists!D$4:D$25) -> England | E8: =_xlfn.XLOOKUP($B8,FD_Lists!$B$4:$B$25,FD_Lists!E$4:E$25) -> Company | F8: =_xlfn.XLOOKUP($B8,FD_Lists!$B$4:$B$25,FD_Lists!F$4:F$25) -> WaSC | G8: PCL units | H8: OUT4_20_PR24 | I8: =B8&H8 -> NESOUT4_20_PR24 | J8: Totex | K8: Company view | L8: BIO | M8: =_xlfn.XLOOKUP($H8,F_Inputs!$B:$B,F_Inputs!C:C) -> Underlying calculations for common performance commitments - water and combined - Biodiversity - Total biodiversity units for area of land served (per 100km2) | N8: =_xlfn.XLOOKUP($H8,F_Inputs!$B:$B,F_Inputs!D:D) -> Number | O8: 2 | P8: =IFERROR(ROUND(INDEX(F_Inputs!$A$4:$AD$75,MATCH(F_Inputs_Formatted!$I8,F_Inputs!$AD$4:$AD$75,0),MATCH(F_Inputs_Formatted!P$4,F_Inputs!$A$4:$AD$4,0)),$O8),"##BLANK") -> 0 | Q8: =IFERROR(ROUND(INDEX(F_Inputs!$A$4:$AD$75,MATCH(F_Inputs_Formatted!$I8,F_Inputs!$AD$4:$AD$75,0),MATCH(F_Inputs_Formatted!Q$4,F_Inputs!$A$4:$AD$4,0)),$O8),"##BLANK") -> 0 | R8: =IFERROR(ROUND(INDEX(F_Inputs!$A$4:$AD$75,MATCH(F_Inputs_Formatted!$I8,F_Inputs!$AD$4:$AD$75,0),MATCH(F_Inputs_Formatted!R$4,F_Inputs!$A$4:$AD$4,0)),$O8),"##BLANK") -> 0 | S8: =IFERROR(ROUND(INDEX(F_Inputs!$A$4:$AD$75,MATCH(F_Inputs_Formatted!$I8,F_Inputs!$AD$4:$AD$75,0),MATCH(F_Inputs_Formatted!S$4,F_Inputs!$A$4:$AD$4,0)),$O8),"##BLANK") -> 0 | T8: =IFERROR(ROUND(INDEX(F_Inputs!$A$4:$AD$75,MATCH(F_Inputs_Formatted!$I8,F_Inputs!$AD$4:$AD$75,0),MATCH(F_Inputs_Formatted!T$4,F_Inputs!$A$4:$AD$4,0)),$O8),"##BLANK") -> 0 | U8: =IFERROR(ROUND(INDEX(F_Inputs!$A$4:$AD$75,MATCH(F_Inputs_Formatted!$I8,F_Inputs!$AD$4:$AD$75,0),MATCH(F_Inputs_Formatted!U$4,F_Inputs!$A$4:$AD$4,0)),$O8),"##BLANK") -> 0 | V8: =IFERROR(ROUND(INDEX(F_Inputs!$A$4:$AD$75,MATCH(F_Inputs_Formatted!$I8,F_Inputs!$AD$4:$AD$75,0),MATCH(F_Inputs_Formatted!V$4,F_Inputs!$A$4:$AD$4,0)),$O8),"##BLANK") -> 0 | W8: =IFERROR(ROUND(INDEX(F_Inputs!$A$4:$AD$75,MATCH(F_Inputs_Formatted!$I8,F_Inputs!$AD$4:$AD$75,0),MATCH(F_Inputs_Formatted!W$4,F_Inputs!$A$4:$AD$4,0)),$O8),"##BLANK") -> 0 | ... AH8: =IFERROR(ROUND(INDEX(F_Inputs!$A$4:$AD$75,MATCH(F_Inputs_Formatted!$I8,F_Inputs!$AD$4:$AD$75,0),MATCH(F_Inputs_Formatted!AH$4,F_Inputs!$A$4:$AD$4,0)),$O8),"##BLANK") -> 0.23
B9: SVE | C9: =_xlfn.XLOOKUP($B9,FD_Lists!$B$4:$B$25,FD_Lists!C$4:C$25) -> Severn Trent Water | D9: =_xlfn.XLOOKUP($B9,FD_Lists!$B$4:$B$25,FD_Lists!D$4:D$25) -> England | E9: =_xlfn.XLOOKUP($B9,FD_Lists!$B$4:$B$25,FD_Lists!E$4:E$25) -> Company | F9: =_xlfn.XLOOKUP($B9,FD_Lists!$B$4:$B$25,FD_Lists!F$4:F$25) -> WaSC | G9: PCL units | H9: OUT4_20_PR24 | I9: =B9&H9 -> SVEOUT4_20_PR24 | J9: Totex | K9: Company view | L9: BIO | M9: =_xlfn.XLOOKUP($H9,F_Inputs!$B:$B,F_Inputs!C:C) -> Underlying calculations for common performance commitments - water and combined - Biodiversity - Total biodiversity units for area of land served (per 100km2) | N9: =_xlfn.XLOOKUP($H9,F_Inputs!$B:$B,F_Inputs!D:D) -> Number | O9: 2 | P9: =IFERROR(ROUND(INDEX(F_Inputs!$A$4:$AD$75,MATCH(F_Inputs_Formatted!$I9,F_Inputs!$AD$4:$AD$75,0),MATCH(F_Inputs_Formatted!P$4,F_Inputs!$A$4:$AD$4,0)),$O9),"##BLANK") -> ##BLANK | Q9: =IFERROR(ROUND(INDEX(F_Inputs!$A$4:$AD$75,MATCH(F_Inputs_Formatted!$I9,F_Inputs!$AD$4:$AD$75,0),MATCH(F_Inputs_Formatted!Q$4,F_Inputs!$A$4:$AD$4,0)),$O9),"##BLANK") -> ##BLANK | R9: =IFERROR(ROUND(INDEX(F_Inputs!$A$4:$AD$75,MATCH(F_Inputs_Formatted!$I9,F_Inputs!$AD$4:$AD$75,0),MATCH(F_Inputs_Formatted!R$4,F_Inputs!$A$4:$AD$4,0)),$O9),"##BLANK") -> ##BLANK | S9: =IFERROR(ROUND(INDEX(F_Inputs!$A$4:$AD$75,MATCH(F_Inputs_Formatted!$I9,F_Inputs!$AD$4:$AD$75,0),MATCH(F_Inputs_Formatted!S$4,F_Inputs!$A$4:$AD$4,0)),$O9),"##BLANK") -> ##BLANK | T9: =IFERROR(ROUND(INDEX(F_Inputs!$A$4:$AD$75,MATCH(F_Inputs_Formatted!$I9,F_Inputs!$AD$4:$AD$75,0),MATCH(F_Inputs_Formatted!T$4,F_Inputs!$A$4:$AD$4,0)),$O9),"##BLANK") -> ##BLANK | U9: =IFERROR(ROUND(INDEX(F_Inputs!$A$4:$AD$75,MATCH(F_Inputs_Formatted!$I9,F_Inputs!$AD$4:$AD$75,0),MATCH(F_Inputs_Formatted!U$4,F_Inputs!$A$4:$AD$4,0)),$O9),"##BLANK") -> ##BLANK | V9: =IFERROR(ROUND(INDEX(F_Inputs!$A$4:$AD$75,MATCH(F_Inputs_Formatted!$I9,F_Inputs!$AD$4:$AD$75,0),MATCH(F_Inputs_Formatted!V$4,F_Inputs!$A$4:$AD$4,0)),$O9),"##BLANK") -> ##BLANK | W9: =IFERROR(ROUND(INDEX(F_Inputs!$A$4:$AD$75,MATCH(F_Inputs_Formatted!$I9,F_Inputs!$AD$4:$AD$75,0),MATCH(F_Inputs_Formatted!W$4,F_Inputs!$A$4:$AD$4,0)),$O9),"##BLANK") -> ##BLANK | ... AH9: =IFERROR(ROUND(INDEX(F_Inputs!$A$4:$AD$75,MATCH(F_Inputs_Formatted!$I9,F_Inputs!$AD$4:$AD$75,0),MATCH(F_Inputs_Formatted!AH$4,F_Inputs!$A$4:$AD$4,0)),$O9),"##BLANK") -> 3.59
B10: SRN | C10: =_xlfn.XLOOKUP($B10,FD_Lists!$B$4:$B$25,FD_Lists!C$4:C$25) -> Southern Water | D10: =_xlfn.XLOOKUP($B10,FD_Lists!$B$4:$B$25,FD_Lists!D$4:D$25) -> England | E10: =_xlfn.XLOOKUP($B10,FD_Lists!$B$4:$B$25,FD_Lists!E$4:E$25) -> Company | F10: =_xlfn.XLOOKUP($B10,FD_Lists!$B$4:$B$25,FD_Lists!F$4:F$25) -> WaSC | G10: PCL units | H10: OUT4_20_PR24 | I10: =B10&H10 -> SRNOUT4_20_PR24 | J10: Totex | K10: Company view | L10: BIO | M10: =_xlfn.XLOOKUP($H10,F_Inputs!$B:$B,F_Inputs!C:C) -> Underlying calculations for common performance commitments - water and combined - Biodiversity - Total biodiversity units for area of land served (per 100km2) | N10: =_xlfn.XLOOKUP($H10,F_Inputs!$B:$B,F_Inputs!D:D) -> Number | O10: 2 | P10: =IFERROR(ROUND(INDEX(F_Inputs!$A$4:$AD$75,MATCH(F_Inputs_Formatted!$I10,F_Inputs!$AD$4:$AD$75,0),MATCH(F_Inputs_Formatted!P$4,F_Inputs!$A$4:$AD$4,0)),$O10),"##BLANK") -> 0 | Q10: =IFERROR(ROUND(INDEX(F_Inputs!$A$4:$AD$75,MATCH(F_Inputs_Formatted!$I10,F_Inputs!$AD$4:$AD$75,0),MATCH(F_Inputs_Formatted!Q$4,F_Inputs!$A$4:$AD$4,0)),$O10),"##BLANK") -> 0 | R10: =IFERROR(ROUND(INDEX(F_Inputs!$A$4:$AD$75,MATCH(F_Inputs_Formatted!$I10,F_Inputs!$AD$4:$AD$75,0),MATCH(F_Inputs_Formatted!R$4,F_Inputs!$A$4:$AD$4,0)),$O10),"##BLANK") -> 0 | S10: =IFERROR(ROUND(INDEX(F_Inputs!$A$4:$AD$75,MATCH(F_Inputs_Formatted!$I10,F_Inputs!$AD$4:$AD$75,0),MATCH(F_Inputs_Formatted!S$4,F_Inputs!$A$4:$AD$4,0)),$O10),"##BLANK") -> 0 | T10: =IFERROR(ROUND(INDEX(F_Inputs!$A$4:$AD$75,MATCH(F_Inputs_Formatted!$I10,F_Inputs!$AD$4:$AD$75,0),MATCH(F_Inputs_Formatted!T$4,F_Inputs!$A$4:$AD$4,0)),$O10),"##BLANK") -> 0 | U10: =IFERROR(ROUND(INDEX(F_Inputs!$A$4:$AD$75,MATCH(F_Inputs_Formatted!$I10,F_Inputs!$AD$4:$AD$75,0),MATCH(F_Inputs_Formatted!U$4,F_Inputs!$A$4:$AD$4,0)),$O10),"##BLANK") -> 0 | V10: =IFERROR(ROUND(INDEX(F_Inputs!$A$4:$AD$75,MATCH(F_Inputs_Formatted!$I10,F_Inputs!$AD$4:$AD$75,0),MATCH(F_Inputs_Formatted!V$4,F_Inputs!$A$4:$AD$4,0)),$O10),"##BLANK") -> 0 | W10: =IFERROR(ROUND(INDEX(F_Inputs!$A$4:$AD$75,MATCH(F_Inputs_Formatted!$I10,F_Inputs!$AD$4:$AD$75,0),MATCH(F_Inputs_Formatted!W$4,F_Inputs!$A$4:$AD$4,0)),$O10),"##BLANK") -> 0 | ... AH10: =IFERROR(ROUND(INDEX(F_Inputs!$A$4:$AD$75,MATCH(F_Inputs_Formatted!$I10,F_Inputs!$AD$4:$AD$75,0),MATCH(F_Inputs_Formatted!AH$4,F_Inputs!$A$4:$AD$4,0)),$O10),"##BLANK") -> 0
B11: TMS | C11: =_xlfn.XLOOKUP($B11,FD_Lists!$B$4:$B$25,FD_Lists!C$4:C$25) -> Thames Water | D11: =_xlfn.XLOOKUP($B11,FD_Lists!$B$4:$B$25,FD_Lists!D$4:D$25) -> England | E11: =_xlfn.XLOOKUP($B11,FD_Lists!$B$4:$B$25,FD_Lists!E$4:E$25) -> Company | F11: =_xlfn.XLOOKUP($B11,FD_Lists!$B$4:$B$25,FD_Lists!F$4:F$25) -> WaSC | G11: PCL units | H11: OUT4_20_PR24 | I11: =B11&H11 -> TMSOUT4_20_PR24 | J11: Totex | K11: Company view | L11: BIO | M11: =_xlfn.XLOOKUP($H11,F_Inputs!$B:$B,F_Inputs!C:C) -> Underlying calculations for common performance commitments - water and combined - Biodiversity - Total biodiversity units for area of land served (per 100km2) | N11: =_xlfn.XLOOKUP($H11,F_Inputs!$B:$B,F_Inputs!D:D) -> Number | O11: 2 | P11: =IFERROR(ROUND(INDEX(F_Inputs!$A$4:$AD$75,MATCH(F_Inputs_Formatted!$I11,F_Inputs!$AD$4:$AD$75,0),MATCH(F_Inputs_Formatted!P$4,F_Inputs!$A$4:$AD$4,0)),$O11),"##BLANK") -> ##BLANK | Q11: =IFERROR(ROUND(INDEX(F_Inputs!$A$4:$AD$75,MATCH(F_Inputs_Formatted!$I11,F_Inputs!$AD$4:$AD$75,0),MATCH(F_Inputs_Formatted!Q$4,F_Inputs!$A$4:$AD$4,0)),$O11),"##BLANK") -> ##BLANK | R11: =IFERROR(ROUND(INDEX(F_Inputs!$A$4:$AD$75,MATCH(F_Inputs_Formatted!$I11,F_Inputs!$AD$4:$AD$75,0),MATCH(F_Inputs_Formatted!R$4,F_Inputs!$A$4:$AD$4,0)),$O11),"##BLANK") -> ##BLANK | S11: =IFERROR(ROUND(INDEX(F_Inputs!$A$4:$AD$75,MATCH(F_Inputs_Formatted!$I11,F_Inputs!$AD$4:$AD$75,0),MATCH(F_Inputs_Formatted!S$4,F_Inputs!$A$4:$AD$4,0)),$O11),"##BLANK") -> ##BLANK | T11: =IFERROR(ROUND(INDEX(F_Inputs!$A$4:$AD$75,MATCH(F_Inputs_Formatted!$I11,F_Inputs!$AD$4:$AD$75,0),MATCH(F_Inputs_Formatted!T$4,F_Inputs!$A$4:$AD$4,0)),$O11),"##BLANK") -> ##BLANK | U11: =IFERROR(ROUND(INDEX(F_Inputs!$A$4:$AD$75,MATCH(F_Inputs_Formatted!$I11,F_Inputs!$AD$4:$AD$75,0),MATCH(F_Inputs_Formatted!U$4,F_Inputs!$A$4:$AD$4,0)),$O11),"##BLANK") -> ##BLANK | V11: =IFERROR(ROUND(INDEX(F_Inputs!$A$4:$AD$75,MATCH(F_Inputs_Formatted!$I11,F_Inputs!$AD$4:$AD$75,0),MATCH(F_Inputs_Formatted!V$4,F_Inputs!$A$4:$AD$4,0)),$O11),"##BLANK") -> ##BLANK | W11: =IFERROR(ROUND(INDEX(F_Inputs!$A$4:$AD$75,MATCH(F_Inputs_Formatted!$I11,F_Inputs!$AD$4:$AD$75,0),MATCH(F_Inputs_Formatted!W$4,F_Inputs!$A$4:$AD$4,0)),$O11),"##BLANK") -> ##BLANK | ... AH11: =IFERROR(ROUND(INDEX(F_Inputs!$A$4:$AD$75,MATCH(F_Inputs_Formatted!$I11,F_Inputs!$AD$4:$AD$75,0),MATCH(F_Inputs_Formatted!AH$4,F_Inputs!$A$4:$AD$4,0)),$O11),"##BLANK") -> 0.44
A12: UUW | B12: NWT | C12: =_xlfn.XLOOKUP($B12,FD_Lists!$B$4:$B$25,FD_Lists!C$4:C$25) -> United Utilities | D12: =_xlfn.XLOOKUP($B12,FD_Lists!$B$4:$B$25,FD_Lists!D$4:D$25) -> England | E12: =_xlfn.XLOOKUP($B12,FD_Lists!$B$4:$B$25,FD_Lists!E$4:E$25) -> Company | F12: =_xlfn.XLOOKUP($B12,FD_Lists!$B$4:$B$25,FD_Lists!F$4:F$25) -> WaSC | G12: PCL units | H12: OUT4_20_PR24 | I12: =B12&H12 -> NWTOUT4_20_PR24 | J12: Totex | K12: Company view | L12: BIO | M12: =_xlfn.XLOOKUP($H12,F_Inputs!$B:$B,F_Inputs!C:C) -> Underlying calculations for common performance commitments - water and combined - Biodiversity - Total biodiversity units for area of land served (per 100km2) | N12: =_xlfn.XLOOKUP($H12,F_Inputs!$B:$B,F_Inputs!D:D) -> Number | O12: 2 | P12: =IFERROR(ROUND(INDEX(F_Inputs!$A$4:$AD$75,MATCH(F_Inputs_Formatted!$I12,F_Inputs!$AD$4:$AD$75,0),MATCH(F_Inputs_Formatted!P$4,F_Inputs!$A$4:$AD$4,0)),$O12),"##BLANK") -> 0 | Q12: =IFERROR(ROUND(INDEX(F_Inputs!$A$4:$AD$75,MATCH(F_Inputs_Formatted!$I12,F_Inputs!$AD$4:$AD$75,0),MATCH(F_Inputs_Formatted!Q$4,F_Inputs!$A$4:$AD$4,0)),$O12),"##BLANK") -> 0 | R12: =IFERROR(ROUND(INDEX(F_Inputs!$A$4:$AD$75,MATCH(F_Inputs_Formatted!$I12,F_Inputs!$AD$4:$AD$75,0),MATCH(F_Inputs_Formatted!R$4,F_Inputs!$A$4:$AD$4,0)),$O12),"##BLANK") -> 0 | S12: =IFERROR(ROUND(INDEX(F_Inputs!$A$4:$AD$75,MATCH(F_Inputs_Formatted!$I12,F_Inputs!$AD$4:$AD$75,0),MATCH(F_Inputs_Formatted!S$4,F_Inputs!$A$4:$AD$4,0)),$O12),"##BLANK") -> 0 | T12: =IFERROR(ROUND(INDEX(F_Inputs!$A$4:$AD$75,MATCH(F_Inputs_Formatted!$I12,F_Inputs!$AD$4:$AD$75,0),MATCH(F_Inputs_Formatted!T$4,F_Inputs!$A$4:$AD$4,0)),$O12),"##BLANK") -> 0 | U12: =IFERROR(ROUND(INDEX(F_Inputs!$A$4:$AD$75,MATCH(F_Inputs_Formatted!$I12,F_Inputs!$AD$4:$AD$75,0),MATCH(F_Inputs_Formatted!U$4,F_Inputs!$A$4:$AD$4,0)),$O12),"##BLANK") -> 0 | V12: =IFERROR(ROUND(INDEX(F_Inputs!$A$4:$AD$75,MATCH(F_Inputs_Formatted!$I12,F_Inputs!$AD$4:$AD$75,0),MATCH(F_Inputs_Formatted!V$4,F_Inputs!$A$4:$AD$4,0)),$O12),"##BLANK") -> 0 | W12: =IFERROR(ROUND(INDEX(F_Inputs!$A$4:$AD$75,MATCH(F_Inputs_Formatted!$I12,F_Inputs!$AD$4:$AD$75,0),MATCH(F_Inputs_Formatted!W$4,F_Inputs!$A$4:$AD$4,0)),$O12),"##BLANK") -> 0 | ... AH12: =IFERROR(ROUND(INDEX(F_Inputs!$A$4:$AD$75,MATCH(F_Inputs_Formatted!$I12,F_Inputs!$AD$4:$AD$75,0),MATCH(F_Inputs_Formatted!AH$4,F_Inputs!$A$4:$AD$4,0)),$O12),"##BLANK") -> 0.73
B13: WSX | C13: =_xlfn.XLOOKUP($B13,FD_Lists!$B$4:$B$25,FD_Lists!C$4:C$25) -> Wessex Water | D13: =_xlfn.XLOOKUP($B13,FD_Lists!$B$4:$B$25,FD_Lists!D$4:D$25) -> England | E13: =_xlfn.XLOOKUP($B13,FD_Lists!$B$4:$B$25,FD_Lists!E$4:E$25) -> Company | F13: =_xlfn.XLOOKUP($B13,FD_Lists!$B$4:$B$25,FD_Lists!F$4:F$25) -> WaSC | G13: PCL units | H13: OUT4_20_PR24 | I13: =B13&H13 -> WSXOUT4_20_PR24 | J13: Totex | K13: Company view | L13: BIO | M13: =_xlfn.XLOOKUP($H13,F_Inputs!$B:$B,F_Inputs!C:C) -> Underlying calculations for common performance commitments - water and combined - Biodiversity - Total biodiversity units for area of land served (per 100km2) | N13: =_xlfn.XLOOKUP($H13,F_Inputs!$B:$B,F_Inputs!D:D) -> Number | O13: 2 | P13: =IFERROR(ROUND(INDEX(F_Inputs!$A$4:$AD$75,MATCH(F_Inputs_Formatted!$I13,F_Inputs!$AD$4:$AD$75,0),MATCH(F_Inputs_Formatted!P$4,F_Inputs!$A$4:$AD$4,0)),$O13),"##BLANK") -> 0 | Q13: =IFERROR(ROUND(INDEX(F_Inputs!$A$4:$AD$75,MATCH(F_Inputs_Formatted!$I13,F_Inputs!$AD$4:$AD$75,0),MATCH(F_Inputs_Formatted!Q$4,F_Inputs!$A$4:$AD$4,0)),$O13),"##BLANK") -> 0 | R13: =IFERROR(ROUND(INDEX(F_Inputs!$A$4:$AD$75,MATCH(F_Inputs_Formatted!$I13,F_Inputs!$AD$4:$AD$75,0),MATCH(F_Inputs_Formatted!R$4,F_Inputs!$A$4:$AD$4,0)),$O13),"##BLANK") -> 0 | S13: =IFERROR(ROUND(INDEX(F_Inputs!$A$4:$AD$75,MATCH(F_Inputs_Formatted!$I13,F_Inputs!$AD$4:$AD$75,0),MATCH(F_Inputs_Formatted!S$4,F_Inputs!$A$4:$AD$4,0)),$O13),"##BLANK") -> 0 | T13: =IFERROR(ROUND(INDEX(F_Inputs!$A$4:$AD$75,MATCH(F_Inputs_Formatted!$I13,F_Inputs!$AD$4:$AD$75,0),MATCH(F_Inputs_Formatted!T$4,F_Inputs!$A$4:$AD$4,0)),$O13),"##BLANK") -> 0 | U13: =IFERROR(ROUND(INDEX(F_Inputs!$A$4:$AD$75,MATCH(F_Inputs_Formatted!$I13,F_Inputs!$AD$4:$AD$75,0),MATCH(F_Inputs_Formatted!U$4,F_Inputs!$A$4:$AD$4,0)),$O13),"##BLANK") -> 0 | V13: =IFERROR(ROUND(INDEX(F_Inputs!$A$4:$AD$75,MATCH(F_Inputs_Formatted!$I13,F_Inputs!$AD$4:$AD$75,0),MATCH(F_Inputs_Formatted!V$4,F_Inputs!$A$4:$AD$4,0)),$O13),"##BLANK") -> 0 | W13: =IFERROR(ROUND(INDEX(F_Inputs!$A$4:$AD$75,MATCH(F_Inputs_Formatted!$I13,F_Inputs!$AD$4:$AD$75,0),MATCH(F_Inputs_Formatted!W$4,F_Inputs!$A$4:$AD$4,0)),$O13),"##BLANK") -> 0 | ... AH13: =IFERROR(ROUND(INDEX(F_Inputs!$A$4:$AD$75,MATCH(F_Inputs_Formatted!$I13,F_Inputs!$AD$4:$AD$75,0),MATCH(F_Inputs_Formatted!AH$4,F_Inputs!$A$4:$AD$4,0)),$O13),"##BLANK") -> 0.17
B14: YKY | C14: =_xlfn.XLOOKUP($B14,FD_Lists!$B$4:$B$25,FD_Lists!C$4:C$25) -> Yorkshire Water | D14: =_xlfn.XLOOKUP($B14,FD_Lists!$B$4:$B$25,FD_Lists!D$4:D$25) -> England | E14: =_xlfn.XLOOKUP($B14,FD_Lists!$B$4:$B$25,FD_Lists!E$4:E$25) -> Company | F14: =_xlfn.XLOOKUP($B14,FD_Lists!$B$4:$B$25,FD_Lists!F$4:F$25) -> WaSC | G14: PCL units | H14: OUT4_20_PR24 | I14: =B14&H14 -> YKYOUT4_20_PR24 | J14: Totex | K14: Company view | L14: BIO | M14: =_xlfn.XLOOKUP($H14,F_Inputs!$B:$B,F_Inputs!C:C) -> Underlying calculations for common performance commitments - water and combined - Biodiversity - Total biodiversity units for area of land served (per 100km2) | N14: =_xlfn.XLOOKUP($H14,F_Inputs!$B:$B,F_Inputs!D:D) -> Number | O14: 2 | P14: =IFERROR(ROUND(INDEX(F_Inputs!$A$4:$AD$75,MATCH(F_Inputs_Formatted!$I14,F_Inputs!$AD$4:$AD$75,0),MATCH(F_Inputs_Formatted!P$4,F_Inputs!$A$4:$AD$4,0)),$O14),"##BLANK") -> 0 | Q14: =IFERROR(ROUND(INDEX(F_Inputs!$A$4:$AD$75,MATCH(F_Inputs_Formatted!$I14,F_Inputs!$AD$4:$AD$75,0),MATCH(F_Inputs_Formatted!Q$4,F_Inputs!$A$4:$AD$4,0)),$O14),"##BLANK") -> 0 | R14: =IFERROR(ROUND(INDEX(F_Inputs!$A$4:$AD$75,MATCH(F_Inputs_Formatted!$I14,F_Inputs!$AD$4:$AD$75,0),MATCH(F_Inputs_Formatted!R$4,F_Inputs!$A$4:$AD$4,0)),$O14),"##BLANK") -> 0 | S14: =IFERROR(ROUND(INDEX(F_Inputs!$A$4:$AD$75,MATCH(F_Inputs_Formatted!$I14,F_Inputs!$AD$4:$AD$75,0),MATCH(F_Inputs_Formatted!S$4,F_Inputs!$A$4:$AD$4,0)),$O14),"##BLANK") -> 0 | T14: =IFERROR(ROUND(INDEX(F_Inputs!$A$4:$AD$75,MATCH(F_Inputs_Formatted!$I14,F_Inputs!$AD$4:$AD$75,0),MATCH(F_Inputs_Formatted!T$4,F_Inputs!$A$4:$AD$4,0)),$O14),"##BLANK") -> 0 | U14: =IFERROR(ROUND(INDEX(F_Inputs!$A$4:$AD$75,MATCH(F_Inputs_Formatted!$I14,F_Inputs!$AD$4:$AD$75,0),MATCH(F_Inputs_Formatted!U$4,F_Inputs!$A$4:$AD$4,0)),$O14),"##BLANK") -> 0 | V14: =IFERROR(ROUND(INDEX(F_Inputs!$A$4:$AD$75,MATCH(F_Inputs_Formatted!$I14,F_Inputs!$AD$4:$AD$75,0),MATCH(F_Inputs_Formatted!V$4,F_Inputs!$A$4:$AD$4,0)),$O14),"##BLANK") -> 0 | W14: =IFERROR(ROUND(INDEX(F_Inputs!$A$4:$AD$75,MATCH(F_Inputs_Formatted!$I14,F_Inputs!$AD$4:$AD$75,0),MATCH(F_Inputs_Formatted!W$4,F_Inputs!$A$4:$AD$4,0)),$O14),"##BLANK") -> 0 | ... AH14: =IFERROR(ROUND(INDEX(F_Inputs!$A$4:$AD$75,MATCH(F_Inputs_Formatted!$I14,F_Inputs!$AD$4:$AD$75,0),MATCH(F_Inputs_Formatted!AH$4,F_Inputs!$A$4:$AD$4,0)),$O14),"##BLANK") -> 0.85
B15: AFW | C15: =_xlfn.XLOOKUP($B15,FD_Lists!$B$4:$B$25,FD_Lists!C$4:C$25) -> Affinity Water | D15: =_xlfn.XLOOKUP($B15,FD_Lists!$B$4:$B$25,FD_Lists!D$4:D$25) -> England | E15: =_xlfn.XLOOKUP($B15,FD_Lists!$B$4:$B$25,FD_Lists!E$4:E$25) -> Company | F15: =_xlfn.XLOOKUP($B15,FD_Lists!$B$4:$B$25,FD_Lists!F$4:F$25) -> WoC | G15: PCL units | H15: OUT4_20_PR24 | I15: =B15&H15 -> AFWOUT4_20_PR24 | J15: Totex | K15: Company view | L15: BIO | M15: =_xlfn.XLOOKUP($H15,F_Inputs!$B:$B,F_Inputs!C:C) -> Underlying calculations for common performance commitments - water and combined - Biodiversity - Total biodiversity units for area of land served (per 100km2) | N15: =_xlfn.XLOOKUP($H15,F_Inputs!$B:$B,F_Inputs!D:D) -> Number | O15: 2 | P15: =IFERROR(ROUND(INDEX(F_Inputs!$A$4:$AD$75,MATCH(F_Inputs_Formatted!$I15,F_Inputs!$AD$4:$AD$75,0),MATCH(F_Inputs_Formatted!P$4,F_Inputs!$A$4:$AD$4,0)),$O15),"##BLANK") -> 0 | Q15: =IFERROR(ROUND(INDEX(F_Inputs!$A$4:$AD$75,MATCH(F_Inputs_Formatted!$I15,F_Inputs!$AD$4:$AD$75,0),MATCH(F_Inputs_Formatted!Q$4,F_Inputs!$A$4:$AD$4,0)),$O15),"##BLANK") -> 0 | R15: =IFERROR(ROUND(INDEX(F_Inputs!$A$4:$AD$75,MATCH(F_Inputs_Formatted!$I15,F_Inputs!$AD$4:$AD$75,0),MATCH(F_Inputs_Formatted!R$4,F_Inputs!$A$4:$AD$4,0)),$O15),"##BLANK") -> 0 | S15: =IFERROR(ROUND(INDEX(F_Inputs!$A$4:$AD$75,MATCH(F_Inputs_Formatted!$I15,F_Inputs!$AD$4:$AD$75,0),MATCH(F_Inputs_Formatted!S$4,F_Inputs!$A$4:$AD$4,0)),$O15),"##BLANK") -> 0 | T15: =IFERROR(ROUND(INDEX(F_Inputs!$A$4:$AD$75,MATCH(F_Inputs_Formatted!$I15,F_Inputs!$AD$4:$AD$75,0),MATCH(F_Inputs_Formatted!T$4,F_Inputs!$A$4:$AD$4,0)),$O15),"##BLANK") -> 0 | U15: =IFERROR(ROUND(INDEX(F_Inputs!$A$4:$AD$75,MATCH(F_Inputs_Formatted!$I15,F_Inputs!$AD$4:$AD$75,0),MATCH(F_Inputs_Formatted!U$4,F_Inputs!$A$4:$AD$4,0)),$O15),"##BLANK") -> 0 | V15: =IFERROR(ROUND(INDEX(F_Inputs!$A$4:$AD$75,MATCH(F_Inputs_Formatted!$I15,F_Inputs!$AD$4:$AD$75,0),MATCH(F_Inputs_Formatted!V$4,F_Inputs!$A$4:$AD$4,0)),$O15),"##BLANK") -> 0 | W15: =IFERROR(ROUND(INDEX(F_Inputs!$A$4:$AD$75,MATCH(F_Inputs_Formatted!$I15,F_Inputs!$AD$4:$AD$75,0),MATCH(F_Inputs_Formatted!W$4,F_Inputs!$A$4:$AD$4,0)),$O15),"##BLANK") -> 0 | ... AH15: =IFERROR(ROUND(INDEX(F_Inputs!$A$4:$AD$75,MATCH(F_Inputs_Formatted!$I15,F_Inputs!$AD$4:$AD$75,0),MATCH(F_Inputs_Formatted!AH$4,F_Inputs!$A$4:$AD$4,0)),$O15),"##BLANK") -> 0.73
B16: PRT | C16: =_xlfn.XLOOKUP($B16,FD_Lists!$B$4:$B$25,FD_Lists!C$4:C$25) -> Portsmouth Water | D16: =_xlfn.XLOOKUP($B16,FD_Lists!$B$4:$B$25,FD_Lists!D$4:D$25) -> England | E16: =_xlfn.XLOOKUP($B16,FD_Lists!$B$4:$B$25,FD_Lists!E$4:E$25) -> Company | F16: =_xlfn.XLOOKUP($B16,FD_Lists!$B$4:$B$25,FD_Lists!F$4:F$25) -> WoC | G16: PCL units | H16: OUT4_20_PR24 | I16: =B16&H16 -> PRTOUT4_20_PR24 | J16: Totex | K16: Company view | L16: BIO | M16: =_xlfn.XLOOKUP($H16,F_Inputs!$B:$B,F_Inputs!C:C) -> Underlying calculations for common performance commitments - water and combined - Biodiversity - Total biodiversity units for area of land served (per 100km2) | N16: =_xlfn.XLOOKUP($H16,F_Inputs!$B:$B,F_Inputs!D:D) -> Number | O16: 2 | P16: =IFERROR(ROUND(INDEX(F_Inputs!$A$4:$AD$75,MATCH(F_Inputs_Formatted!$I16,F_Inputs!$AD$4:$AD$75,0),MATCH(F_Inputs_Formatted!P$4,F_Inputs!$A$4:$AD$4,0)),$O16),"##BLANK") -> 0 | Q16: =IFERROR(ROUND(INDEX(F_Inputs!$A$4:$AD$75,MATCH(F_Inputs_Formatted!$I16,F_Inputs!$AD$4:$AD$75,0),MATCH(F_Inputs_Formatted!Q$4,F_Inputs!$A$4:$AD$4,0)),$O16),"##BLANK") -> 0 | R16: =IFERROR(ROUND(INDEX(F_Inputs!$A$4:$AD$75,MATCH(F_Inputs_Formatted!$I16,F_Inputs!$AD$4:$AD$75,0),MATCH(F_Inputs_Formatted!R$4,F_Inputs!$A$4:$AD$4,0)),$O16),"##BLANK") -> 0 | S16: =IFERROR(ROUND(INDEX(F_Inputs!$A$4:$AD$75,MATCH(F_Inputs_Formatted!$I16,F_Inputs!$AD$4:$AD$75,0),MATCH(F_Inputs_Formatted!S$4,F_Inputs!$A$4:$AD$4,0)),$O16),"##BLANK") -> 0 | T16: =IFERROR(ROUND(INDEX(F_Inputs!$A$4:$AD$75,MATCH(F_Inputs_Formatted!$I16,F_Inputs!$AD$4:$AD$75,0),MATCH(F_Inputs_Formatted!T$4,F_Inputs!$A$4:$AD$4,0)),$O16),"##BLANK") -> 0 | U16: =IFERROR(ROUND(INDEX(F_Inputs!$A$4:$AD$75,MATCH(F_Inputs_Formatted!$I16,F_Inputs!$AD$4:$AD$75,0),MATCH(F_Inputs_Formatted!U$4,F_Inputs!$A$4:$AD$4,0)),$O16),"##BLANK") -> 0 | V16: =IFERROR(ROUND(INDEX(F_Inputs!$A$4:$AD$75,MATCH(F_Inputs_Formatted!$I16,F_Inputs!$AD$4:$AD$75,0),MATCH(F_Inputs_Formatted!V$4,F_Inputs!$A$4:$AD$4,0)),$O16),"##BLANK") -> 0 | W16: =IFERROR(ROUND(INDEX(F_Inputs!$A$4:$AD$75,MATCH(F_Inputs_Formatted!$I16,F_Inputs!$AD$4:$AD$75,0),MATCH(F_Inputs_Formatted!W$4,F_Inputs!$A$4:$AD$4,0)),$O16),"##BLANK") -> 0 | ... AH16: =IFERROR(ROUND(INDEX(F_Inputs!$A$4:$AD$75,MATCH(F_Inputs_Formatted!$I16,F_Inputs!$AD$4:$AD$75,0),MATCH(F_Inputs_Formatted!AH$4,F_Inputs!$A$4:$AD$4,0)),$O16),"##BLANK") -> 0.62
B17: SEW | C17: =_xlfn.XLOOKUP($B17,FD_Lists!$B$4:$B$25,FD_Lists!C$4:C$25) -> South East Water | D17: =_xlfn.XLOOKUP($B17,FD_Lists!$B$4:$B$25,FD_Lists!D$4:D$25) -> England | E17: =_xlfn.XLOOKUP($B17,FD_Lists!$B$4:$B$25,FD_Lists!E$4:E$25) -> Company | F17: =_xlfn.XLOOKUP($B17,FD_Lists!$B$4:$B$25,FD_Lists!F$4:F$25) -> WoC | G17: PCL units | H17: OUT4_20_PR24 | I17: =B17&H17 -> SEWOUT4_20_PR24 | J17: Totex | K17: Company view | L17: BIO | M17: =_xlfn.XLOOKUP($H17,F_Inputs!$B:$B,F_Inputs!C:C) -> Underlying calculations for common performance commitments - water and combined - Biodiversity - Total biodiversity units for area of land served (per 100km2) | N17: =_xlfn.XLOOKUP($H17,F_Inputs!$B:$B,F_Inputs!D:D) -> Number | O17: 2 | P17: =IFERROR(ROUND(INDEX(F_Inputs!$A$4:$AD$75,MATCH(F_Inputs_Formatted!$I17,F_Inputs!$AD$4:$AD$75,0),MATCH(F_Inputs_Formatted!P$4,F_Inputs!$A$4:$AD$4,0)),$O17),"##BLANK") -> 0 | Q17: =IFERROR(ROUND(INDEX(F_Inputs!$A$4:$AD$75,MATCH(F_Inputs_Formatted!$I17,F_Inputs!$AD$4:$AD$75,0),MATCH(F_Inputs_Formatted!Q$4,F_Inputs!$A$4:$AD$4,0)),$O17),"##BLANK") -> 0 | R17: =IFERROR(ROUND(INDEX(F_Inputs!$A$4:$AD$75,MATCH(F_Inputs_Formatted!$I17,F_Inputs!$AD$4:$AD$75,0),MATCH(F_Inputs_Formatted!R$4,F_Inputs!$A$4:$AD$4,0)),$O17),"##BLANK") -> 0 | S17: =IFERROR(ROUND(INDEX(F_Inputs!$A$4:$AD$75,MATCH(F_Inputs_Formatted!$I17,F_Inputs!$AD$4:$AD$75,0),MATCH(F_Inputs_Formatted!S$4,F_Inputs!$A$4:$AD$4,0)),$O17),"##BLANK") -> 0 | T17: =IFERROR(ROUND(INDEX(F_Inputs!$A$4:$AD$75,MATCH(F_Inputs_Formatted!$I17,F_Inputs!$AD$4:$AD$75,0),MATCH(F_Inputs_Formatted!T$4,F_Inputs!$A$4:$AD$4,0)),$O17),"##BLANK") -> 0 | U17: =IFERROR(ROUND(INDEX(F_Inputs!$A$4:$AD$75,MATCH(F_Inputs_Formatted!$I17,F_Inputs!$AD$4:$AD$75,0),MATCH(F_Inputs_Formatted!U$4,F_Inputs!$A$4:$AD$4,0)),$O17),"##BLANK") -> 0 | V17: =IFERROR(ROUND(INDEX(F_Inputs!$A$4:$AD$75,MATCH(F_Inputs_Formatted!$I17,F_Inputs!$AD$4:$AD$75,0),MATCH(F_Inputs_Formatted!V$4,F_Inputs!$A$4:$AD$4,0)),$O17),"##BLANK") -> 0 | W17: =IFERROR(ROUND(INDEX(F_Inputs!$A$4:$AD$75,MATCH(F_Inputs_Formatted!$I17,F_Inputs!$AD$4:$AD$75,0),MATCH(F_Inputs_Formatted!W$4,F_Inputs!$A$4:$AD$4,0)),$O17),"##BLANK") -> 0 | ... AH17: =IFERROR(ROUND(INDEX(F_Inputs!$A$4:$AD$75,MATCH(F_Inputs_Formatted!$I17,F_Inputs!$AD$4:$AD$75,0),MATCH(F_Inputs_Formatted!AH$4,F_Inputs!$A$4:$AD$4,0)),$O17),"##BLANK") -> 0
B18: SSC | C18: =_xlfn.XLOOKUP($B18,FD_Lists!$B$4:$B$25,FD_Lists!C$4:C$25) -> South Staffordshire Water | D18: =_xlfn.XLOOKUP($B18,FD_Lists!$B$4:$B$25,FD_Lists!D$4:D$25) -> England | E18: =_xlfn.XLOOKUP($B18,FD_Lists!$B$4:$B$25,FD_Lists!E$4:E$25) -> Company | F18: =_xlfn.XLOOKUP($B18,FD_Lists!$B$4:$B$25,FD_Lists!F$4:F$25) -> WoC | G18: PCL units | H18: OUT4_20_PR24 | I18: =B18&H18 -> SSCOUT4_20_PR24 | J18: Totex | K18: Company view | L18: BIO | M18: =_xlfn.XLOOKUP($H18,F_Inputs!$B:$B,F_Inputs!C:C) -> Underlying calculations for common performance commitments - water and combined - Biodiversity - Total biodiversity units for area of land served (per 100km2) | N18: =_xlfn.XLOOKUP($H18,F_Inputs!$B:$B,F_Inputs!D:D) -> Number | O18: 2 | P18: =IFERROR(ROUND(INDEX(F_Inputs!$A$4:$AD$75,MATCH(F_Inputs_Formatted!$I18,F_Inputs!$AD$4:$AD$75,0),MATCH(F_Inputs_Formatted!P$4,F_Inputs!$A$4:$AD$4,0)),$O18),"##BLANK") -> ##BLANK | Q18: =IFERROR(ROUND(INDEX(F_Inputs!$A$4:$AD$75,MATCH(F_Inputs_Formatted!$I18,F_Inputs!$AD$4:$AD$75,0),MATCH(F_Inputs_Formatted!Q$4,F_Inputs!$A$4:$AD$4,0)),$O18),"##BLANK") -> ##BLANK | R18: =IFERROR(ROUND(INDEX(F_Inputs!$A$4:$AD$75,MATCH(F_Inputs_Formatted!$I18,F_Inputs!$AD$4:$AD$75,0),MATCH(F_Inputs_Formatted!R$4,F_Inputs!$A$4:$AD$4,0)),$O18),"##BLANK") -> ##BLANK | S18: =IFERROR(ROUND(INDEX(F_Inputs!$A$4:$AD$75,MATCH(F_Inputs_Formatted!$I18,F_Inputs!$AD$4:$AD$75,0),MATCH(F_Inputs_Formatted!S$4,F_Inputs!$A$4:$AD$4,0)),$O18),"##BLANK") -> ##BLANK | T18: =IFERROR(ROUND(INDEX(F_Inputs!$A$4:$AD$75,MATCH(F_Inputs_Formatted!$I18,F_Inputs!$AD$4:$AD$75,0),MATCH(F_Inputs_Formatted!T$4,F_Inputs!$A$4:$AD$4,0)),$O18),"##BLANK") -> ##BLANK | U18: =IFERROR(ROUND(INDEX(F_Inputs!$A$4:$AD$75,MATCH(F_Inputs_Formatted!$I18,F_Inputs!$AD$4:$AD$75,0),MATCH(F_Inputs_Formatted!U$4,F_Inputs!$A$4:$AD$4,0)),$O18),"##BLANK") -> ##BLANK | V18: =IFERROR(ROUND(INDEX(F_Inputs!$A$4:$AD$75,MATCH(F_Inputs_Formatted!$I18,F_Inputs!$AD$4:$AD$75,0),MATCH(F_Inputs_Formatted!V$4,F_Inputs!$A$4:$AD$4,0)),$O18),"##BLANK") -> ##BLANK | W18: =IFERROR(ROUND(INDEX(F_Inputs!$A$4:$AD$75,MATCH(F_Inputs_Formatted!$I18,F_Inputs!$AD$4:$AD$75,0),MATCH(F_Inputs_Formatted!W$4,F_Inputs!$A$4:$AD$4,0)),$O18),"##BLANK") -> ##BLANK | ... AH18: =IFERROR(ROUND(INDEX(F_Inputs!$A$4:$AD$75,MATCH(F_Inputs_Formatted!$I18,F_Inputs!$AD$4:$AD$75,0),MATCH(F_Inputs_Formatted!AH$4,F_Inputs!$A$4:$AD$4,0)),$O18),"##BLANK") -> 1.11
B19: SES | C19: =_xlfn.XLOOKUP($B19,FD_Lists!$B$4:$B$25,FD_Lists!C$4:C$25) -> SES Water | D19: =_xlfn.XLOOKUP($B19,FD_Lists!$B$4:$B$25,FD_Lists!D$4:D$25) -> England | E19: =_xlfn.XLOOKUP($B19,FD_Lists!$B$4:$B$25,FD_Lists!E$4:E$25) -> Company | F19: =_xlfn.XLOOKUP($B19,FD_Lists!$B$4:$B$25,FD_Lists!F$4:F$25) -> WoC | G19: PCL units | H19: OUT4_20_PR24 | I19: =B19&H19 -> SESOUT4_20_PR24 | J19: Totex | K19: Company view | L19: BIO | M19: =_xlfn.XLOOKUP($H19,F_Inputs!$B:$B,F_Inputs!C:C) -> Underlying calculations for common performance commitments - water and combined - Biodiversity - Total biodiversity units for area of land served (per 100km2) | N19: =_xlfn.XLOOKUP($H19,F_Inputs!$B:$B,F_Inputs!D:D) -> Number | O19: 2 | P19: =IFERROR(ROUND(INDEX(F_Inputs!$A$4:$AD$75,MATCH(F_Inputs_Formatted!$I19,F_Inputs!$AD$4:$AD$75,0),MATCH(F_Inputs_Formatted!P$4,F_Inputs!$A$4:$AD$4,0)),$O19),"##BLANK") -> 0 | Q19: =IFERROR(ROUND(INDEX(F_Inputs!$A$4:$AD$75,MATCH(F_Inputs_Formatted!$I19,F_Inputs!$AD$4:$AD$75,0),MATCH(F_Inputs_Formatted!Q$4,F_Inputs!$A$4:$AD$4,0)),$O19),"##BLANK") -> 0 | R19: =IFERROR(ROUND(INDEX(F_Inputs!$A$4:$AD$75,MATCH(F_Inputs_Formatted!$I19,F_Inputs!$AD$4:$AD$75,0),MATCH(F_Inputs_Formatted!R$4,F_Inputs!$A$4:$AD$4,0)),$O19),"##BLANK") -> 0 | S19: =IFERROR(ROUND(INDEX(F_Inputs!$A$4:$AD$75,MATCH(F_Inputs_Formatted!$I19,F_Inputs!$AD$4:$AD$75,0),MATCH(F_Inputs_Formatted!S$4,F_Inputs!$A$4:$AD$4,0)),$O19),"##BLANK") -> 0 | T19: =IFERROR(ROUND(INDEX(F_Inputs!$A$4:$AD$75,MATCH(F_Inputs_Formatted!$I19,F_Inputs!$AD$4:$AD$75,0),MATCH(F_Inputs_Formatted!T$4,F_Inputs!$A$4:$AD$4,0)),$O19),"##BLANK") -> 0 | U19: =IFERROR(ROUND(INDEX(F_Inputs!$A$4:$AD$75,MATCH(F_Inputs_Formatted!$I19,F_Inputs!$AD$4:$AD$75,0),MATCH(F_Inputs_Formatted!U$4,F_Inputs!$A$4:$AD$4,0)),$O19),"##BLANK") -> 0 | V19: =IFERROR(ROUND(INDEX(F_Inputs!$A$4:$AD$75,MATCH(F_Inputs_Formatted!$I19,F_Inputs!$AD$4:$AD$75,0),MATCH(F_Inputs_Formatted!V$4,F_Inputs!$A$4:$AD$4,0)),$O19),"##BLANK") -> 0 | W19: =IFERROR(ROUND(INDEX(F_Inputs!$A$4:$AD$75,MATCH(F_Inputs_Formatted!$I19,F_Inputs!$AD$4:$AD$75,0),MATCH(F_Inputs_Formatted!W$4,F_Inputs!$A$4:$AD$4,0)),$O19),"##BLANK") -> 0 | ... AH19: =IFERROR(ROUND(INDEX(F_Inputs!$A$4:$AD$75,MATCH(F_Inputs_Formatted!$I19,F_Inputs!$AD$4:$AD$75,0),MATCH(F_Inputs_Formatted!AH$4,F_Inputs!$A$4:$AD$4,0)),$O19),"##BLANK") -> 3.01
B20: SWB | C20: =_xlfn.XLOOKUP($B20,FD_Lists!$B$4:$B$25,FD_Lists!C$4:C$25) -> South West Water | D20: =_xlfn.XLOOKUP($B20,FD_Lists!$B$4:$B$25,FD_Lists!D$4:D$25) -> England | E20: =_xlfn.XLOOKUP($B20,FD_Lists!$B$4:$B$25,FD_Lists!E$4:E$25) -> Company | F20: =_xlfn.XLOOKUP($B20,FD_Lists!$B$4:$B$25,FD_Lists!F$4:F$25) -> WaSC | G20: PCL units | H20: OUT4_20_PR24 | I20: =B20&H20 -> SWBOUT4_20_PR24 | J20: Totex | K20: Company view | L20: BIO | M20: =_xlfn.XLOOKUP($H20,F_Inputs!$B:$B,F_Inputs!C:C) -> Underlying calculations for common performance commitments - water and combined - Biodiversity - Total biodiversity units for area of land served (per 100km2) | N20: =_xlfn.XLOOKUP($H20,F_Inputs!$B:$B,F_Inputs!D:D) -> Number | O20: 2 | P20: =IFERROR(ROUND(INDEX(F_Inputs!$A$4:$AD$75,MATCH(F_Inputs_Formatted!$I20,F_Inputs!$AD$4:$AD$75,0),MATCH(F_Inputs_Formatted!P$4,F_Inputs!$A$4:$AD$4,0)),$O20),"##BLANK") -> 0 | Q20: =IFERROR(ROUND(INDEX(F_Inputs!$A$4:$AD$75,MATCH(F_Inputs_Formatted!$I20,F_Inputs!$AD$4:$AD$75,0),MATCH(F_Inputs_Formatted!Q$4,F_Inputs!$A$4:$AD$4,0)),$O20),"##BLANK") -> 0 | R20: =IFERROR(ROUND(INDEX(F_Inputs!$A$4:$AD$75,MATCH(F_Inputs_Formatted!$I20,F_Inputs!$AD$4:$AD$75,0),MATCH(F_Inputs_Formatted!R$4,F_Inputs!$A$4:$AD$4,0)),$O20),"##BLANK") -> 0 | S20: =IFERROR(ROUND(INDEX(F_Inputs!$A$4:$AD$75,MATCH(F_Inputs_Formatted!$I20,F_Inputs!$AD$4:$AD$75,0),MATCH(F_Inputs_Formatted!S$4,F_Inputs!$A$4:$AD$4,0)),$O20),"##BLANK") -> 0 | T20: =IFERROR(ROUND(INDEX(F_Inputs!$A$4:$AD$75,MATCH(F_Inputs_Formatted!$I20,F_Inputs!$AD$4:$AD$75,0),MATCH(F_Inputs_Formatted!T$4,F_Inputs!$A$4:$AD$4,0)),$O20),"##BLANK") -> 0 | U20: =IFERROR(ROUND(INDEX(F_Inputs!$A$4:$AD$75,MATCH(F_Inputs_Formatted!$I20,F_Inputs!$AD$4:$AD$75,0),MATCH(F_Inputs_Formatted!U$4,F_Inputs!$A$4:$AD$4,0)),$O20),"##BLANK") -> 0 | V20: =IFERROR(ROUND(INDEX(F_Inputs!$A$4:$AD$75,MATCH(F_Inputs_Formatted!$I20,F_Inputs!$AD$4:$AD$75,0),MATCH(F_Inputs_Formatted!V$4,F_Inputs!$A$4:$AD$4,0)),$O20),"##BLANK") -> 0 | W20: =IFERROR(ROUND(INDEX(F_Inputs!$A$4:$AD$75,MATCH(F_Inputs_Formatted!$I20,F_Inputs!$AD$4:$AD$75,0),MATCH(F_Inputs_Formatted!W$4,F_Inputs!$A$4:$AD$4,0)),$O20),"##BLANK") -> 0 | ... AH20: =IFERROR(ROUND(INDEX(F_Inputs!$A$4:$AD$75,MATCH(F_Inputs_Formatted!$I20,F_Inputs!$AD$4:$AD$75,0),MATCH(F_Inputs_Formatted!AH$4,F_Inputs!$A$4:$AD$4,0)),$O20),"##BLANK") -> 2.47
B21: BRL | C21: =_xlfn.XLOOKUP($B21,FD_Lists!$B$4:$B$25,FD_Lists!C$4:C$25) -> Bristol Water | D21: =_xlfn.XLOOKUP($B21,FD_Lists!$B$4:$B$25,FD_Lists!D$4:D$25) -> England | E21: =_xlfn.XLOOKUP($B21,FD_Lists!$B$4:$B$25,FD_Lists!E$4:E$25) -> Company | F21: =_xlfn.XLOOKUP($B21,FD_Lists!$B$4:$B$25,FD_Lists!F$4:F$25) -> WoC | G21: PCL units | H21: OUT4_20_PR24 | I21: =B21&H21 -> BRLOUT4_20_PR24 | J21: Totex | K21: Company view | L21: BIO | M21: =_xlfn.XLOOKUP($H21,F_Inputs!$B:$B,F_Inputs!C:C) -> Underlying calculations for common performance commitments - water and combined - Biodiversity - Total biodiversity units for area of land served (per 100km2) | N21: =_xlfn.XLOOKUP($H21,F_Inputs!$B:$B,F_Inputs!D:D) -> Number | O21: 2 | P21: =IFERROR(ROUND(INDEX(F_Inputs!$A$4:$AD$75,MATCH(F_Inputs_Formatted!$I21,F_Inputs!$AD$4:$AD$75,0),MATCH(F_Inputs_Formatted!P$4,F_Inputs!$A$4:$AD$4,0)),$O21),"##BLANK") -> 0 | Q21: =IFERROR(ROUND(INDEX(F_Inputs!$A$4:$AD$75,MATCH(F_Inputs_Formatted!$I21,F_Inputs!$AD$4:$AD$75,0),MATCH(F_Inputs_Formatted!Q$4,F_Inputs!$A$4:$AD$4,0)),$O21),"##BLANK") -> 0 | R21: =IFERROR(ROUND(INDEX(F_Inputs!$A$4:$AD$75,MATCH(F_Inputs_Formatted!$I21,F_Inputs!$AD$4:$AD$75,0),MATCH(F_Inputs_Formatted!R$4,F_Inputs!$A$4:$AD$4,0)),$O21),"##BLANK") -> 0 | S21: =IFERROR(ROUND(INDEX(F_Inputs!$A$4:$AD$75,MATCH(F_Inputs_Formatted!$I21,F_Inputs!$AD$4:$AD$75,0),MATCH(F_Inputs_Formatted!S$4,F_Inputs!$A$4:$AD$4,0)),$O21),"##BLANK") -> 0 | T21: =IFERROR(ROUND(INDEX(F_Inputs!$A$4:$AD$75,MATCH(F_Inputs_Formatted!$I21,F_Inputs!$AD$4:$AD$75,0),MATCH(F_Inputs_Formatted!T$4,F_Inputs!$A$4:$AD$4,0)),$O21),"##BLANK") -> 0 | U21: =IFERROR(ROUND(INDEX(F_Inputs!$A$4:$AD$75,MATCH(F_Inputs_Formatted!$I21,F_Inputs!$AD$4:$AD$75,0),MATCH(F_Inputs_Formatted!U$4,F_Inputs!$A$4:$AD$4,0)),$O21),"##BLANK") -> 0 | V21: =IFERROR(ROUND(INDEX(F_Inputs!$A$4:$AD$75,MATCH(F_Inputs_Formatted!$I21,F_Inputs!$AD$4:$AD$75,0),MATCH(F_Inputs_Formatted!V$4,F_Inputs!$A$4:$AD$4,0)),$O21),"##BLANK") -> 0 | W21: =IFERROR(ROUND(INDEX(F_Inputs!$A$4:$AD$75,MATCH(F_Inputs_Formatted!$I21,F_Inputs!$AD$4:$AD$75,0),MATCH(F_Inputs_Formatted!W$4,F_Inputs!$A$4:$AD$4,0)),$O21),"##BLANK") -> 0 | ... AH21: =IFERROR(ROUND(INDEX(F_Inputs!$A$4:$AD$75,MATCH(F_Inputs_Formatted!$I21,F_Inputs!$AD$4:$AD$75,0),MATCH(F_Inputs_Formatted!AH$4,F_Inputs!$A$4:$AD$4,0)),$O21),"##BLANK") -> 2.12
B22: ANH | C22: =_xlfn.XLOOKUP($B22,FD_Lists!$B$4:$B$25,FD_Lists!C$4:C$25) -> Anglian Water | D22: =_xlfn.XLOOKUP($B22,FD_Lists!$B$4:$B$25,FD_Lists!D$4:D$25) -> England | E22: =_xlfn.XLOOKUP($B22,FD_Lists!$B$4:$B$25,FD_Lists!E$4:E$25) -> Company | F22: =_xlfn.XLOOKUP($B22,FD_Lists!$B$4:$B$25,FD_Lists!F$4:F$25) -> WaSC | G22: Underlying calcs | H22: OUT2_06_PR24 | I22: =B22&H22 -> ANHOUT2_06_PR24 | J22: Base | K22: Company view | L22: BIO | M22: =_xlfn.XLOOKUP($H22,F_Inputs!$B:$B,F_Inputs!C:C) -> Outcome performance from base expenditure - Common PCs - Biodiversity | N22: =_xlfn.XLOOKUP($H22,F_Inputs!$B:$B,F_Inputs!D:D) -> Number | O22: 2 | P22: =IFERROR(ROUND(INDEX(F_Inputs!$A$4:$AD$75,MATCH(F_Inputs_Formatted!$I22,F_Inputs!$AD$4:$AD$75,0),MATCH(F_Inputs_Formatted!P$4,F_Inputs!$A$4:$AD$4,0)),$O22),"##BLANK") -> ##BLANK | Q22: =IFERROR(ROUND(INDEX(F_Inputs!$A$4:$AD$75,MATCH(F_Inputs_Formatted!$I22,F_Inputs!$AD$4:$AD$75,0),MATCH(F_Inputs_Formatted!Q$4,F_Inputs!$A$4:$AD$4,0)),$O22),"##BLANK") -> ##BLANK | R22: =IFERROR(ROUND(INDEX(F_Inputs!$A$4:$AD$75,MATCH(F_Inputs_Formatted!$I22,F_Inputs!$AD$4:$AD$75,0),MATCH(F_Inputs_Formatted!R$4,F_Inputs!$A$4:$AD$4,0)),$O22),"##BLANK") -> ##BLANK | S22: =IFERROR(ROUND(INDEX(F_Inputs!$A$4:$AD$75,MATCH(F_Inputs_Formatted!$I22,F_Inputs!$AD$4:$AD$75,0),MATCH(F_Inputs_Formatted!S$4,F_Inputs!$A$4:$AD$4,0)),$O22),"##BLANK") -> ##BLANK | T22: =IFERROR(ROUND(INDEX(F_Inputs!$A$4:$AD$75,MATCH(F_Inputs_Formatted!$I22,F_Inputs!$AD$4:$AD$75,0),MATCH(F_Inputs_Formatted!T$4,F_Inputs!$A$4:$AD$4,0)),$O22),"##BLANK") -> ##BLANK | U22: =IFERROR(ROUND(INDEX(F_Inputs!$A$4:$AD$75,MATCH(F_Inputs_Formatted!$I22,F_Inputs!$AD$4:$AD$75,0),MATCH(F_Inputs_Formatted!U$4,F_Inputs!$A$4:$AD$4,0)),$O22),"##BLANK") -> ##BLANK | V22: =IFERROR(ROUND(INDEX(F_Inputs!$A$4:$AD$75,MATCH(F_Inputs_Formatted!$I22,F_Inputs!$AD$4:$AD$75,0),MATCH(F_Inputs_Formatted!V$4,F_Inputs!$A$4:$AD$4,0)),$O22),"##BLANK") -> ##BLANK | W22: =IFERROR(ROUND(INDEX(F_Inputs!$A$4:$AD$75,MATCH(F_Inputs_Formatted!$I22,F_Inputs!$AD$4:$AD$75,0),MATCH(F_Inputs_Formatted!W$4,F_Inputs!$A$4:$AD$4,0)),$O22),"##BLANK") -> ##BLANK | ... AH22: =IFERROR(ROUND(INDEX(F_Inputs!$A$4:$AD$75,MATCH(F_Inputs_Formatted!$I22,F_Inputs!$AD$4:$AD$75,0),MATCH(F_Inputs_Formatted!AH$4,F_Inputs!$A$4:$AD$4,0)),$O22),"##BLANK") -> 0.08
B23: WSH | C23: =_xlfn.XLOOKUP($B23,FD_Lists!$B$4:$B$25,FD_Lists!C$4:C$25) -> Dŵr Cymru | D23: =_xlfn.XLOOKUP($B23,FD_Lists!$B$4:$B$25,FD_Lists!D$4:D$25) -> Wales | E23: =_xlfn.XLOOKUP($B23,FD_Lists!$B$4:$B$25,FD_Lists!E$4:E$25) -> Company | F23: =_xlfn.XLOOKUP($B23,FD_Lists!$B$4:$B$25,FD_Lists!F$4:F$25) -> WaSC | G23: Underlying calcs | H23: OUT2_06_PR24 | I23: =B23&H23 -> WSHOUT2_06_PR24 | J23: Base | K23: Company view | L23: BIO | M23: =_xlfn.XLOOKUP($H23,F_Inputs!$B:$B,F_Inputs!C:C) -> Outcome performance from base expenditure - Common PCs - Biodiversity | N23: =_xlfn.XLOOKUP($H23,F_Inputs!$B:$B,F_Inputs!D:D) -> Number | O23: 2 | P23: =IFERROR(ROUND(INDEX(F_Inputs!$A$4:$AD$75,MATCH(F_Inputs_Formatted!$I23,F_Inputs!$AD$4:$AD$75,0),MATCH(F_Inputs_Formatted!P$4,F_Inputs!$A$4:$AD$4,0)),$O23),"##BLANK") -> ##BLANK | Q23: =IFERROR(ROUND(INDEX(F_Inputs!$A$4:$AD$75,MATCH(F_Inputs_Formatted!$I23,F_Inputs!$AD$4:$AD$75,0),MATCH(F_Inputs_Formatted!Q$4,F_Inputs!$A$4:$AD$4,0)),$O23),"##BLANK") -> ##BLANK | R23: =IFERROR(ROUND(INDEX(F_Inputs!$A$4:$AD$75,MATCH(F_Inputs_Formatted!$I23,F_Inputs!$AD$4:$AD$75,0),MATCH(F_Inputs_Formatted!R$4,F_Inputs!$A$4:$AD$4,0)),$O23),"##BLANK") -> ##BLANK | S23: =IFERROR(ROUND(INDEX(F_Inputs!$A$4:$AD$75,MATCH(F_Inputs_Formatted!$I23,F_Inputs!$AD$4:$AD$75,0),MATCH(F_Inputs_Formatted!S$4,F_Inputs!$A$4:$AD$4,0)),$O23),"##BLANK") -> ##BLANK | T23: =IFERROR(ROUND(INDEX(F_Inputs!$A$4:$AD$75,MATCH(F_Inputs_Formatted!$I23,F_Inputs!$AD$4:$AD$75,0),MATCH(F_Inputs_Formatted!T$4,F_Inputs!$A$4:$AD$4,0)),$O23),"##BLANK") -> ##BLANK | U23: =IFERROR(ROUND(INDEX(F_Inputs!$A$4:$AD$75,MATCH(F_Inputs_Formatted!$I23,F_Inputs!$AD$4:$AD$75,0),MATCH(F_Inputs_Formatted!U$4,F_Inputs!$A$4:$AD$4,0)),$O23),"##BLANK") -> ##BLANK | V23: =IFERROR(ROUND(INDEX(F_Inputs!$A$4:$AD$75,MATCH(F_Inputs_Formatted!$I23,F_Inputs!$AD$4:$AD$75,0),MATCH(F_Inputs_Formatted!V$4,F_Inputs!$A$4:$AD$4,0)),$O23),"##BLANK") -> ##BLANK | W23: =IFERROR(ROUND(INDEX(F_Inputs!$A$4:$AD$75,MATCH(F_Inputs_Formatted!$I23,F_Inputs!$AD$4:$AD$75,0),MATCH(F_Inputs_Formatted!W$4,F_Inputs!$A$4:$AD$4,0)),$O23),"##BLANK") -> ##BLANK | ... AH23: =IFERROR(ROUND(INDEX(F_Inputs!$A$4:$AD$75,MATCH(F_Inputs_Formatted!$I23,F_Inputs!$AD$4:$AD$75,0),MATCH(F_Inputs_Formatted!AH$4,F_Inputs!$A$4:$AD$4,0)),$O23),"##BLANK") -> 0
B24: HDD | C24: =_xlfn.XLOOKUP($B24,FD_Lists!$B$4:$B$25,FD_Lists!C$4:C$25) -> Hafren Dyfrdwy | D24: =_xlfn.XLOOKUP($B24,FD_Lists!$B$4:$B$25,FD_Lists!D$4:D$25) -> Wales | E24: =_xlfn.XLOOKUP($B24,FD_Lists!$B$4:$B$25,FD_Lists!E$4:E$25) -> Company | F24: =_xlfn.XLOOKUP($B24,FD_Lists!$B$4:$B$25,FD_Lists!F$4:F$25) -> WaSC | G24: Underlying calcs | H24: OUT2_06_PR24 | I24: =B24&H24 -> HDDOUT2_06_PR24 | J24: Base | K24: Company view | L24: BIO | M24: =_xlfn.XLOOKUP($H24,F_Inputs!$B:$B,F_Inputs!C:C) -> Outcome performance from base expenditure - Common PCs - Biodiversity | N24: =_xlfn.XLOOKUP($H24,F_Inputs!$B:$B,F_Inputs!D:D) -> Number | O24: 2 | P24: =IFERROR(ROUND(INDEX(F_Inputs!$A$4:$AD$75,MATCH(F_Inputs_Formatted!$I24,F_Inputs!$AD$4:$AD$75,0),MATCH(F_Inputs_Formatted!P$4,F_Inputs!$A$4:$AD$4,0)),$O24),"##BLANK") -> ##BLANK | Q24: =IFERROR(ROUND(INDEX(F_Inputs!$A$4:$AD$75,MATCH(F_Inputs_Formatted!$I24,F_Inputs!$AD$4:$AD$75,0),MATCH(F_Inputs_Formatted!Q$4,F_Inputs!$A$4:$AD$4,0)),$O24),"##BLANK") -> ##BLANK | R24: =IFERROR(ROUND(INDEX(F_Inputs!$A$4:$AD$75,MATCH(F_Inputs_Formatted!$I24,F_Inputs!$AD$4:$AD$75,0),MATCH(F_Inputs_Formatted!R$4,F_Inputs!$A$4:$AD$4,0)),$O24),"##BLANK") -> ##BLANK | S24: =IFERROR(ROUND(INDEX(F_Inputs!$A$4:$AD$75,MATCH(F_Inputs_Formatted!$I24,F_Inputs!$AD$4:$AD$75,0),MATCH(F_Inputs_Formatted!S$4,F_Inputs!$A$4:$AD$4,0)),$O24),"##BLANK") -> ##BLANK | T24: =IFERROR(ROUND(INDEX(F_Inputs!$A$4:$AD$75,MATCH(F_Inputs_Formatted!$I24,F_Inputs!$AD$4:$AD$75,0),MATCH(F_Inputs_Formatted!T$4,F_Inputs!$A$4:$AD$4,0)),$O24),"##BLANK") -> ##BLANK | U24: =IFERROR(ROUND(INDEX(F_Inputs!$A$4:$AD$75,MATCH(F_Inputs_Formatted!$I24,F_Inputs!$AD$4:$AD$75,0),MATCH(F_Inputs_Formatted!U$4,F_Inputs!$A$4:$AD$4,0)),$O24),"##BLANK") -> ##BLANK | V24: =IFERROR(ROUND(INDEX(F_Inputs!$A$4:$AD$75,MATCH(F_Inputs_Formatted!$I24,F_Inputs!$AD$4:$AD$75,0),MATCH(F_Inputs_Formatted!V$4,F_Inputs!$A$4:$AD$4,0)),$O24),"##BLANK") -> ##BLANK | W24: =IFERROR(ROUND(INDEX(F_Inputs!$A$4:$AD$75,MATCH(F_Inputs_Formatted!$I24,F_Inputs!$AD$4:$AD$75,0),MATCH(F_Inputs_Formatted!W$4,F_Inputs!$A$4:$AD$4,0)),$O24),"##BLANK") -> ##BLANK | ... AH24: =IFERROR(ROUND(INDEX(F_Inputs!$A$4:$AD$75,MATCH(F_Inputs_Formatted!$I24,F_Inputs!$AD$4:$AD$75,0),MATCH(F_Inputs_Formatted!AH$4,F_Inputs!$A$4:$AD$4,0)),$O24),"##BLANK") -> 0
... B28: TMS | C28: =_xlfn.XLOOKUP($B28,FD_Lists!$B$4:$B$25,FD_Lists!C$4:C$25) -> Thames Water | D28: =_xlfn.XLOOKUP($B28,FD_Lists!$B$4:$B$25,FD_Lists!D$4:D$25) -> England | E28: =_xlfn.XLOOKUP($B28,FD_Lists!$B$4:$B$25,FD_Lists!E$4:E$25) -> Company | F28: =_xlfn.XLOOKUP($B28,FD_Lists!$B$4:$B$25,FD_Lists!F$4:F$25) -> WaSC | G28: Underlying calcs | H28: OUT2_06_PR24 | I28: =B28&H28 -> TMSOUT2_06_PR24 | J28: Base | K28: Company view | L28: BIO | M28: =_xlfn.XLOOKUP($H28,F_Inputs!$B:$B,F_Inputs!C:C) -> Outcome performance from base expenditure - Common PCs - Biodiversity | N28: =_xlfn.XLOOKUP($H28,F_Inputs!$B:$B,F_Inputs!D:D) -> Number | O28: 2 | P28: =IFERROR(ROUND(INDEX(F_Inputs!$A$4:$AD$75,MATCH(F_Inputs_Formatted!$I28,F_Inputs!$AD$4:$AD$75,0),MATCH(F_Inputs_Formatted!P$4,F_Inputs!$A$4:$AD$4,0)),$O28),"##BLANK") -> 0 | Q28: =IFERROR(ROUND(INDEX(F_Inputs!$A$4:$AD$75,MATCH(F_Inputs_Formatted!$I28,F_Inputs!$AD$4:$AD$75,0),MATCH(F_Inputs_Formatted!Q$4,F_Inputs!$A$4:$AD$4,0)),$O28),"##BLANK") -> 0 | R28: =IFERROR(ROUND(INDEX(F_Inputs!$A$4:$AD$75,MATCH(F_Inputs_Formatted!$I28,F_Inputs!$AD$4:$AD$75,0),MATCH(F_Inputs_Formatted!R$4,F_Inputs!$A$4:$AD$4,0)),$O28),"##BLANK") -> 0 | S28: =IFERROR(ROUND(INDEX(F_Inputs!$A$4:$AD$75,MATCH(F_Inputs_Formatted!$I28,F_Inputs!$AD$4:$AD$75,0),MATCH(F_Inputs_Formatted!S$4,F_Inputs!$A$4:$AD$4,0)),$O28),"##BLANK") -> 0 | T28: =IFERROR(ROUND(INDEX(F_Inputs!$A$4:$AD$75,MATCH(F_Inputs_Formatted!$I28,F_Inputs!$AD$4:$AD$75,0),MATCH(F_Inputs_Formatted!T$4,F_Inputs!$A$4:$AD$4,0)),$O28),"##BLANK") -> 0 | U28: =IFERROR(ROUND(INDEX(F_Inputs!$A$4:$AD$75,MATCH(F_Inputs_Formatted!$I28,F_Inputs!$AD$4:$AD$75,0),MATCH(F_Inputs_Formatted!U$4,F_Inputs!$A$4:$AD$4,0)),$O28),"##BLANK") -> 0 | V28: =IFERROR(ROUND(INDEX(F_Inputs!$A$4:$AD$75,MATCH(F_Inputs_Formatted!$I28,F_Inputs!$AD$4:$AD$75,0),MATCH(F_Inputs_Formatted!V$4,F_Inputs!$A$4:$AD$4,0)),$O28),"##BLANK") -> 0 | W28: =IFERROR(ROUND(INDEX(F_Inputs!$A$4:$AD$75,MATCH(F_Inputs_Formatted!$I28,F_Inputs!$AD$4:$AD$75,0),MATCH(F_Inputs_Formatted!W$4,F_Inputs!$A$4:$AD$4,0)),$O28),"##BLANK") -> 0 | ... AH28: =IFERROR(ROUND(INDEX(F_Inputs!$A$4:$AD$75,MATCH(F_Inputs_Formatted!$I28,F_Inputs!$AD$4:$AD$75,0),MATCH(F_Inputs_Formatted!AH$4,F_Inputs!$A$4:$AD$4,0)),$O28),"##BLANK") -> 0.44
A29: UUW | B29: NWT | C29: =_xlfn.XLOOKUP($B29,FD_Lists!$B$4:$B$25,FD_Lists!C$4:C$25) -> United Utilities | D29: =_xlfn.XLOOKUP($B29,FD_Lists!$B$4:$B$25,FD_Lists!D$4:D$25) -> England | E29: =_xlfn.XLOOKUP($B29,FD_Lists!$B$4:$B$25,FD_Lists!E$4:E$25) -> Company | F29: =_xlfn.XLOOKUP($B29,FD_Lists!$B$4:$B$25,FD_Lists!F$4:F$25) -> WaSC | G29: Underlying calcs | H29: OUT2_06_PR24 | I29: =B29&H29 -> NWTOUT2_06_PR24 | J29: Base | K29: Company view | L29: BIO | M29: =_xlfn.XLOOKUP($H29,F_Inputs!$B:$B,F_Inputs!C:C) -> Outcome performance from base expenditure - Common PCs - Biodiversity | N29: =_xlfn.XLOOKUP($H29,F_Inputs!$B:$B,F_Inputs!D:D) -> Number | O29: 2 | P29: =IFERROR(ROUND(INDEX(F_Inputs!$A$4:$AD$75,MATCH(F_Inputs_Formatted!$I29,F_Inputs!$AD$4:$AD$75,0),MATCH(F_Inputs_Formatted!P$4,F_Inputs!$A$4:$AD$4,0)),$O29),"##BLANK") -> ##BLANK | Q29: =IFERROR(ROUND(INDEX(F_Inputs!$A$4:$AD$75,MATCH(F_Inputs_Formatted!$I29,F_Inputs!$AD$4:$AD$75,0),MATCH(F_Inputs_Formatted!Q$4,F_Inputs!$A$4:$AD$4,0)),$O29),"##BLANK") -> ##BLANK | R29: =IFERROR(ROUND(INDEX(F_Inputs!$A$4:$AD$75,MATCH(F_Inputs_Formatted!$I29,F_Inputs!$AD$4:$AD$75,0),MATCH(F_Inputs_Formatted!R$4,F_Inputs!$A$4:$AD$4,0)),$O29),"##BLANK") -> ##BLANK | S29: =IFERROR(ROUND(INDEX(F_Inputs!$A$4:$AD$75,MATCH(F_Inputs_Formatted!$I29,F_Inputs!$AD$4:$AD$75,0),MATCH(F_Inputs_Formatted!S$4,F_Inputs!$A$4:$AD$4,0)),$O29),"##BLANK") -> ##BLANK | T29: =IFERROR(ROUND(INDEX(F_Inputs!$A$4:$AD$75,MATCH(F_Inputs_Formatted!$I29,F_Inputs!$AD$4:$AD$75,0),MATCH(F_Inputs_Formatted!T$4,F_Inputs!$A$4:$AD$4,0)),$O29),"##BLANK") -> ##BLANK | U29: =IFERROR(ROUND(INDEX(F_Inputs!$A$4:$AD$75,MATCH(F_Inputs_Formatted!$I29,F_Inputs!$AD$4:$AD$75,0),MATCH(F_Inputs_Formatted!U$4,F_Inputs!$A$4:$AD$4,0)),$O29),"##BLANK") -> ##BLANK | V29: =IFERROR(ROUND(INDEX(F_Inputs!$A$4:$AD$75,MATCH(F_Inputs_Formatted!$I29,F_Inputs!$AD$4:$AD$75,0),MATCH(F_Inputs_Formatted!V$4,F_Inputs!$A$4:$AD$4,0)),$O29),"##BLANK") -> ##BLANK | W29: =IFERROR(ROUND(INDEX(F_Inputs!$A$4:$AD$75,MATCH(F_Inputs_Formatted!$I29,F_Inputs!$AD$4:$AD$75,0),MATCH(F_Inputs_Formatted!W$4,F_Inputs!$A$4:$AD$4,0)),$O29),"##BLANK") -> ##BLANK | ... AH29: =IFERROR(ROUND(INDEX(F_Inputs!$A$4:$AD$75,MATCH(F_Inputs_Formatted!$I29,F_Inputs!$AD$4:$AD$75,0),MATCH(F_Inputs_Formatted!AH$4,F_Inputs!$A$4:$AD$4,0)),$O29),"##BLANK") -> 0
B30: WSX | C30: =_xlfn.XLOOKUP($B30,FD_Lists!$B$4:$B$25,FD_Lists!C$4:C$25) -> Wessex Water | D30: =_xlfn.XLOOKUP($B30,FD_Lists!$B$4:$B$25,FD_Lists!D$4:D$25) -> England | E30: =_xlfn.XLOOKUP($B30,FD_Lists!$B$4:$B$25,FD_Lists!E$4:E$25) -> Company | F30: =_xlfn.XLOOKUP($B30,FD_Lists!$B$4:$B$25,FD_Lists!F$4:F$25) -> WaSC | G30: Underlying calcs | H30: OUT2_06_PR24 | I30: =B30&H30 -> WSXOUT2_06_PR24 | J30: Base | K30: Company view | L30: BIO | M30: =_xlfn.XLOOKUP($H30,F_Inputs!$B:$B,F_Inputs!C:C) -> Outcome performance from base expenditure - Common PCs - Biodiversity | N30: =_xlfn.XLOOKUP($H30,F_Inputs!$B:$B,F_Inputs!D:D) -> Number | O30: 2 | P30: =IFERROR(ROUND(INDEX(F_Inputs!$A$4:$AD$75,MATCH(F_Inputs_Formatted!$I30,F_Inputs!$AD$4:$AD$75,0),MATCH(F_Inputs_Formatted!P$4,F_Inputs!$A$4:$AD$4,0)),$O30),"##BLANK") -> 0 | Q30: =IFERROR(ROUND(INDEX(F_Inputs!$A$4:$AD$75,MATCH(F_Inputs_Formatted!$I30,F_Inputs!$AD$4:$AD$75,0),MATCH(F_Inputs_Formatted!Q$4,F_Inputs!$A$4:$AD$4,0)),$O30),"##BLANK") -> 0 | R30: =IFERROR(ROUND(INDEX(F_Inputs!$A$4:$AD$75,MATCH(F_Inputs_Formatted!$I30,F_Inputs!$AD$4:$AD$75,0),MATCH(F_Inputs_Formatted!R$4,F_Inputs!$A$4:$AD$4,0)),$O30),"##BLANK") -> 0 | S30: =IFERROR(ROUND(INDEX(F_Inputs!$A$4:$AD$75,MATCH(F_Inputs_Formatted!$I30,F_Inputs!$AD$4:$AD$75,0),MATCH(F_Inputs_Formatted!S$4,F_Inputs!$A$4:$AD$4,0)),$O30),"##BLANK") -> 0 | T30: =IFERROR(ROUND(INDEX(F_Inputs!$A$4:$AD$75,MATCH(F_Inputs_Formatted!$I30,F_Inputs!$AD$4:$AD$75,0),MATCH(F_Inputs_Formatted!T$4,F_Inputs!$A$4:$AD$4,0)),$O30),"##BLANK") -> 0 | U30: =IFERROR(ROUND(INDEX(F_Inputs!$A$4:$AD$75,MATCH(F_Inputs_Formatted!$I30,F_Inputs!$AD$4:$AD$75,0),MATCH(F_Inputs_Formatted!U$4,F_Inputs!$A$4:$AD$4,0)),$O30),"##BLANK") -> 0 | V30: =IFERROR(ROUND(INDEX(F_Inputs!$A$4:$AD$75,MATCH(F_Inputs_Formatted!$I30,F_Inputs!$AD$4:$AD$75,0),MATCH(F_Inputs_Formatted!V$4,F_Inputs!$A$4:$AD$4,0)),$O30),"##BLANK") -> 0 | W30: =IFERROR(ROUND(INDEX(F_Inputs!$A$4:$AD$75,MATCH(F_Inputs_Formatted!$I30,F_Inputs!$AD$4:$AD$75,0),MATCH(F_Inputs_Formatted!W$4,F_Inputs!$A$4:$AD$4,0)),$O30),"##BLANK") -> 0 | ... AH30: =IFERROR(ROUND(INDEX(F_Inputs!$A$4:$AD$75,MATCH(F_Inputs_Formatted!$I30,F_Inputs!$AD$4:$AD$75,0),MATCH(F_Inputs_Formatted!AH$4,F_Inputs!$A$4:$AD$4,0)),$O30),"##BLANK") -> 0
B31: YKY | C31: =_xlfn.XLOOKUP($B31,FD_Lists!$B$4:$B$25,FD_Lists!C$4:C$25) -> Yorkshire Water | D31: =_xlfn.XLOOKUP($B31,FD_Lists!$B$4:$B$25,FD_Lists!D$4:D$25) -> England | E31: =_xlfn.XLOOKUP($B31,FD_Lists!$B$4:$B$25,FD_Lists!E$4:E$25) -> Company | F31: =_xlfn.XLOOKUP($B31,FD_Lists!$B$4:$B$25,FD_Lists!F$4:F$25) -> WaSC | G31: Underlying calcs | H31: OUT2_06_PR24 | I31: =B31&H31 -> YKYOUT2_06_PR24 | J31: Base | K31: Company view | L31: BIO | M31: =_xlfn.XLOOKUP($H31,F_Inputs!$B:$B,F_Inputs!C:C) -> Outcome performance from base expenditure - Common PCs - Biodiversity | N31: =_xlfn.XLOOKUP($H31,F_Inputs!$B:$B,F_Inputs!D:D) -> Number | O31: 2 | P31: =IFERROR(ROUND(INDEX(F_Inputs!$A$4:$AD$75,MATCH(F_Inputs_Formatted!$I31,F_Inputs!$AD$4:$AD$75,0),MATCH(F_Inputs_Formatted!P$4,F_Inputs!$A$4:$AD$4,0)),$O31),"##BLANK") -> 0 | Q31: =IFERROR(ROUND(INDEX(F_Inputs!$A$4:$AD$75,MATCH(F_Inputs_Formatted!$I31,F_Inputs!$AD$4:$AD$75,0),MATCH(F_Inputs_Formatted!Q$4,F_Inputs!$A$4:$AD$4,0)),$O31),"##BLANK") -> 0 | R31: =IFERROR(ROUND(INDEX(F_Inputs!$A$4:$AD$75,MATCH(F_Inputs_Formatted!$I31,F_Inputs!$AD$4:$AD$75,0),MATCH(F_Inputs_Formatted!R$4,F_Inputs!$A$4:$AD$4,0)),$O31),"##BLANK") -> 0 | S31: =IFERROR(ROUND(INDEX(F_Inputs!$A$4:$AD$75,MATCH(F_Inputs_Formatted!$I31,F_Inputs!$AD$4:$AD$75,0),MATCH(F_Inputs_Formatted!S$4,F_Inputs!$A$4:$AD$4,0)),$O31),"##BLANK") -> 0 | T31: =IFERROR(ROUND(INDEX(F_Inputs!$A$4:$AD$75,MATCH(F_Inputs_Formatted!$I31,F_Inputs!$AD$4:$AD$75,0),MATCH(F_Inputs_Formatted!T$4,F_Inputs!$A$4:$AD$4,0)),$O31),"##BLANK") -> 0 | U31: =IFERROR(ROUND(INDEX(F_Inputs!$A$4:$AD$75,MATCH(F_Inputs_Formatted!$I31,F_Inputs!$AD$4:$AD$75,0),MATCH(F_Inputs_Formatted!U$4,F_Inputs!$A$4:$AD$4,0)),$O31),"##BLANK") -> 0 | V31: =IFERROR(ROUND(INDEX(F_Inputs!$A$4:$AD$75,MATCH(F_Inputs_Formatted!$I31,F_Inputs!$AD$4:$AD$75,0),MATCH(F_Inputs_Formatted!V$4,F_Inputs!$A$4:$AD$4,0)),$O31),"##BLANK") -> 0 | W31: =IFERROR(ROUND(INDEX(F_Inputs!$A$4:$AD$75,MATCH(F_Inputs_Formatted!$I31,F_Inputs!$AD$4:$AD$75,0),MATCH(F_Inputs_Formatted!W$4,F_Inputs!$A$4:$AD$4,0)),$O31),"##BLANK") -> 0 | ... AH31: =IFERROR(ROUND(INDEX(F_Inputs!$A$4:$AD$75,MATCH(F_Inputs_Formatted!$I31,F_Inputs!$AD$4:$AD$75,0),MATCH(F_Inputs_Formatted!AH$4,F_Inputs!$A$4:$AD$4,0)),$O31),"##BLANK") -> 0
B32: AFW | C32: =_xlfn.XLOOKUP($B32,FD_Lists!$B$4:$B$25,FD_Lists!C$4:C$25) -> Affinity Water | D32: =_xlfn.XLOOKUP($B32,FD_Lists!$B$4:$B$25,FD_Lists!D$4:D$25) -> England | E32: =_xlfn.XLOOKUP($B32,FD_Lists!$B$4:$B$25,FD_Lists!E$4:E$25) -> Company | F32: =_xlfn.XLOOKUP($B32,FD_Lists!$B$4:$B$25,FD_Lists!F$4:F$25) -> WoC | G32: Underlying calcs | H32: OUT2_06_PR24 | I32: =B32&H32 -> AFWOUT2_06_PR24 | J32: Base | K32: Company view | L32: BIO | M32: =_xlfn.XLOOKUP($H32,F_Inputs!$B:$B,F_Inputs!C:C) -> Outcome performance from base expenditure - Common PCs - Biodiversity | N32: =_xlfn.XLOOKUP($H32,F_Inputs!$B:$B,F_Inputs!D:D) -> Number | O32: 2 | P32: =IFERROR(ROUND(INDEX(F_Inputs!$A$4:$AD$75,MATCH(F_Inputs_Formatted!$I32,F_Inputs!$AD$4:$AD$75,0),MATCH(F_Inputs_Formatted!P$4,F_Inputs!$A$4:$AD$4,0)),$O32),"##BLANK") -> ##BLANK | Q32: =IFERROR(ROUND(INDEX(F_Inputs!$A$4:$AD$75,MATCH(F_Inputs_Formatted!$I32,F_Inputs!$AD$4:$AD$75,0),MATCH(F_Inputs_Formatted!Q$4,F_Inputs!$A$4:$AD$4,0)),$O32),"##BLANK") -> ##BLANK | R32: =IFERROR(ROUND(INDEX(F_Inputs!$A$4:$AD$75,MATCH(F_Inputs_Formatted!$I32,F_Inputs!$AD$4:$AD$75,0),MATCH(F_Inputs_Formatted!R$4,F_Inputs!$A$4:$AD$4,0)),$O32),"##BLANK") -> ##BLANK | S32: =IFERROR(ROUND(INDEX(F_Inputs!$A$4:$AD$75,MATCH(F_Inputs_Formatted!$I32,F_Inputs!$AD$4:$AD$75,0),MATCH(F_Inputs_Formatted!S$4,F_Inputs!$A$4:$AD$4,0)),$O32),"##BLANK") -> ##BLANK | T32: =IFERROR(ROUND(INDEX(F_Inputs!$A$4:$AD$75,MATCH(F_Inputs_Formatted!$I32,F_Inputs!$AD$4:$AD$75,0),MATCH(F_Inputs_Formatted!T$4,F_Inputs!$A$4:$AD$4,0)),$O32),"##BLANK") -> ##BLANK | U32: =IFERROR(ROUND(INDEX(F_Inputs!$A$4:$AD$75,MATCH(F_Inputs_Formatted!$I32,F_Inputs!$AD$4:$AD$75,0),MATCH(F_Inputs_Formatted!U$4,F_Inputs!$A$4:$AD$4,0)),$O32),"##BLANK") -> ##BLANK | V32: =IFERROR(ROUND(INDEX(F_Inputs!$A$4:$AD$75,MATCH(F_Inputs_Formatted!$I32,F_Inputs!$AD$4:$AD$75,0),MATCH(F_Inputs_Formatted!V$4,F_Inputs!$A$4:$AD$4,0)),$O32),"##BLANK") -> ##BLANK | W32: =IFERROR(ROUND(INDEX(F_Inputs!$A$4:$AD$75,MATCH(F_Inputs_Formatted!$I32,F_Inputs!$AD$4:$AD$75,0),MATCH(F_Inputs_Formatted!W$4,F_Inputs!$A$4:$AD$4,0)),$O32),"##BLANK") -> ##BLANK | ... AH32: =IFERROR(ROUND(INDEX(F_Inputs!$A$4:$AD$75,MATCH(F_Inputs_Formatted!$I32,F_Inputs!$AD$4:$AD$75,0),MATCH(F_Inputs_Formatted!AH$4,F_Inputs!$A$4:$AD$4,0)),$O32),"##BLANK") -> 0
B33: PRT | C33: =_xlfn.XLOOKUP($B33,FD_Lists!$B$4:$B$25,FD_Lists!C$4:C$25) -> Portsmouth Water | D33: =_xlfn.XLOOKUP($B33,FD_Lists!$B$4:$B$25,FD_Lists!D$4:D$25) -> England | E33: =_xlfn.XLOOKUP($B33,FD_Lists!$B$4:$B$25,FD_Lists!E$4:E$25) -> Company | F33: =_xlfn.XLOOKUP($B33,FD_Lists!$B$4:$B$25,FD_Lists!F$4:F$25) -> WoC | G33: Underlying calcs | H33: OUT2_06_PR24 | I33: =B33&H33 -> PRTOUT2_06_PR24 | J33: Base | K33: Company view | L33: BIO | M33: =_xlfn.XLOOKUP($H33,F_Inputs!$B:$B,F_Inputs!C:C) -> Outcome performance from base expenditure - Common PCs - Biodiversity | N33: =_xlfn.XLOOKUP($H33,F_Inputs!$B:$B,F_Inputs!D:D) -> Number | O33: 2 | P33: =IFERROR(ROUND(INDEX(F_Inputs!$A$4:$AD$75,MATCH(F_Inputs_Formatted!$I33,F_Inputs!$AD$4:$AD$75,0),MATCH(F_Inputs_Formatted!P$4,F_Inputs!$A$4:$AD$4,0)),$O33),"##BLANK") -> ##BLANK | Q33: =IFERROR(ROUND(INDEX(F_Inputs!$A$4:$AD$75,MATCH(F_Inputs_Formatted!$I33,F_Inputs!$AD$4:$AD$75,0),MATCH(F_Inputs_Formatted!Q$4,F_Inputs!$A$4:$AD$4,0)),$O33),"##BLANK") -> ##BLANK | R33: =IFERROR(ROUND(INDEX(F_Inputs!$A$4:$AD$75,MATCH(F_Inputs_Formatted!$I33,F_Inputs!$AD$4:$AD$75,0),MATCH(F_Inputs_Formatted!R$4,F_Inputs!$A$4:$AD$4,0)),$O33),"##BLANK") -> ##BLANK | S33: =IFERROR(ROUND(INDEX(F_Inputs!$A$4:$AD$75,MATCH(F_Inputs_Formatted!$I33,F_Inputs!$AD$4:$AD$75,0),MATCH(F_Inputs_Formatted!S$4,F_Inputs!$A$4:$AD$4,0)),$O33),"##BLANK") -> ##BLANK | T33: =IFERROR(ROUND(INDEX(F_Inputs!$A$4:$AD$75,MATCH(F_Inputs_Formatted!$I33,F_Inputs!$AD$4:$AD$75,0),MATCH(F_Inputs_Formatted!T$4,F_Inputs!$A$4:$AD$4,0)),$O33),"##BLANK") -> ##BLANK | U33: =IFERROR(ROUND(INDEX(F_Inputs!$A$4:$AD$75,MATCH(F_Inputs_Formatted!$I33,F_Inputs!$AD$4:$AD$75,0),MATCH(F_Inputs_Formatted!U$4,F_Inputs!$A$4:$AD$4,0)),$O33),"##BLANK") -> ##BLANK | V33: =IFERROR(ROUND(INDEX(F_Inputs!$A$4:$AD$75,MATCH(F_Inputs_Formatted!$I33,F_Inputs!$AD$4:$AD$75,0),MATCH(F_Inputs_Formatted!V$4,F_Inputs!$A$4:$AD$4,0)),$O33),"##BLANK") -> ##BLANK | W33: =IFERROR(ROUND(INDEX(F_Inputs!$A$4:$AD$75,MATCH(F_Inputs_Formatted!$I33,F_Inputs!$AD$4:$AD$75,0),MATCH(F_Inputs_Formatted!W$4,F_Inputs!$A$4:$AD$4,0)),$O33),"##BLANK") -> ##BLANK | ... AH33: =IFERROR(ROUND(INDEX(F_Inputs!$A$4:$AD$75,MATCH(F_Inputs_Formatted!$I33,F_Inputs!$AD$4:$AD$75,0),MATCH(F_Inputs_Formatted!AH$4,F_Inputs!$A$4:$AD$4,0)),$O33),"##BLANK") -> 0.62
B34: SEW | C34: =_xlfn.XLOOKUP($B34,FD_Lists!$B$4:$B$25,FD_Lists!C$4:C$25) -> South East Water | D34: =_xlfn.XLOOKUP($B34,FD_Lists!$B$4:$B$25,FD_Lists!D$4:D$25) -> England | E34: =_xlfn.XLOOKUP($B34,FD_Lists!$B$4:$B$25,FD_Lists!E$4:E$25) -> Company | F34: =_xlfn.XLOOKUP($B34,FD_Lists!$B$4:$B$25,FD_Lists!F$4:F$25) -> WoC | G34: Underlying calcs | H34: OUT2_06_PR24 | I34: =B34&H34 -> SEWOUT2_06_PR24 | J34: Base | K34: Company view | L34: BIO | M34: =_xlfn.XLOOKUP($H34,F_Inputs!$B:$B,F_Inputs!C:C) -> Outcome performance from base expenditure - Common PCs - Biodiversity | N34: =_xlfn.XLOOKUP($H34,F_Inputs!$B:$B,F_Inputs!D:D) -> Number | O34: 2 | P34: =IFERROR(ROUND(INDEX(F_Inputs!$A$4:$AD$75,MATCH(F_Inputs_Formatted!$I34,F_Inputs!$AD$4:$AD$75,0),MATCH(F_Inputs_Formatted!P$4,F_Inputs!$A$4:$AD$4,0)),$O34),"##BLANK") -> 0 | Q34: =IFERROR(ROUND(INDEX(F_Inputs!$A$4:$AD$75,MATCH(F_Inputs_Formatted!$I34,F_Inputs!$AD$4:$AD$75,0),MATCH(F_Inputs_Formatted!Q$4,F_Inputs!$A$4:$AD$4,0)),$O34),"##BLANK") -> 0 | R34: =IFERROR(ROUND(INDEX(F_Inputs!$A$4:$AD$75,MATCH(F_Inputs_Formatted!$I34,F_Inputs!$AD$4:$AD$75,0),MATCH(F_Inputs_Formatted!R$4,F_Inputs!$A$4:$AD$4,0)),$O34),"##BLANK") -> 0 | S34: =IFERROR(ROUND(INDEX(F_Inputs!$A$4:$AD$75,MATCH(F_Inputs_Formatted!$I34,F_Inputs!$AD$4:$AD$75,0),MATCH(F_Inputs_Formatted!S$4,F_Inputs!$A$4:$AD$4,0)),$O34),"##BLANK") -> 0 | T34: =IFERROR(ROUND(INDEX(F_Inputs!$A$4:$AD$75,MATCH(F_Inputs_Formatted!$I34,F_Inputs!$AD$4:$AD$75,0),MATCH(F_Inputs_Formatted!T$4,F_Inputs!$A$4:$AD$4,0)),$O34),"##BLANK") -> 0 | U34: =IFERROR(ROUND(INDEX(F_Inputs!$A$4:$AD$75,MATCH(F_Inputs_Formatted!$I34,F_Inputs!$AD$4:$AD$75,0),MATCH(F_Inputs_Formatted!U$4,F_Inputs!$A$4:$AD$4,0)),$O34),"##BLANK") -> 0 | V34: =IFERROR(ROUND(INDEX(F_Inputs!$A$4:$AD$75,MATCH(F_Inputs_Formatted!$I34,F_Inputs!$AD$4:$AD$75,0),MATCH(F_Inputs_Formatted!V$4,F_Inputs!$A$4:$AD$4,0)),$O34),"##BLANK") -> 0 | W34: =IFERROR(ROUND(INDEX(F_Inputs!$A$4:$AD$75,MATCH(F_Inputs_Formatted!$I34,F_Inputs!$AD$4:$AD$75,0),MATCH(F_Inputs_Formatted!W$4,F_Inputs!$A$4:$AD$4,0)),$O34),"##BLANK") -> 0 | ... AH34: =IFERROR(ROUND(INDEX(F_Inputs!$A$4:$AD$75,MATCH(F_Inputs_Formatted!$I34,F_Inputs!$AD$4:$AD$75,0),MATCH(F_Inputs_Formatted!AH$4,F_Inputs!$A$4:$AD$4,0)),$O34),"##BLANK") -> 0
B35: SSC | C35: =_xlfn.XLOOKUP($B35,FD_Lists!$B$4:$B$25,FD_Lists!C$4:C$25) -> South Staffordshire Water | D35: =_xlfn.XLOOKUP($B35,FD_Lists!$B$4:$B$25,FD_Lists!D$4:D$25) -> England | E35: =_xlfn.XLOOKUP($B35,FD_Lists!$B$4:$B$25,FD_Lists!E$4:E$25) -> Company | F35: =_xlfn.XLOOKUP($B35,FD_Lists!$B$4:$B$25,FD_Lists!F$4:F$25) -> WoC | G35: Underlying calcs | H35: OUT2_06_PR24 | I35: =B35&H35 -> SSCOUT2_06_PR24 | J35: Base | K35: Company view | L35: BIO | M35: =_xlfn.XLOOKUP($H35,F_Inputs!$B:$B,F_Inputs!C:C) -> Outcome performance from base expenditure - Common PCs - Biodiversity | N35: =_xlfn.XLOOKUP($H35,F_Inputs!$B:$B,F_Inputs!D:D) -> Number | O35: 2 | P35: =IFERROR(ROUND(INDEX(F_Inputs!$A$4:$AD$75,MATCH(F_Inputs_Formatted!$I35,F_Inputs!$AD$4:$AD$75,0),MATCH(F_Inputs_Formatted!P$4,F_Inputs!$A$4:$AD$4,0)),$O35),"##BLANK") -> ##BLANK | Q35: =IFERROR(ROUND(INDEX(F_Inputs!$A$4:$AD$75,MATCH(F_Inputs_Formatted!$I35,F_Inputs!$AD$4:$AD$75,0),MATCH(F_Inputs_Formatted!Q$4,F_Inputs!$A$4:$AD$4,0)),$O35),"##BLANK") -> ##BLANK | R35: =IFERROR(ROUND(INDEX(F_Inputs!$A$4:$AD$75,MATCH(F_Inputs_Formatted!$I35,F_Inputs!$AD$4:$AD$75,0),MATCH(F_Inputs_Formatted!R$4,F_Inputs!$A$4:$AD$4,0)),$O35),"##BLANK") -> ##BLANK | S35: =IFERROR(ROUND(INDEX(F_Inputs!$A$4:$AD$75,MATCH(F_Inputs_Formatted!$I35,F_Inputs!$AD$4:$AD$75,0),MATCH(F_Inputs_Formatted!S$4,F_Inputs!$A$4:$AD$4,0)),$O35),"##BLANK") -> ##BLANK | T35: =IFERROR(ROUND(INDEX(F_Inputs!$A$4:$AD$75,MATCH(F_Inputs_Formatted!$I35,F_Inputs!$AD$4:$AD$75,0),MATCH(F_Inputs_Formatted!T$4,F_Inputs!$A$4:$AD$4,0)),$O35),"##BLANK") -> ##BLANK | U35: =IFERROR(ROUND(INDEX(F_Inputs!$A$4:$AD$75,MATCH(F_Inputs_Formatted!$I35,F_Inputs!$AD$4:$AD$75,0),MATCH(F_Inputs_Formatted!U$4,F_Inputs!$A$4:$AD$4,0)),$O35),"##BLANK") -> ##BLANK | V35: =IFERROR(ROUND(INDEX(F_Inputs!$A$4:$AD$75,MATCH(F_Inputs_Formatted!$I35,F_Inputs!$AD$4:$AD$75,0),MATCH(F_Inputs_Formatted!V$4,F_Inputs!$A$4:$AD$4,0)),$O35),"##BLANK") -> ##BLANK | W35: =IFERROR(ROUND(INDEX(F_Inputs!$A$4:$AD$75,MATCH(F_Inputs_Formatted!$I35,F_Inputs!$AD$4:$AD$75,0),MATCH(F_Inputs_Formatted!W$4,F_Inputs!$A$4:$AD$4,0)),$O35),"##BLANK") -> ##BLANK | ... AH35: =IFERROR(ROUND(INDEX(F_Inputs!$A$4:$AD$75,MATCH(F_Inputs_Formatted!$I35,F_Inputs!$AD$4:$AD$75,0),MATCH(F_Inputs_Formatted!AH$4,F_Inputs!$A$4:$AD$4,0)),$O35),"##BLANK") -> 0.69
B36: SES | C36: =_xlfn.XLOOKUP($B36,FD_Lists!$B$4:$B$25,FD_Lists!C$4:C$25) -> SES Water | D36: =_xlfn.XLOOKUP($B36,FD_Lists!$B$4:$B$25,FD_Lists!D$4:D$25) -> England | E36: =_xlfn.XLOOKUP($B36,FD_Lists!$B$4:$B$25,FD_Lists!E$4:E$25) -> Company | F36: =_xlfn.XLOOKUP($B36,FD_Lists!$B$4:$B$25,FD_Lists!F$4:F$25) -> WoC | G36: Underlying calcs | H36: OUT2_06_PR24 | I36: =B36&H36 -> SESOUT2_06_PR24 | J36: Base | K36: Company view | L36: BIO | M36: =_xlfn.XLOOKUP($H36,F_Inputs!$B:$B,F_Inputs!C:C) -> Outcome performance from base expenditure - Common PCs - Biodiversity | N36: =_xlfn.XLOOKUP($H36,F_Inputs!$B:$B,F_Inputs!D:D) -> Number | O36: 2 | P36: =IFERROR(ROUND(INDEX(F_Inputs!$A$4:$AD$75,MATCH(F_Inputs_Formatted!$I36,F_Inputs!$AD$4:$AD$75,0),MATCH(F_Inputs_Formatted!P$4,F_Inputs!$A$4:$AD$4,0)),$O36),"##BLANK") -> ##BLANK | Q36: =IFERROR(ROUND(INDEX(F_Inputs!$A$4:$AD$75,MATCH(F_Inputs_Formatted!$I36,F_Inputs!$AD$4:$AD$75,0),MATCH(F_Inputs_Formatted!Q$4,F_Inputs!$A$4:$AD$4,0)),$O36),"##BLANK") -> ##BLANK | R36: =IFERROR(ROUND(INDEX(F_Inputs!$A$4:$AD$75,MATCH(F_Inputs_Formatted!$I36,F_Inputs!$AD$4:$AD$75,0),MATCH(F_Inputs_Formatted!R$4,F_Inputs!$A$4:$AD$4,0)),$O36),"##BLANK") -> ##BLANK | S36: =IFERROR(ROUND(INDEX(F_Inputs!$A$4:$AD$75,MATCH(F_Inputs_Formatted!$I36,F_Inputs!$AD$4:$AD$75,0),MATCH(F_Inputs_Formatted!S$4,F_Inputs!$A$4:$AD$4,0)),$O36),"##BLANK") -> ##BLANK | T36: =IFERROR(ROUND(INDEX(F_Inputs!$A$4:$AD$75,MATCH(F_Inputs_Formatted!$I36,F_Inputs!$AD$4:$AD$75,0),MATCH(F_Inputs_Formatted!T$4,F_Inputs!$A$4:$AD$4,0)),$O36),"##BLANK") -> ##BLANK | U36: =IFERROR(ROUND(INDEX(F_Inputs!$A$4:$AD$75,MATCH(F_Inputs_Formatted!$I36,F_Inputs!$AD$4:$AD$75,0),MATCH(F_Inputs_Formatted!U$4,F_Inputs!$A$4:$AD$4,0)),$O36),"##BLANK") -> ##BLANK | V36: =IFERROR(ROUND(INDEX(F_Inputs!$A$4:$AD$75,MATCH(F_Inputs_Formatted!$I36,F_Inputs!$AD$4:$AD$75,0),MATCH(F_Inputs_Formatted!V$4,F_Inputs!$A$4:$AD$4,0)),$O36),"##BLANK") -> ##BLANK | W36: =IFERROR(ROUND(INDEX(F_Inputs!$A$4:$AD$75,MATCH(F_Inputs_Formatted!$I36,F_Inputs!$AD$4:$AD$75,0),MATCH(F_Inputs_Formatted!W$4,F_Inputs!$A$4:$AD$4,0)),$O36),"##BLANK") -> ##BLANK | ... AH36: =IFERROR(ROUND(INDEX(F_Inputs!$A$4:$AD$75,MATCH(F_Inputs_Formatted!$I36,F_Inputs!$AD$4:$AD$75,0),MATCH(F_Inputs_Formatted!AH$4,F_Inputs!$A$4:$AD$4,0)),$O36),"##BLANK") -> 2.41
B37: SWB | C37: =_xlfn.XLOOKUP($B37,FD_Lists!$B$4:$B$25,FD_Lists!C$4:C$25) -> South West Water | D37: =_xlfn.XLOOKUP($B37,FD_Lists!$B$4:$B$25,FD_Lists!D$4:D$25) -> England | E37: =_xlfn.XLOOKUP($B37,FD_Lists!$B$4:$B$25,FD_Lists!E$4:E$25) -> Company | F37: =_xlfn.XLOOKUP($B37,FD_Lists!$B$4:$B$25,FD_Lists!F$4:F$25) -> WaSC | G37: Underlying calcs | H37: OUT2_06_PR24 | I37: =B37&H37 -> SWBOUT2_06_PR24 | J37: Base | K37: Company view | L37: BIO | M37: =_xlfn.XLOOKUP($H37,F_Inputs!$B:$B,F_Inputs!C:C) -> Outcome performance from base expenditure - Common PCs - Biodiversity | N37: =_xlfn.XLOOKUP($H37,F_Inputs!$B:$B,F_Inputs!D:D) -> Number | O37: 2 | P37: =IFERROR(ROUND(INDEX(F_Inputs!$A$4:$AD$75,MATCH(F_Inputs_Formatted!$I37,F_Inputs!$AD$4:$AD$75,0),MATCH(F_Inputs_Formatted!P$4,F_Inputs!$A$4:$AD$4,0)),$O37),"##BLANK") -> 0 | Q37: =IFERROR(ROUND(INDEX(F_Inputs!$A$4:$AD$75,MATCH(F_Inputs_Formatted!$I37,F_Inputs!$AD$4:$AD$75,0),MATCH(F_Inputs_Formatted!Q$4,F_Inputs!$A$4:$AD$4,0)),$O37),"##BLANK") -> 0 | R37: =IFERROR(ROUND(INDEX(F_Inputs!$A$4:$AD$75,MATCH(F_Inputs_Formatted!$I37,F_Inputs!$AD$4:$AD$75,0),MATCH(F_Inputs_Formatted!R$4,F_Inputs!$A$4:$AD$4,0)),$O37),"##BLANK") -> 0 | S37: =IFERROR(ROUND(INDEX(F_Inputs!$A$4:$AD$75,MATCH(F_Inputs_Formatted!$I37,F_Inputs!$AD$4:$AD$75,0),MATCH(F_Inputs_Formatted!S$4,F_Inputs!$A$4:$AD$4,0)),$O37),"##BLANK") -> 0 | T37: =IFERROR(ROUND(INDEX(F_Inputs!$A$4:$AD$75,MATCH(F_Inputs_Formatted!$I37,F_Inputs!$AD$4:$AD$75,0),MATCH(F_Inputs_Formatted!T$4,F_Inputs!$A$4:$AD$4,0)),$O37),"##BLANK") -> 0 | U37: =IFERROR(ROUND(INDEX(F_Inputs!$A$4:$AD$75,MATCH(F_Inputs_Formatted!$I37,F_Inputs!$AD$4:$AD$75,0),MATCH(F_Inputs_Formatted!U$4,F_Inputs!$A$4:$AD$4,0)),$O37),"##BLANK") -> 0 | V37: =IFERROR(ROUND(INDEX(F_Inputs!$A$4:$AD$75,MATCH(F_Inputs_Formatted!$I37,F_Inputs!$AD$4:$AD$75,0),MATCH(F_Inputs_Formatted!V$4,F_Inputs!$A$4:$AD$4,0)),$O37),"##BLANK") -> 0 | W37: =IFERROR(ROUND(INDEX(F_Inputs!$A$4:$AD$75,MATCH(F_Inputs_Formatted!$I37,F_Inputs!$AD$4:$AD$75,0),MATCH(F_Inputs_Formatted!W$4,F_Inputs!$A$4:$AD$4,0)),$O37),"##BLANK") -> 0 | ... AH37: =IFERROR(ROUND(INDEX(F_Inputs!$A$4:$AD$75,MATCH(F_Inputs_Formatted!$I37,F_Inputs!$AD$4:$AD$75,0),MATCH(F_Inputs_Formatted!AH$4,F_Inputs!$A$4:$AD$4,0)),$O37),"##BLANK") -> 0
B38: BRL | C38: =_xlfn.XLOOKUP($B38,FD_Lists!$B$4:$B$25,FD_Lists!C$4:C$25) -> Bristol Water | D38: =_xlfn.XLOOKUP($B38,FD_Lists!$B$4:$B$25,FD_Lists!D$4:D$25) -> England | E38: =_xlfn.XLOOKUP($B38,FD_Lists!$B$4:$B$25,FD_Lists!E$4:E$25) -> Company | F38: =_xlfn.XLOOKUP($B38,FD_Lists!$B$4:$B$25,FD_Lists!F$4:F$25) -> WoC | G38: Underlying calcs | H38: OUT2_06_PR24 | I38: =B38&H38 -> BRLOUT2_06_PR24 | J38: Base | K38: Company view | L38: BIO | M38: =_xlfn.XLOOKUP($H38,F_Inputs!$B:$B,F_Inputs!C:C) -> Outcome performance from base expenditure - Common PCs - Biodiversity | N38: =_xlfn.XLOOKUP($H38,F_Inputs!$B:$B,F_Inputs!D:D) -> Number | O38: 2 | P38: =IFERROR(ROUND(INDEX(F_Inputs!$A$4:$AD$75,MATCH(F_Inputs_Formatted!$I38,F_Inputs!$AD$4:$AD$75,0),MATCH(F_Inputs_Formatted!P$4,F_Inputs!$A$4:$AD$4,0)),$O38),"##BLANK") -> 0 | Q38: =IFERROR(ROUND(INDEX(F_Inputs!$A$4:$AD$75,MATCH(F_Inputs_Formatted!$I38,F_Inputs!$AD$4:$AD$75,0),MATCH(F_Inputs_Formatted!Q$4,F_Inputs!$A$4:$AD$4,0)),$O38),"##BLANK") -> 0 | R38: =IFERROR(ROUND(INDEX(F_Inputs!$A$4:$AD$75,MATCH(F_Inputs_Formatted!$I38,F_Inputs!$AD$4:$AD$75,0),MATCH(F_Inputs_Formatted!R$4,F_Inputs!$A$4:$AD$4,0)),$O38),"##BLANK") -> 0 | S38: =IFERROR(ROUND(INDEX(F_Inputs!$A$4:$AD$75,MATCH(F_Inputs_Formatted!$I38,F_Inputs!$AD$4:$AD$75,0),MATCH(F_Inputs_Formatted!S$4,F_Inputs!$A$4:$AD$4,0)),$O38),"##BLANK") -> 0 | T38: =IFERROR(ROUND(INDEX(F_Inputs!$A$4:$AD$75,MATCH(F_Inputs_Formatted!$I38,F_Inputs!$AD$4:$AD$75,0),MATCH(F_Inputs_Formatted!T$4,F_Inputs!$A$4:$AD$4,0)),$O38),"##BLANK") -> 0 | U38: =IFERROR(ROUND(INDEX(F_Inputs!$A$4:$AD$75,MATCH(F_Inputs_Formatted!$I38,F_Inputs!$AD$4:$AD$75,0),MATCH(F_Inputs_Formatted!U$4,F_Inputs!$A$4:$AD$4,0)),$O38),"##BLANK") -> 0 | V38: =IFERROR(ROUND(INDEX(F_Inputs!$A$4:$AD$75,MATCH(F_Inputs_Formatted!$I38,F_Inputs!$AD$4:$AD$75,0),MATCH(F_Inputs_Formatted!V$4,F_Inputs!$A$4:$AD$4,0)),$O38),"##BLANK") -> 0 | W38: =IFERROR(ROUND(INDEX(F_Inputs!$A$4:$AD$75,MATCH(F_Inputs_Formatted!$I38,F_Inputs!$AD$4:$AD$75,0),MATCH(F_Inputs_Formatted!W$4,F_Inputs!$A$4:$AD$4,0)),$O38),"##BLANK") -> 0 | ... AH38: =IFERROR(ROUND(INDEX(F_Inputs!$A$4:$AD$75,MATCH(F_Inputs_Formatted!$I38,F_Inputs!$AD$4:$AD$75,0),MATCH(F_Inputs_Formatted!AH$4,F_Inputs!$A$4:$AD$4,0)),$O38),"##BLANK") -> 2.12
B39: ANH | C39: =_xlfn.XLOOKUP($B39,FD_Lists!$B$4:$B$25,FD_Lists!C$4:C$25) -> Anglian Water | D39: =_xlfn.XLOOKUP($B39,FD_Lists!$B$4:$B$25,FD_Lists!D$4:D$25) -> England | E39: =_xlfn.XLOOKUP($B39,FD_Lists!$B$4:$B$25,FD_Lists!E$4:E$25) -> Company | F39: =_xlfn.XLOOKUP($B39,FD_Lists!$B$4:$B$25,FD_Lists!F$4:F$25) -> WaSC | G39: Underlying calcs | H39: OUT3_06_01_PR24 | I39: =B39&H39 -> ANHOUT3_06_01_PR24 | J39: Enhancement | K39: Company view | L39: BIO | M39: =_xlfn.XLOOKUP($H39,F_Inputs!$B:$B,F_Inputs!C:C) -> Outcome performance from enhancement expenditure - Common PCs - Biodiversity - Variance between the overall performance (OUT1) and the performance trend delivered | N39: =_xlfn.XLOOKUP($H39,F_Inputs!$B:$B,F_Inputs!D:D) -> Number | O39: 2 | P39: =IFERROR(ROUND(INDEX(F_Inputs!$A$4:$AD$75,MATCH(F_Inputs_Formatted!$I39,F_Inputs!$AD$4:$AD$75,0),MATCH(F_Inputs_Formatted!P$4,F_Inputs!$A$4:$AD$4,0)),$O39),"##BLANK") -> ##BLANK | Q39: =IFERROR(ROUND(INDEX(F_Inputs!$A$4:$AD$75,MATCH(F_Inputs_Formatted!$I39,F_Inputs!$AD$4:$AD$75,0),MATCH(F_Inputs_Formatted!Q$4,F_Inputs!$A$4:$AD$4,0)),$O39),"##BLANK") -> ##BLANK | R39: =IFERROR(ROUND(INDEX(F_Inputs!$A$4:$AD$75,MATCH(F_Inputs_Formatted!$I39,F_Inputs!$AD$4:$AD$75,0),MATCH(F_Inputs_Formatted!R$4,F_Inputs!$A$4:$AD$4,0)),$O39),"##BLANK") -> ##BLANK | S39: =IFERROR(ROUND(INDEX(F_Inputs!$A$4:$AD$75,MATCH(F_Inputs_Formatted!$I39,F_Inputs!$AD$4:$AD$75,0),MATCH(F_Inputs_Formatted!S$4,F_Inputs!$A$4:$AD$4,0)),$O39),"##BLANK") -> ##BLANK | T39: =IFERROR(ROUND(INDEX(F_Inputs!$A$4:$AD$75,MATCH(F_Inputs_Formatted!$I39,F_Inputs!$AD$4:$AD$75,0),MATCH(F_Inputs_Formatted!T$4,F_Inputs!$A$4:$AD$4,0)),$O39),"##BLANK") -> ##BLANK | U39: =IFERROR(ROUND(INDEX(F_Inputs!$A$4:$AD$75,MATCH(F_Inputs_Formatted!$I39,F_Inputs!$AD$4:$AD$75,0),MATCH(F_Inputs_Formatted!U$4,F_Inputs!$A$4:$AD$4,0)),$O39),"##BLANK") -> ##BLANK | V39: =IFERROR(ROUND(INDEX(F_Inputs!$A$4:$AD$75,MATCH(F_Inputs_Formatted!$I39,F_Inputs!$AD$4:$AD$75,0),MATCH(F_Inputs_Formatted!V$4,F_Inputs!$A$4:$AD$4,0)),$O39),"##BLANK") -> ##BLANK | W39: =IFERROR(ROUND(INDEX(F_Inputs!$A$4:$AD$75,MATCH(F_Inputs_Formatted!$I39,F_Inputs!$AD$4:$AD$75,0),MATCH(F_Inputs_Formatted!W$4,F_Inputs!$A$4:$AD$4,0)),$O39),"##BLANK") -> ##BLANK | ... AH39: =IFERROR(ROUND(INDEX(F_Inputs!$A$4:$AD$75,MATCH(F_Inputs_Formatted!$I39,F_Inputs!$AD$4:$AD$75,0),MATCH(F_Inputs_Formatted!AH$4,F_Inputs!$A$4:$AD$4,0)),$O39),"##BLANK") -> 0
B40: WSH | C40: =_xlfn.XLOOKUP($B40,FD_Lists!$B$4:$B$25,FD_Lists!C$4:C$25) -> Dŵr Cymru | D40: =_xlfn.XLOOKUP($B40,FD_Lists!$B$4:$B$25,FD_Lists!D$4:D$25) -> Wales | E40: =_xlfn.XLOOKUP($B40,FD_Lists!$B$4:$B$25,FD_Lists!E$4:E$25) -> Company | F40: =_xlfn.XLOOKUP($B40,FD_Lists!$B$4:$B$25,FD_Lists!F$4:F$25) -> WaSC | G40: Underlying calcs | H40: OUT3_06_01_PR24 | I40: =B40&H40 -> WSHOUT3_06_01_PR24 | J40: Enhancement | K40: Company view | L40: BIO | M40: =_xlfn.XLOOKUP($H40,F_Inputs!$B:$B,F_Inputs!C:C) -> Outcome performance from enhancement expenditure - Common PCs - Biodiversity - Variance between the overall performance (OUT1) and the performance trend delivered | N40: =_xlfn.XLOOKUP($H40,F_Inputs!$B:$B,F_Inputs!D:D) -> Number | O40: 2 | P40: =IFERROR(ROUND(INDEX(F_Inputs!$A$4:$AD$75,MATCH(F_Inputs_Formatted!$I40,F_Inputs!$AD$4:$AD$75,0),MATCH(F_Inputs_Formatted!P$4,F_Inputs!$A$4:$AD$4,0)),$O40),"##BLANK") -> ##BLANK | Q40: =IFERROR(ROUND(INDEX(F_Inputs!$A$4:$AD$75,MATCH(F_Inputs_Formatted!$I40,F_Inputs!$AD$4:$AD$75,0),MATCH(F_Inputs_Formatted!Q$4,F_Inputs!$A$4:$AD$4,0)),$O40),"##BLANK") -> ##BLANK | R40: =IFERROR(ROUND(INDEX(F_Inputs!$A$4:$AD$75,MATCH(F_Inputs_Formatted!$I40,F_Inputs!$AD$4:$AD$75,0),MATCH(F_Inputs_Formatted!R$4,F_Inputs!$A$4:$AD$4,0)),$O40),"##BLANK") -> ##BLANK | S40: =IFERROR(ROUND(INDEX(F_Inputs!$A$4:$AD$75,MATCH(F_Inputs_Formatted!$I40,F_Inputs!$AD$4:$AD$75,0),MATCH(F_Inputs_Formatted!S$4,F_Inputs!$A$4:$AD$4,0)),$O40),"##BLANK") -> ##BLANK | T40: =IFERROR(ROUND(INDEX(F_Inputs!$A$4:$AD$75,MATCH(F_Inputs_Formatted!$I40,F_Inputs!$AD$4:$AD$75,0),MATCH(F_Inputs_Formatted!T$4,F_Inputs!$A$4:$AD$4,0)),$O40),"##BLANK") -> ##BLANK | U40: =IFERROR(ROUND(INDEX(F_Inputs!$A$4:$AD$75,MATCH(F_Inputs_Formatted!$I40,F_Inputs!$AD$4:$AD$75,0),MATCH(F_Inputs_Formatted!U$4,F_Inputs!$A$4:$AD$4,0)),$O40),"##BLANK") -> ##BLANK | V40: =IFERROR(ROUND(INDEX(F_Inputs!$A$4:$AD$75,MATCH(F_Inputs_Formatted!$I40,F_Inputs!$AD$4:$AD$75,0),MATCH(F_Inputs_Formatted!V$4,F_Inputs!$A$4:$AD$4,0)),$O40),"##BLANK") -> ##BLANK | W40: =IFERROR(ROUND(INDEX(F_Inputs!$A$4:$AD$75,MATCH(F_Inputs_Formatted!$I40,F_Inputs!$AD$4:$AD$75,0),MATCH(F_Inputs_Formatted!W$4,F_Inputs!$A$4:$AD$4,0)),$O40),"##BLANK") -> ##BLANK | ... AH40: =IFERROR(ROUND(INDEX(F_Inputs!$A$4:$AD$75,MATCH(F_Inputs_Formatted!$I40,F_Inputs!$AD$4:$AD$75,0),MATCH(F_Inputs_Formatted!AH$4,F_Inputs!$A$4:$AD$4,0)),$O40),"##BLANK") -> 0.73
B41: HDD | C41: =_xlfn.XLOOKUP($B41,FD_Lists!$B$4:$B$25,FD_Lists!C$4:C$25) -> Hafren Dyfrdwy | D41: =_xlfn.XLOOKUP($B41,FD_Lists!$B$4:$B$25,FD_Lists!D$4:D$25) -> Wales | E41: =_xlfn.XLOOKUP($B41,FD_Lists!$B$4:$B$25,FD_Lists!E$4:E$25) -> Company | F41: =_xlfn.XLOOKUP($B41,FD_Lists!$B$4:$B$25,FD_Lists!F$4:F$25) -> WaSC | G41: Underlying calcs | H41: OUT3_06_01_PR24 | I41: =B41&H41 -> HDDOUT3_06_01_PR24 | J41: Enhancement | K41: Company view | L41: BIO | M41: =_xlfn.XLOOKUP($H41,F_Inputs!$B:$B,F_Inputs!C:C) -> Outcome performance from enhancement expenditure - Common PCs - Biodiversity - Variance between the overall performance (OUT1) and the performance trend delivered | N41: =_xlfn.XLOOKUP($H41,F_Inputs!$B:$B,F_Inputs!D:D) -> Number | O41: 2 | P41: =IFERROR(ROUND(INDEX(F_Inputs!$A$4:$AD$75,MATCH(F_Inputs_Formatted!$I41,F_Inputs!$AD$4:$AD$75,0),MATCH(F_Inputs_Formatted!P$4,F_Inputs!$A$4:$AD$4,0)),$O41),"##BLANK") -> ##BLANK | Q41: =IFERROR(ROUND(INDEX(F_Inputs!$A$4:$AD$75,MATCH(F_Inputs_Formatted!$I41,F_Inputs!$AD$4:$AD$75,0),MATCH(F_Inputs_Formatted!Q$4,F_Inputs!$A$4:$AD$4,0)),$O41),"##BLANK") -> ##BLANK | R41: =IFERROR(ROUND(INDEX(F_Inputs!$A$4:$AD$75,MATCH(F_Inputs_Formatted!$I41,F_Inputs!$AD$4:$AD$75,0),MATCH(F_Inputs_Formatted!R$4,F_Inputs!$A$4:$AD$4,0)),$O41),"##BLANK") -> ##BLANK | S41: =IFERROR(ROUND(INDEX(F_Inputs!$A$4:$AD$75,MATCH(F_Inputs_Formatted!$I41,F_Inputs!$AD$4:$AD$75,0),MATCH(F_Inputs_Formatted!S$4,F_Inputs!$A$4:$AD$4,0)),$O41),"##BLANK") -> ##BLANK | T41: =IFERROR(ROUND(INDEX(F_Inputs!$A$4:$AD$75,MATCH(F_Inputs_Formatted!$I41,F_Inputs!$AD$4:$AD$75,0),MATCH(F_Inputs_Formatted!T$4,F_Inputs!$A$4:$AD$4,0)),$O41),"##BLANK") -> ##BLANK | U41: =IFERROR(ROUND(INDEX(F_Inputs!$A$4:$AD$75,MATCH(F_Inputs_Formatted!$I41,F_Inputs!$AD$4:$AD$75,0),MATCH(F_Inputs_Formatted!U$4,F_Inputs!$A$4:$AD$4,0)),$O41),"##BLANK") -> ##BLANK | V41: =IFERROR(ROUND(INDEX(F_Inputs!$A$4:$AD$75,MATCH(F_Inputs_Formatted!$I41,F_Inputs!$AD$4:$AD$75,0),MATCH(F_Inputs_Formatted!V$4,F_Inputs!$A$4:$AD$4,0)),$O41),"##BLANK") -> ##BLANK | W41: =IFERROR(ROUND(INDEX(F_Inputs!$A$4:$AD$75,MATCH(F_Inputs_Formatted!$I41,F_Inputs!$AD$4:$AD$75,0),MATCH(F_Inputs_Formatted!W$4,F_Inputs!$A$4:$AD$4,0)),$O41),"##BLANK") -> ##BLANK | ... AH41: =IFERROR(ROUND(INDEX(F_Inputs!$A$4:$AD$75,MATCH(F_Inputs_Formatted!$I41,F_Inputs!$AD$4:$AD$75,0),MATCH(F_Inputs_Formatted!AH$4,F_Inputs!$A$4:$AD$4,0)),$O41),"##BLANK") -> 2.74
... B45: TMS | C45: =_xlfn.XLOOKUP($B45,FD_Lists!$B$4:$B$25,FD_Lists!C$4:C$25) -> Thames Water | D45: =_xlfn.XLOOKUP($B45,FD_Lists!$B$4:$B$25,FD_Lists!D$4:D$25) -> England | E45: =_xlfn.XLOOKUP($B45,FD_Lists!$B$4:$B$25,FD_Lists!E$4:E$25) -> Company | F45: =_xlfn.XLOOKUP($B45,FD_Lists!$B$4:$B$25,FD_Lists!F$4:F$25) -> WaSC | G45: Underlying calcs | H45: OUT3_06_01_PR24 | I45: =B45&H45 -> TMSOUT3_06_01_PR24 | J45: Enhancement | K45: Company view | L45: BIO | M45: =_xlfn.XLOOKUP($H45,F_Inputs!$B:$B,F_Inputs!C:C) -> Outcome performance from enhancement expenditure - Common PCs - Biodiversity - Variance between the overall performance (OUT1) and the performance trend delivered | N45: =_xlfn.XLOOKUP($H45,F_Inputs!$B:$B,F_Inputs!D:D) -> Number | O45: 2 | P45: =IFERROR(ROUND(INDEX(F_Inputs!$A$4:$AD$75,MATCH(F_Inputs_Formatted!$I45,F_Inputs!$AD$4:$AD$75,0),MATCH(F_Inputs_Formatted!P$4,F_Inputs!$A$4:$AD$4,0)),$O45),"##BLANK") -> ##BLANK | Q45: =IFERROR(ROUND(INDEX(F_Inputs!$A$4:$AD$75,MATCH(F_Inputs_Formatted!$I45,F_Inputs!$AD$4:$AD$75,0),MATCH(F_Inputs_Formatted!Q$4,F_Inputs!$A$4:$AD$4,0)),$O45),"##BLANK") -> ##BLANK | R45: =IFERROR(ROUND(INDEX(F_Inputs!$A$4:$AD$75,MATCH(F_Inputs_Formatted!$I45,F_Inputs!$AD$4:$AD$75,0),MATCH(F_Inputs_Formatted!R$4,F_Inputs!$A$4:$AD$4,0)),$O45),"##BLANK") -> ##BLANK | S45: =IFERROR(ROUND(INDEX(F_Inputs!$A$4:$AD$75,MATCH(F_Inputs_Formatted!$I45,F_Inputs!$AD$4:$AD$75,0),MATCH(F_Inputs_Formatted!S$4,F_Inputs!$A$4:$AD$4,0)),$O45),"##BLANK") -> ##BLANK | T45: =IFERROR(ROUND(INDEX(F_Inputs!$A$4:$AD$75,MATCH(F_Inputs_Formatted!$I45,F_Inputs!$AD$4:$AD$75,0),MATCH(F_Inputs_Formatted!T$4,F_Inputs!$A$4:$AD$4,0)),$O45),"##BLANK") -> ##BLANK | U45: =IFERROR(ROUND(INDEX(F_Inputs!$A$4:$AD$75,MATCH(F_Inputs_Formatted!$I45,F_Inputs!$AD$4:$AD$75,0),MATCH(F_Inputs_Formatted!U$4,F_Inputs!$A$4:$AD$4,0)),$O45),"##BLANK") -> ##BLANK | V45: =IFERROR(ROUND(INDEX(F_Inputs!$A$4:$AD$75,MATCH(F_Inputs_Formatted!$I45,F_Inputs!$AD$4:$AD$75,0),MATCH(F_Inputs_Formatted!V$4,F_Inputs!$A$4:$AD$4,0)),$O45),"##BLANK") -> ##BLANK | W45: =IFERROR(ROUND(INDEX(F_Inputs!$A$4:$AD$75,MATCH(F_Inputs_Formatted!$I45,F_Inputs!$AD$4:$AD$75,0),MATCH(F_Inputs_Formatted!W$4,F_Inputs!$A$4:$AD$4,0)),$O45),"##BLANK") -> ##BLANK | ... AH45: =IFERROR(ROUND(INDEX(F_Inputs!$A$4:$AD$75,MATCH(F_Inputs_Formatted!$I45,F_Inputs!$AD$4:$AD$75,0),MATCH(F_Inputs_Formatted!AH$4,F_Inputs!$A$4:$AD$4,0)),$O45),"##BLANK") -> 0
A46: UUW | B46: NWT | C46: =_xlfn.XLOOKUP($B46,FD_Lists!$B$4:$B$25,FD_Lists!C$4:C$25) -> United Utilities | D46: =_xlfn.XLOOKUP($B46,FD_Lists!$B$4:$B$25,FD_Lists!D$4:D$25) -> England | E46: =_xlfn.XLOOKUP($B46,FD_Lists!$B$4:$B$25,FD_Lists!E$4:E$25) -> Company | F46: =_xlfn.XLOOKUP($B46,FD_Lists!$B$4:$B$25,FD_Lists!F$4:F$25) -> WaSC | G46: Underlying calcs | H46: OUT3_06_01_PR24 | I46: =B46&H46 -> NWTOUT3_06_01_PR24 | J46: Enhancement | K46: Company view | L46: BIO | M46: =_xlfn.XLOOKUP($H46,F_Inputs!$B:$B,F_Inputs!C:C) -> Outcome performance from enhancement expenditure - Common PCs - Biodiversity - Variance between the overall performance (OUT1) and the performance trend delivered | N46: =_xlfn.XLOOKUP($H46,F_Inputs!$B:$B,F_Inputs!D:D) -> Number | O46: 2 | P46: =IFERROR(ROUND(INDEX(F_Inputs!$A$4:$AD$75,MATCH(F_Inputs_Formatted!$I46,F_Inputs!$AD$4:$AD$75,0),MATCH(F_Inputs_Formatted!P$4,F_Inputs!$A$4:$AD$4,0)),$O46),"##BLANK") -> ##BLANK | Q46: =IFERROR(ROUND(INDEX(F_Inputs!$A$4:$AD$75,MATCH(F_Inputs_Formatted!$I46,F_Inputs!$AD$4:$AD$75,0),MATCH(F_Inputs_Formatted!Q$4,F_Inputs!$A$4:$AD$4,0)),$O46),"##BLANK") -> ##BLANK | R46: =IFERROR(ROUND(INDEX(F_Inputs!$A$4:$AD$75,MATCH(F_Inputs_Formatted!$I46,F_Inputs!$AD$4:$AD$75,0),MATCH(F_Inputs_Formatted!R$4,F_Inputs!$A$4:$AD$4,0)),$O46),"##BLANK") -> ##BLANK | S46: =IFERROR(ROUND(INDEX(F_Inputs!$A$4:$AD$75,MATCH(F_Inputs_Formatted!$I46,F_Inputs!$AD$4:$AD$75,0),MATCH(F_Inputs_Formatted!S$4,F_Inputs!$A$4:$AD$4,0)),$O46),"##BLANK") -> ##BLANK | T46: =IFERROR(ROUND(INDEX(F_Inputs!$A$4:$AD$75,MATCH(F_Inputs_Formatted!$I46,F_Inputs!$AD$4:$AD$75,0),MATCH(F_Inputs_Formatted!T$4,F_Inputs!$A$4:$AD$4,0)),$O46),"##BLANK") -> ##BLANK | U46: =IFERROR(ROUND(INDEX(F_Inputs!$A$4:$AD$75,MATCH(F_Inputs_Formatted!$I46,F_Inputs!$AD$4:$AD$75,0),MATCH(F_Inputs_Formatted!U$4,F_Inputs!$A$4:$AD$4,0)),$O46),"##BLANK") -> ##BLANK | V46: =IFERROR(ROUND(INDEX(F_Inputs!$A$4:$AD$75,MATCH(F_Inputs_Formatted!$I46,F_Inputs!$AD$4:$AD$75,0),MATCH(F_Inputs_Formatted!V$4,F_Inputs!$A$4:$AD$4,0)),$O46),"##BLANK") -> ##BLANK | W46: =IFERROR(ROUND(INDEX(F_Inputs!$A$4:$AD$75,MATCH(F_Inputs_Formatted!$I46,F_Inputs!$AD$4:$AD$75,0),MATCH(F_Inputs_Formatted!W$4,F_Inputs!$A$4:$AD$4,0)),$O46),"##BLANK") -> ##BLANK | ... AH46: =IFERROR(ROUND(INDEX(F_Inputs!$A$4:$AD$75,MATCH(F_Inputs_Formatted!$I46,F_Inputs!$AD$4:$AD$75,0),MATCH(F_Inputs_Formatted!AH$4,F_Inputs!$A$4:$AD$4,0)),$O46),"##BLANK") -> 0.73
B47: WSX | C47: =_xlfn.XLOOKUP($B47,FD_Lists!$B$4:$B$25,FD_Lists!C$4:C$25) -> Wessex Water | D47: =_xlfn.XLOOKUP($B47,FD_Lists!$B$4:$B$25,FD_Lists!D$4:D$25) -> England | E47: =_xlfn.XLOOKUP($B47,FD_Lists!$B$4:$B$25,FD_Lists!E$4:E$25) -> Company | F47: =_xlfn.XLOOKUP($B47,FD_Lists!$B$4:$B$25,FD_Lists!F$4:F$25) -> WaSC | G47: Underlying calcs | H47: OUT3_06_01_PR24 | I47: =B47&H47 -> WSXOUT3_06_01_PR24 | J47: Enhancement | K47: Company view | L47: BIO | M47: =_xlfn.XLOOKUP($H47,F_Inputs!$B:$B,F_Inputs!C:C) -> Outcome performance from enhancement expenditure - Common PCs - Biodiversity - Variance between the overall performance (OUT1) and the performance trend delivered | N47: =_xlfn.XLOOKUP($H47,F_Inputs!$B:$B,F_Inputs!D:D) -> Number | O47: 2 | P47: =IFERROR(ROUND(INDEX(F_Inputs!$A$4:$AD$75,MATCH(F_Inputs_Formatted!$I47,F_Inputs!$AD$4:$AD$75,0),MATCH(F_Inputs_Formatted!P$4,F_Inputs!$A$4:$AD$4,0)),$O47),"##BLANK") -> ##BLANK | Q47: =IFERROR(ROUND(INDEX(F_Inputs!$A$4:$AD$75,MATCH(F_Inputs_Formatted!$I47,F_Inputs!$AD$4:$AD$75,0),MATCH(F_Inputs_Formatted!Q$4,F_Inputs!$A$4:$AD$4,0)),$O47),"##BLANK") -> ##BLANK | R47: =IFERROR(ROUND(INDEX(F_Inputs!$A$4:$AD$75,MATCH(F_Inputs_Formatted!$I47,F_Inputs!$AD$4:$AD$75,0),MATCH(F_Inputs_Formatted!R$4,F_Inputs!$A$4:$AD$4,0)),$O47),"##BLANK") -> ##BLANK | S47: =IFERROR(ROUND(INDEX(F_Inputs!$A$4:$AD$75,MATCH(F_Inputs_Formatted!$I47,F_Inputs!$AD$4:$AD$75,0),MATCH(F_Inputs_Formatted!S$4,F_Inputs!$A$4:$AD$4,0)),$O47),"##BLANK") -> ##BLANK | T47: =IFERROR(ROUND(INDEX(F_Inputs!$A$4:$AD$75,MATCH(F_Inputs_Formatted!$I47,F_Inputs!$AD$4:$AD$75,0),MATCH(F_Inputs_Formatted!T$4,F_Inputs!$A$4:$AD$4,0)),$O47),"##BLANK") -> ##BLANK | U47: =IFERROR(ROUND(INDEX(F_Inputs!$A$4:$AD$75,MATCH(F_Inputs_Formatted!$I47,F_Inputs!$AD$4:$AD$75,0),MATCH(F_Inputs_Formatted!U$4,F_Inputs!$A$4:$AD$4,0)),$O47),"##BLANK") -> ##BLANK | V47: =IFERROR(ROUND(INDEX(F_Inputs!$A$4:$AD$75,MATCH(F_Inputs_Formatted!$I47,F_Inputs!$AD$4:$AD$75,0),MATCH(F_Inputs_Formatted!V$4,F_Inputs!$A$4:$AD$4,0)),$O47),"##BLANK") -> ##BLANK | W47: =IFERROR(ROUND(INDEX(F_Inputs!$A$4:$AD$75,MATCH(F_Inputs_Formatted!$I47,F_Inputs!$AD$4:$AD$75,0),MATCH(F_Inputs_Formatted!W$4,F_Inputs!$A$4:$AD$4,0)),$O47),"##BLANK") -> ##BLANK | ... AH47: =IFERROR(ROUND(INDEX(F_Inputs!$A$4:$AD$75,MATCH(F_Inputs_Formatted!$I47,F_Inputs!$AD$4:$AD$75,0),MATCH(F_Inputs_Formatted!AH$4,F_Inputs!$A$4:$AD$4,0)),$O47),"##BLANK") -> 0.17
B48: YKY | C48: =_xlfn.XLOOKUP($B48,FD_Lists!$B$4:$B$25,FD_Lists!C$4:C$25) -> Yorkshire Water | D48: =_xlfn.XLOOKUP($B48,FD_Lists!$B$4:$B$25,FD_Lists!D$4:D$25) -> England | E48: =_xlfn.XLOOKUP($B48,FD_Lists!$B$4:$B$25,FD_Lists!E$4:E$25) -> Company | F48: =_xlfn.XLOOKUP($B48,FD_Lists!$B$4:$B$25,FD_Lists!F$4:F$25) -> WaSC | G48: Underlying calcs | H48: OUT3_06_01_PR24 | I48: =B48&H48 -> YKYOUT3_06_01_PR24 | J48: Enhancement | K48: Company view | L48: BIO | M48: =_xlfn.XLOOKUP($H48,F_Inputs!$B:$B,F_Inputs!C:C) -> Outcome performance from enhancement expenditure - Common PCs - Biodiversity - Variance between the overall performance (OUT1) and the performance trend delivered | N48: =_xlfn.XLOOKUP($H48,F_Inputs!$B:$B,F_Inputs!D:D) -> Number | O48: 2 | P48: =IFERROR(ROUND(INDEX(F_Inputs!$A$4:$AD$75,MATCH(F_Inputs_Formatted!$I48,F_Inputs!$AD$4:$AD$75,0),MATCH(F_Inputs_Formatted!P$4,F_Inputs!$A$4:$AD$4,0)),$O48),"##BLANK") -> ##BLANK | Q48: =IFERROR(ROUND(INDEX(F_Inputs!$A$4:$AD$75,MATCH(F_Inputs_Formatted!$I48,F_Inputs!$AD$4:$AD$75,0),MATCH(F_Inputs_Formatted!Q$4,F_Inputs!$A$4:$AD$4,0)),$O48),"##BLANK") -> ##BLANK | R48: =IFERROR(ROUND(INDEX(F_Inputs!$A$4:$AD$75,MATCH(F_Inputs_Formatted!$I48,F_Inputs!$AD$4:$AD$75,0),MATCH(F_Inputs_Formatted!R$4,F_Inputs!$A$4:$AD$4,0)),$O48),"##BLANK") -> ##BLANK | S48: =IFERROR(ROUND(INDEX(F_Inputs!$A$4:$AD$75,MATCH(F_Inputs_Formatted!$I48,F_Inputs!$AD$4:$AD$75,0),MATCH(F_Inputs_Formatted!S$4,F_Inputs!$A$4:$AD$4,0)),$O48),"##BLANK") -> ##BLANK | T48: =IFERROR(ROUND(INDEX(F_Inputs!$A$4:$AD$75,MATCH(F_Inputs_Formatted!$I48,F_Inputs!$AD$4:$AD$75,0),MATCH(F_Inputs_Formatted!T$4,F_Inputs!$A$4:$AD$4,0)),$O48),"##BLANK") -> ##BLANK | U48: =IFERROR(ROUND(INDEX(F_Inputs!$A$4:$AD$75,MATCH(F_Inputs_Formatted!$I48,F_Inputs!$AD$4:$AD$75,0),MATCH(F_Inputs_Formatted!U$4,F_Inputs!$A$4:$AD$4,0)),$O48),"##BLANK") -> ##BLANK | V48: =IFERROR(ROUND(INDEX(F_Inputs!$A$4:$AD$75,MATCH(F_Inputs_Formatted!$I48,F_Inputs!$AD$4:$AD$75,0),MATCH(F_Inputs_Formatted!V$4,F_Inputs!$A$4:$AD$4,0)),$O48),"##BLANK") -> ##BLANK | W48: =IFERROR(ROUND(INDEX(F_Inputs!$A$4:$AD$75,MATCH(F_Inputs_Formatted!$I48,F_Inputs!$AD$4:$AD$75,0),MATCH(F_Inputs_Formatted!W$4,F_Inputs!$A$4:$AD$4,0)),$O48),"##BLANK") -> ##BLANK | ... AH48: =IFERROR(ROUND(INDEX(F_Inputs!$A$4:$AD$75,MATCH(F_Inputs_Formatted!$I48,F_Inputs!$AD$4:$AD$75,0),MATCH(F_Inputs_Formatted!AH$4,F_Inputs!$A$4:$AD$4,0)),$O48),"##BLANK") -> 0.85
B49: AFW | C49: =_xlfn.XLOOKUP($B49,FD_Lists!$B$4:$B$25,FD_Lists!C$4:C$25) -> Affinity Water | D49: =_xlfn.XLOOKUP($B49,FD_Lists!$B$4:$B$25,FD_Lists!D$4:D$25) -> England | E49: =_xlfn.XLOOKUP($B49,FD_Lists!$B$4:$B$25,FD_Lists!E$4:E$25) -> Company | F49: =_xlfn.XLOOKUP($B49,FD_Lists!$B$4:$B$25,FD_Lists!F$4:F$25) -> WoC | G49: Underlying calcs | H49: OUT3_06_01_PR24 | I49: =B49&H49 -> AFWOUT3_06_01_PR24 | J49: Enhancement | K49: Company view | L49: BIO | M49: =_xlfn.XLOOKUP($H49,F_Inputs!$B:$B,F_Inputs!C:C) -> Outcome performance from enhancement expenditure - Common PCs - Biodiversity - Variance between the overall performance (OUT1) and the performance trend delivered | N49: =_xlfn.XLOOKUP($H49,F_Inputs!$B:$B,F_Inputs!D:D) -> Number | O49: 2 | P49: =IFERROR(ROUND(INDEX(F_Inputs!$A$4:$AD$75,MATCH(F_Inputs_Formatted!$I49,F_Inputs!$AD$4:$AD$75,0),MATCH(F_Inputs_Formatted!P$4,F_Inputs!$A$4:$AD$4,0)),$O49),"##BLANK") -> ##BLANK | Q49: =IFERROR(ROUND(INDEX(F_Inputs!$A$4:$AD$75,MATCH(F_Inputs_Formatted!$I49,F_Inputs!$AD$4:$AD$75,0),MATCH(F_Inputs_Formatted!Q$4,F_Inputs!$A$4:$AD$4,0)),$O49),"##BLANK") -> ##BLANK | R49: =IFERROR(ROUND(INDEX(F_Inputs!$A$4:$AD$75,MATCH(F_Inputs_Formatted!$I49,F_Inputs!$AD$4:$AD$75,0),MATCH(F_Inputs_Formatted!R$4,F_Inputs!$A$4:$AD$4,0)),$O49),"##BLANK") -> ##BLANK | S49: =IFERROR(ROUND(INDEX(F_Inputs!$A$4:$AD$75,MATCH(F_Inputs_Formatted!$I49,F_Inputs!$AD$4:$AD$75,0),MATCH(F_Inputs_Formatted!S$4,F_Inputs!$A$4:$AD$4,0)),$O49),"##BLANK") -> ##BLANK | T49: =IFERROR(ROUND(INDEX(F_Inputs!$A$4:$AD$75,MATCH(F_Inputs_Formatted!$I49,F_Inputs!$AD$4:$AD$75,0),MATCH(F_Inputs_Formatted!T$4,F_Inputs!$A$4:$AD$4,0)),$O49),"##BLANK") -> ##BLANK | U49: =IFERROR(ROUND(INDEX(F_Inputs!$A$4:$AD$75,MATCH(F_Inputs_Formatted!$I49,F_Inputs!$AD$4:$AD$75,0),MATCH(F_Inputs_Formatted!U$4,F_Inputs!$A$4:$AD$4,0)),$O49),"##BLANK") -> ##BLANK | V49: =IFERROR(ROUND(INDEX(F_Inputs!$A$4:$AD$75,MATCH(F_Inputs_Formatted!$I49,F_Inputs!$AD$4:$AD$75,0),MATCH(F_Inputs_Formatted!V$4,F_Inputs!$A$4:$AD$4,0)),$O49),"##BLANK") -> ##BLANK | W49: =IFERROR(ROUND(INDEX(F_Inputs!$A$4:$AD$75,MATCH(F_Inputs_Formatted!$I49,F_Inputs!$AD$4:$AD$75,0),MATCH(F_Inputs_Formatted!W$4,F_Inputs!$A$4:$AD$4,0)),$O49),"##BLANK") -> ##BLANK | ... AH49: =IFERROR(ROUND(INDEX(F_Inputs!$A$4:$AD$75,MATCH(F_Inputs_Formatted!$I49,F_Inputs!$AD$4:$AD$75,0),MATCH(F_Inputs_Formatted!AH$4,F_Inputs!$A$4:$AD$4,0)),$O49),"##BLANK") -> 0.73
B50: PRT | C50: =_xlfn.XLOOKUP($B50,FD_Lists!$B$4:$B$25,FD_Lists!C$4:C$25) -> Portsmouth Water | D50: =_xlfn.XLOOKUP($B50,FD_Lists!$B$4:$B$25,FD_Lists!D$4:D$25) -> England | E50: =_xlfn.XLOOKUP($B50,FD_Lists!$B$4:$B$25,FD_Lists!E$4:E$25) -> Company | F50: =_xlfn.XLOOKUP($B50,FD_Lists!$B$4:$B$25,FD_Lists!F$4:F$25) -> WoC | G50: Underlying calcs | H50: OUT3_06_01_PR24 | I50: =B50&H50 -> PRTOUT3_06_01_PR24 | J50: Enhancement | K50: Company view | L50: BIO | M50: =_xlfn.XLOOKUP($H50,F_Inputs!$B:$B,F_Inputs!C:C) -> Outcome performance from enhancement expenditure - Common PCs - Biodiversity - Variance between the overall performance (OUT1) and the performance trend delivered | N50: =_xlfn.XLOOKUP($H50,F_Inputs!$B:$B,F_Inputs!D:D) -> Number | O50: 2 | P50: =IFERROR(ROUND(INDEX(F_Inputs!$A$4:$AD$75,MATCH(F_Inputs_Formatted!$I50,F_Inputs!$AD$4:$AD$75,0),MATCH(F_Inputs_Formatted!P$4,F_Inputs!$A$4:$AD$4,0)),$O50),"##BLANK") -> ##BLANK | Q50: =IFERROR(ROUND(INDEX(F_Inputs!$A$4:$AD$75,MATCH(F_Inputs_Formatted!$I50,F_Inputs!$AD$4:$AD$75,0),MATCH(F_Inputs_Formatted!Q$4,F_Inputs!$A$4:$AD$4,0)),$O50),"##BLANK") -> ##BLANK | R50: =IFERROR(ROUND(INDEX(F_Inputs!$A$4:$AD$75,MATCH(F_Inputs_Formatted!$I50,F_Inputs!$AD$4:$AD$75,0),MATCH(F_Inputs_Formatted!R$4,F_Inputs!$A$4:$AD$4,0)),$O50),"##BLANK") -> ##BLANK | S50: =IFERROR(ROUND(INDEX(F_Inputs!$A$4:$AD$75,MATCH(F_Inputs_Formatted!$I50,F_Inputs!$AD$4:$AD$75,0),MATCH(F_Inputs_Formatted!S$4,F_Inputs!$A$4:$AD$4,0)),$O50),"##BLANK") -> ##BLANK | T50: =IFERROR(ROUND(INDEX(F_Inputs!$A$4:$AD$75,MATCH(F_Inputs_Formatted!$I50,F_Inputs!$AD$4:$AD$75,0),MATCH(F_Inputs_Formatted!T$4,F_Inputs!$A$4:$AD$4,0)),$O50),"##BLANK") -> ##BLANK | U50: =IFERROR(ROUND(INDEX(F_Inputs!$A$4:$AD$75,MATCH(F_Inputs_Formatted!$I50,F_Inputs!$AD$4:$AD$75,0),MATCH(F_Inputs_Formatted!U$4,F_Inputs!$A$4:$AD$4,0)),$O50),"##BLANK") -> ##BLANK | V50: =IFERROR(ROUND(INDEX(F_Inputs!$A$4:$AD$75,MATCH(F_Inputs_Formatted!$I50,F_Inputs!$AD$4:$AD$75,0),MATCH(F_Inputs_Formatted!V$4,F_Inputs!$A$4:$AD$4,0)),$O50),"##BLANK") -> ##BLANK | W50: =IFERROR(ROUND(INDEX(F_Inputs!$A$4:$AD$75,MATCH(F_Inputs_Formatted!$I50,F_Inputs!$AD$4:$AD$75,0),MATCH(F_Inputs_Formatted!W$4,F_Inputs!$A$4:$AD$4,0)),$O50),"##BLANK") -> ##BLANK | ... AH50: =IFERROR(ROUND(INDEX(F_Inputs!$A$4:$AD$75,MATCH(F_Inputs_Formatted!$I50,F_Inputs!$AD$4:$AD$75,0),MATCH(F_Inputs_Formatted!AH$4,F_Inputs!$A$4:$AD$4,0)),$O50),"##BLANK") -> 0
B51: SEW | C51: =_xlfn.XLOOKUP($B51,FD_Lists!$B$4:$B$25,FD_Lists!C$4:C$25) -> South East Water | D51: =_xlfn.XLOOKUP($B51,FD_Lists!$B$4:$B$25,FD_Lists!D$4:D$25) -> England | E51: =_xlfn.XLOOKUP($B51,FD_Lists!$B$4:$B$25,FD_Lists!E$4:E$25) -> Company | F51: =_xlfn.XLOOKUP($B51,FD_Lists!$B$4:$B$25,FD_Lists!F$4:F$25) -> WoC | G51: Underlying calcs | H51: OUT3_06_01_PR24 | I51: =B51&H51 -> SEWOUT3_06_01_PR24 | J51: Enhancement | K51: Company view | L51: BIO | M51: =_xlfn.XLOOKUP($H51,F_Inputs!$B:$B,F_Inputs!C:C) -> Outcome performance from enhancement expenditure - Common PCs - Biodiversity - Variance between the overall performance (OUT1) and the performance trend delivered | N51: =_xlfn.XLOOKUP($H51,F_Inputs!$B:$B,F_Inputs!D:D) -> Number | O51: 2 | P51: =IFERROR(ROUND(INDEX(F_Inputs!$A$4:$AD$75,MATCH(F_Inputs_Formatted!$I51,F_Inputs!$AD$4:$AD$75,0),MATCH(F_Inputs_Formatted!P$4,F_Inputs!$A$4:$AD$4,0)),$O51),"##BLANK") -> ##BLANK | Q51: =IFERROR(ROUND(INDEX(F_Inputs!$A$4:$AD$75,MATCH(F_Inputs_Formatted!$I51,F_Inputs!$AD$4:$AD$75,0),MATCH(F_Inputs_Formatted!Q$4,F_Inputs!$A$4:$AD$4,0)),$O51),"##BLANK") -> ##BLANK | R51: =IFERROR(ROUND(INDEX(F_Inputs!$A$4:$AD$75,MATCH(F_Inputs_Formatted!$I51,F_Inputs!$AD$4:$AD$75,0),MATCH(F_Inputs_Formatted!R$4,F_Inputs!$A$4:$AD$4,0)),$O51),"##BLANK") -> ##BLANK | S51: =IFERROR(ROUND(INDEX(F_Inputs!$A$4:$AD$75,MATCH(F_Inputs_Formatted!$I51,F_Inputs!$AD$4:$AD$75,0),MATCH(F_Inputs_Formatted!S$4,F_Inputs!$A$4:$AD$4,0)),$O51),"##BLANK") -> ##BLANK | T51: =IFERROR(ROUND(INDEX(F_Inputs!$A$4:$AD$75,MATCH(F_Inputs_Formatted!$I51,F_Inputs!$AD$4:$AD$75,0),MATCH(F_Inputs_Formatted!T$4,F_Inputs!$A$4:$AD$4,0)),$O51),"##BLANK") -> ##BLANK | U51: =IFERROR(ROUND(INDEX(F_Inputs!$A$4:$AD$75,MATCH(F_Inputs_Formatted!$I51,F_Inputs!$AD$4:$AD$75,0),MATCH(F_Inputs_Formatted!U$4,F_Inputs!$A$4:$AD$4,0)),$O51),"##BLANK") -> ##BLANK | V51: =IFERROR(ROUND(INDEX(F_Inputs!$A$4:$AD$75,MATCH(F_Inputs_Formatted!$I51,F_Inputs!$AD$4:$AD$75,0),MATCH(F_Inputs_Formatted!V$4,F_Inputs!$A$4:$AD$4,0)),$O51),"##BLANK") -> ##BLANK | W51: =IFERROR(ROUND(INDEX(F_Inputs!$A$4:$AD$75,MATCH(F_Inputs_Formatted!$I51,F_Inputs!$AD$4:$AD$75,0),MATCH(F_Inputs_Formatted!W$4,F_Inputs!$A$4:$AD$4,0)),$O51),"##BLANK") -> ##BLANK | ... AH51: =IFERROR(ROUND(INDEX(F_Inputs!$A$4:$AD$75,MATCH(F_Inputs_Formatted!$I51,F_Inputs!$AD$4:$AD$75,0),MATCH(F_Inputs_Formatted!AH$4,F_Inputs!$A$4:$AD$4,0)),$O51),"##BLANK") -> 0
B52: SSC | C52: =_xlfn.XLOOKUP($B52,FD_Lists!$B$4:$B$25,FD_Lists!C$4:C$25) -> South Staffordshire Water | D52: =_xlfn.XLOOKUP($B52,FD_Lists!$B$4:$B$25,FD_Lists!D$4:D$25) -> England | E52: =_xlfn.XLOOKUP($B52,FD_Lists!$B$4:$B$25,FD_Lists!E$4:E$25) -> Company | F52: =_xlfn.XLOOKUP($B52,FD_Lists!$B$4:$B$25,FD_Lists!F$4:F$25) -> WoC | G52: Underlying calcs | H52: OUT3_06_01_PR24 | I52: =B52&H52 -> SSCOUT3_06_01_PR24 | J52: Enhancement | K52: Company view | L52: BIO | M52: =_xlfn.XLOOKUP($H52,F_Inputs!$B:$B,F_Inputs!C:C) -> Outcome performance from enhancement expenditure - Common PCs - Biodiversity - Variance between the overall performance (OUT1) and the performance trend delivered | N52: =_xlfn.XLOOKUP($H52,F_Inputs!$B:$B,F_Inputs!D:D) -> Number | O52: 2 | P52: =IFERROR(ROUND(INDEX(F_Inputs!$A$4:$AD$75,MATCH(F_Inputs_Formatted!$I52,F_Inputs!$AD$4:$AD$75,0),MATCH(F_Inputs_Formatted!P$4,F_Inputs!$A$4:$AD$4,0)),$O52),"##BLANK") -> ##BLANK | Q52: =IFERROR(ROUND(INDEX(F_Inputs!$A$4:$AD$75,MATCH(F_Inputs_Formatted!$I52,F_Inputs!$AD$4:$AD$75,0),MATCH(F_Inputs_Formatted!Q$4,F_Inputs!$A$4:$AD$4,0)),$O52),"##BLANK") -> ##BLANK | R52: =IFERROR(ROUND(INDEX(F_Inputs!$A$4:$AD$75,MATCH(F_Inputs_Formatted!$I52,F_Inputs!$AD$4:$AD$75,0),MATCH(F_Inputs_Formatted!R$4,F_Inputs!$A$4:$AD$4,0)),$O52),"##BLANK") -> ##BLANK | S52: =IFERROR(ROUND(INDEX(F_Inputs!$A$4:$AD$75,MATCH(F_Inputs_Formatted!$I52,F_Inputs!$AD$4:$AD$75,0),MATCH(F_Inputs_Formatted!S$4,F_Inputs!$A$4:$AD$4,0)),$O52),"##BLANK") -> ##BLANK | T52: =IFERROR(ROUND(INDEX(F_Inputs!$A$4:$AD$75,MATCH(F_Inputs_Formatted!$I52,F_Inputs!$AD$4:$AD$75,0),MATCH(F_Inputs_Formatted!T$4,F_Inputs!$A$4:$AD$4,0)),$O52),"##BLANK") -> ##BLANK | U52: =IFERROR(ROUND(INDEX(F_Inputs!$A$4:$AD$75,MATCH(F_Inputs_Formatted!$I52,F_Inputs!$AD$4:$AD$75,0),MATCH(F_Inputs_Formatted!U$4,F_Inputs!$A$4:$AD$4,0)),$O52),"##BLANK") -> ##BLANK | V52: =IFERROR(ROUND(INDEX(F_Inputs!$A$4:$AD$75,MATCH(F_Inputs_Formatted!$I52,F_Inputs!$AD$4:$AD$75,0),MATCH(F_Inputs_Formatted!V$4,F_Inputs!$A$4:$AD$4,0)),$O52),"##BLANK") -> ##BLANK | W52: =IFERROR(ROUND(INDEX(F_Inputs!$A$4:$AD$75,MATCH(F_Inputs_Formatted!$I52,F_Inputs!$AD$4:$AD$75,0),MATCH(F_Inputs_Formatted!W$4,F_Inputs!$A$4:$AD$4,0)),$O52),"##BLANK") -> ##BLANK | ... AH52: =IFERROR(ROUND(INDEX(F_Inputs!$A$4:$AD$75,MATCH(F_Inputs_Formatted!$I52,F_Inputs!$AD$4:$AD$75,0),MATCH(F_Inputs_Formatted!AH$4,F_Inputs!$A$4:$AD$4,0)),$O52),"##BLANK") -> 0.42
B53: SES | C53: =_xlfn.XLOOKUP($B53,FD_Lists!$B$4:$B$25,FD_Lists!C$4:C$25) -> SES Water | D53: =_xlfn.XLOOKUP($B53,FD_Lists!$B$4:$B$25,FD_Lists!D$4:D$25) -> England | E53: =_xlfn.XLOOKUP($B53,FD_Lists!$B$4:$B$25,FD_Lists!E$4:E$25) -> Company | F53: =_xlfn.XLOOKUP($B53,FD_Lists!$B$4:$B$25,FD_Lists!F$4:F$25) -> WoC | G53: Underlying calcs | H53: OUT3_06_01_PR24 | I53: =B53&H53 -> SESOUT3_06_01_PR24 | J53: Enhancement | K53: Company view | L53: BIO | M53: =_xlfn.XLOOKUP($H53,F_Inputs!$B:$B,F_Inputs!C:C) -> Outcome performance from enhancement expenditure - Common PCs - Biodiversity - Variance between the overall performance (OUT1) and the performance trend delivered | N53: =_xlfn.XLOOKUP($H53,F_Inputs!$B:$B,F_Inputs!D:D) -> Number | O53: 2 | P53: =IFERROR(ROUND(INDEX(F_Inputs!$A$4:$AD$75,MATCH(F_Inputs_Formatted!$I53,F_Inputs!$AD$4:$AD$75,0),MATCH(F_Inputs_Formatted!P$4,F_Inputs!$A$4:$AD$4,0)),$O53),"##BLANK") -> ##BLANK | Q53: =IFERROR(ROUND(INDEX(F_Inputs!$A$4:$AD$75,MATCH(F_Inputs_Formatted!$I53,F_Inputs!$AD$4:$AD$75,0),MATCH(F_Inputs_Formatted!Q$4,F_Inputs!$A$4:$AD$4,0)),$O53),"##BLANK") -> ##BLANK | R53: =IFERROR(ROUND(INDEX(F_Inputs!$A$4:$AD$75,MATCH(F_Inputs_Formatted!$I53,F_Inputs!$AD$4:$AD$75,0),MATCH(F_Inputs_Formatted!R$4,F_Inputs!$A$4:$AD$4,0)),$O53),"##BLANK") -> ##BLANK | S53: =IFERROR(ROUND(INDEX(F_Inputs!$A$4:$AD$75,MATCH(F_Inputs_Formatted!$I53,F_Inputs!$AD$4:$AD$75,0),MATCH(F_Inputs_Formatted!S$4,F_Inputs!$A$4:$AD$4,0)),$O53),"##BLANK") -> ##BLANK | T53: =IFERROR(ROUND(INDEX(F_Inputs!$A$4:$AD$75,MATCH(F_Inputs_Formatted!$I53,F_Inputs!$AD$4:$AD$75,0),MATCH(F_Inputs_Formatted!T$4,F_Inputs!$A$4:$AD$4,0)),$O53),"##BLANK") -> ##BLANK | U53: =IFERROR(ROUND(INDEX(F_Inputs!$A$4:$AD$75,MATCH(F_Inputs_Formatted!$I53,F_Inputs!$AD$4:$AD$75,0),MATCH(F_Inputs_Formatted!U$4,F_Inputs!$A$4:$AD$4,0)),$O53),"##BLANK") -> ##BLANK | V53: =IFERROR(ROUND(INDEX(F_Inputs!$A$4:$AD$75,MATCH(F_Inputs_Formatted!$I53,F_Inputs!$AD$4:$AD$75,0),MATCH(F_Inputs_Formatted!V$4,F_Inputs!$A$4:$AD$4,0)),$O53),"##BLANK") -> ##BLANK | W53: =IFERROR(ROUND(INDEX(F_Inputs!$A$4:$AD$75,MATCH(F_Inputs_Formatted!$I53,F_Inputs!$AD$4:$AD$75,0),MATCH(F_Inputs_Formatted!W$4,F_Inputs!$A$4:$AD$4,0)),$O53),"##BLANK") -> ##BLANK | ... AH53: =IFERROR(ROUND(INDEX(F_Inputs!$A$4:$AD$75,MATCH(F_Inputs_Formatted!$I53,F_Inputs!$AD$4:$AD$75,0),MATCH(F_Inputs_Formatted!AH$4,F_Inputs!$A$4:$AD$4,0)),$O53),"##BLANK") -> 0.6
B54: SWB | C54: =_xlfn.XLOOKUP($B54,FD_Lists!$B$4:$B$25,FD_Lists!C$4:C$25) -> South West Water | D54: =_xlfn.XLOOKUP($B54,FD_Lists!$B$4:$B$25,FD_Lists!D$4:D$25) -> England | E54: =_xlfn.XLOOKUP($B54,FD_Lists!$B$4:$B$25,FD_Lists!E$4:E$25) -> Company | F54: =_xlfn.XLOOKUP($B54,FD_Lists!$B$4:$B$25,FD_Lists!F$4:F$25) -> WaSC | G54: Underlying calcs | H54: OUT3_06_01_PR24 | I54: =B54&H54 -> SWBOUT3_06_01_PR24 | J54: Enhancement | K54: Company view | L54: BIO | M54: =_xlfn.XLOOKUP($H54,F_Inputs!$B:$B,F_Inputs!C:C) -> Outcome performance from enhancement expenditure - Common PCs - Biodiversity - Variance between the overall performance (OUT1) and the performance trend delivered | N54: =_xlfn.XLOOKUP($H54,F_Inputs!$B:$B,F_Inputs!D:D) -> Number | O54: 2 | P54: =IFERROR(ROUND(INDEX(F_Inputs!$A$4:$AD$75,MATCH(F_Inputs_Formatted!$I54,F_Inputs!$AD$4:$AD$75,0),MATCH(F_Inputs_Formatted!P$4,F_Inputs!$A$4:$AD$4,0)),$O54),"##BLANK") -> ##BLANK | Q54: =IFERROR(ROUND(INDEX(F_Inputs!$A$4:$AD$75,MATCH(F_Inputs_Formatted!$I54,F_Inputs!$AD$4:$AD$75,0),MATCH(F_Inputs_Formatted!Q$4,F_Inputs!$A$4:$AD$4,0)),$O54),"##BLANK") -> ##BLANK | R54: =IFERROR(ROUND(INDEX(F_Inputs!$A$4:$AD$75,MATCH(F_Inputs_Formatted!$I54,F_Inputs!$AD$4:$AD$75,0),MATCH(F_Inputs_Formatted!R$4,F_Inputs!$A$4:$AD$4,0)),$O54),"##BLANK") -> ##BLANK | S54: =IFERROR(ROUND(INDEX(F_Inputs!$A$4:$AD$75,MATCH(F_Inputs_Formatted!$I54,F_Inputs!$AD$4:$AD$75,0),MATCH(F_Inputs_Formatted!S$4,F_Inputs!$A$4:$AD$4,0)),$O54),"##BLANK") -> ##BLANK | T54: =IFERROR(ROUND(INDEX(F_Inputs!$A$4:$AD$75,MATCH(F_Inputs_Formatted!$I54,F_Inputs!$AD$4:$AD$75,0),MATCH(F_Inputs_Formatted!T$4,F_Inputs!$A$4:$AD$4,0)),$O54),"##BLANK") -> ##BLANK | U54: =IFERROR(ROUND(INDEX(F_Inputs!$A$4:$AD$75,MATCH(F_Inputs_Formatted!$I54,F_Inputs!$AD$4:$AD$75,0),MATCH(F_Inputs_Formatted!U$4,F_Inputs!$A$4:$AD$4,0)),$O54),"##BLANK") -> ##BLANK | V54: =IFERROR(ROUND(INDEX(F_Inputs!$A$4:$AD$75,MATCH(F_Inputs_Formatted!$I54,F_Inputs!$AD$4:$AD$75,0),MATCH(F_Inputs_Formatted!V$4,F_Inputs!$A$4:$AD$4,0)),$O54),"##BLANK") -> ##BLANK | W54: =IFERROR(ROUND(INDEX(F_Inputs!$A$4:$AD$75,MATCH(F_Inputs_Formatted!$I54,F_Inputs!$AD$4:$AD$75,0),MATCH(F_Inputs_Formatted!W$4,F_Inputs!$A$4:$AD$4,0)),$O54),"##BLANK") -> ##BLANK | ... AH54: =IFERROR(ROUND(INDEX(F_Inputs!$A$4:$AD$75,MATCH(F_Inputs_Formatted!$I54,F_Inputs!$AD$4:$AD$75,0),MATCH(F_Inputs_Formatted!AH$4,F_Inputs!$A$4:$AD$4,0)),$O54),"##BLANK") -> 2.47
B55: BRL | C55: =_xlfn.XLOOKUP($B55,FD_Lists!$B$4:$B$25,FD_Lists!C$4:C$25) -> Bristol Water | D55: =_xlfn.XLOOKUP($B55,FD_Lists!$B$4:$B$25,FD_Lists!D$4:D$25) -> England | E55: =_xlfn.XLOOKUP($B55,FD_Lists!$B$4:$B$25,FD_Lists!E$4:E$25) -> Company | F55: =_xlfn.XLOOKUP($B55,FD_Lists!$B$4:$B$25,FD_Lists!F$4:F$25) -> WoC | G55: Underlying calcs | H55: OUT3_06_01_PR24 | I55: =B55&H55 -> BRLOUT3_06_01_PR24 | J55: Enhancement | K55: Company view | L55: BIO | M55: =_xlfn.XLOOKUP($H55,F_Inputs!$B:$B,F_Inputs!C:C) -> Outcome performance from enhancement expenditure - Common PCs - Biodiversity - Variance between the overall performance (OUT1) and the performance trend delivered | N55: =_xlfn.XLOOKUP($H55,F_Inputs!$B:$B,F_Inputs!D:D) -> Number | O55: 2 | P55: =IFERROR(ROUND(INDEX(F_Inputs!$A$4:$AD$75,MATCH(F_Inputs_Formatted!$I55,F_Inputs!$AD$4:$AD$75,0),MATCH(F_Inputs_Formatted!P$4,F_Inputs!$A$4:$AD$4,0)),$O55),"##BLANK") -> ##BLANK | Q55: =IFERROR(ROUND(INDEX(F_Inputs!$A$4:$AD$75,MATCH(F_Inputs_Formatted!$I55,F_Inputs!$AD$4:$AD$75,0),MATCH(F_Inputs_Formatted!Q$4,F_Inputs!$A$4:$AD$4,0)),$O55),"##BLANK") -> ##BLANK | R55: =IFERROR(ROUND(INDEX(F_Inputs!$A$4:$AD$75,MATCH(F_Inputs_Formatted!$I55,F_Inputs!$AD$4:$AD$75,0),MATCH(F_Inputs_Formatted!R$4,F_Inputs!$A$4:$AD$4,0)),$O55),"##BLANK") -> ##BLANK | S55: =IFERROR(ROUND(INDEX(F_Inputs!$A$4:$AD$75,MATCH(F_Inputs_Formatted!$I55,F_Inputs!$AD$4:$AD$75,0),MATCH(F_Inputs_Formatted!S$4,F_Inputs!$A$4:$AD$4,0)),$O55),"##BLANK") -> ##BLANK | T55: =IFERROR(ROUND(INDEX(F_Inputs!$A$4:$AD$75,MATCH(F_Inputs_Formatted!$I55,F_Inputs!$AD$4:$AD$75,0),MATCH(F_Inputs_Formatted!T$4,F_Inputs!$A$4:$AD$4,0)),$O55),"##BLANK") -> ##BLANK | U55: =IFERROR(ROUND(INDEX(F_Inputs!$A$4:$AD$75,MATCH(F_Inputs_Formatted!$I55,F_Inputs!$AD$4:$AD$75,0),MATCH(F_Inputs_Formatted!U$4,F_Inputs!$A$4:$AD$4,0)),$O55),"##BLANK") -> ##BLANK | V55: =IFERROR(ROUND(INDEX(F_Inputs!$A$4:$AD$75,MATCH(F_Inputs_Formatted!$I55,F_Inputs!$AD$4:$AD$75,0),MATCH(F_Inputs_Formatted!V$4,F_Inputs!$A$4:$AD$4,0)),$O55),"##BLANK") -> ##BLANK | W55: =IFERROR(ROUND(INDEX(F_Inputs!$A$4:$AD$75,MATCH(F_Inputs_Formatted!$I55,F_Inputs!$AD$4:$AD$75,0),MATCH(F_Inputs_Formatted!W$4,F_Inputs!$A$4:$AD$4,0)),$O55),"##BLANK") -> ##BLANK | ... AH55: =IFERROR(ROUND(INDEX(F_Inputs!$A$4:$AD$75,MATCH(F_Inputs_Formatted!$I55,F_Inputs!$AD$4:$AD$75,0),MATCH(F_Inputs_Formatted!AH$4,F_Inputs!$A$4:$AD$4,0)),$O55),"##BLANK") -> 0
B56: ANH | C56: =_xlfn.XLOOKUP($B56,FD_Lists!$B$4:$B$25,FD_Lists!C$4:C$25) -> Anglian Water | D56: =_xlfn.XLOOKUP($B56,FD_Lists!$B$4:$B$25,FD_Lists!D$4:D$25) -> England | E56: =_xlfn.XLOOKUP($B56,FD_Lists!$B$4:$B$25,FD_Lists!E$4:E$25) -> Company | F56: =_xlfn.XLOOKUP($B56,FD_Lists!$B$4:$B$25,FD_Lists!F$4:F$25) -> WaSC | G56: Underlying calcs | H56: OUT4_20_D_PR24 | I56: =B56&H56 -> ANHOUT4_20_D_PR24 | J56: Totex | K56: Company view | L56: BIO | M56: =_xlfn.XLOOKUP($H56,F_Inputs!$B:$B,F_Inputs!C:C) -> Underlying calculations for common performance commitments - water and combined - Biodiversity - Water supply area | N56: =_xlfn.XLOOKUP($H56,F_Inputs!$B:$B,F_Inputs!D:D) -> km2 | O56: 3 | P56: =IFERROR(ROUND(INDEX(F_Inputs!$A$4:$AD$75,MATCH(F_Inputs_Formatted!$I56,F_Inputs!$AD$4:$AD$75,0),MATCH(F_Inputs_Formatted!P$4,F_Inputs!$A$4:$AD$4,0)),$O56),"##BLANK") -> 0 | Q56: =IFERROR(ROUND(INDEX(F_Inputs!$A$4:$AD$75,MATCH(F_Inputs_Formatted!$I56,F_Inputs!$AD$4:$AD$75,0),MATCH(F_Inputs_Formatted!Q$4,F_Inputs!$A$4:$AD$4,0)),$O56),"##BLANK") -> 0 | R56: =IFERROR(ROUND(INDEX(F_Inputs!$A$4:$AD$75,MATCH(F_Inputs_Formatted!$I56,F_Inputs!$AD$4:$AD$75,0),MATCH(F_Inputs_Formatted!R$4,F_Inputs!$A$4:$AD$4,0)),$O56),"##BLANK") -> 0 | S56: =IFERROR(ROUND(INDEX(F_Inputs!$A$4:$AD$75,MATCH(F_Inputs_Formatted!$I56,F_Inputs!$AD$4:$AD$75,0),MATCH(F_Inputs_Formatted!S$4,F_Inputs!$A$4:$AD$4,0)),$O56),"##BLANK") -> 0 | T56: =IFERROR(ROUND(INDEX(F_Inputs!$A$4:$AD$75,MATCH(F_Inputs_Formatted!$I56,F_Inputs!$AD$4:$AD$75,0),MATCH(F_Inputs_Formatted!T$4,F_Inputs!$A$4:$AD$4,0)),$O56),"##BLANK") -> 0 | U56: =IFERROR(ROUND(INDEX(F_Inputs!$A$4:$AD$75,MATCH(F_Inputs_Formatted!$I56,F_Inputs!$AD$4:$AD$75,0),MATCH(F_Inputs_Formatted!U$4,F_Inputs!$A$4:$AD$4,0)),$O56),"##BLANK") -> 0 | V56: =IFERROR(ROUND(INDEX(F_Inputs!$A$4:$AD$75,MATCH(F_Inputs_Formatted!$I56,F_Inputs!$AD$4:$AD$75,0),MATCH(F_Inputs_Formatted!V$4,F_Inputs!$A$4:$AD$4,0)),$O56),"##BLANK") -> 0 | W56: =IFERROR(ROUND(INDEX(F_Inputs!$A$4:$AD$75,MATCH(F_Inputs_Formatted!$I56,F_Inputs!$AD$4:$AD$75,0),MATCH(F_Inputs_Formatted!W$4,F_Inputs!$A$4:$AD$4,0)),$O56),"##BLANK") -> 0 | ... AH56: =IFERROR(ROUND(INDEX(F_Inputs!$A$4:$AD$75,MATCH(F_Inputs_Formatted!$I56,F_Inputs!$AD$4:$AD$75,0),MATCH(F_Inputs_Formatted!AH$4,F_Inputs!$A$4:$AD$4,0)),$O56),"##BLANK") -> 26935
B57: WSH | C57: =_xlfn.XLOOKUP($B57,FD_Lists!$B$4:$B$25,FD_Lists!C$4:C$25) -> Dŵr Cymru | D57: =_xlfn.XLOOKUP($B57,FD_Lists!$B$4:$B$25,FD_Lists!D$4:D$25) -> Wales | E57: =_xlfn.XLOOKUP($B57,FD_Lists!$B$4:$B$25,FD_Lists!E$4:E$25) -> Company | F57: =_xlfn.XLOOKUP($B57,FD_Lists!$B$4:$B$25,FD_Lists!F$4:F$25) -> WaSC | G57: Underlying calcs | H57: OUT4_20_D_PR24 | I57: =B57&H57 -> WSHOUT4_20_D_PR24 | J57: Totex | K57: Company view | L57: BIO | M57: =_xlfn.XLOOKUP($H57,F_Inputs!$B:$B,F_Inputs!C:C) -> Underlying calculations for common performance commitments - water and combined - Biodiversity - Water supply area | N57: =_xlfn.XLOOKUP($H57,F_Inputs!$B:$B,F_Inputs!D:D) -> km2 | O57: 3 | P57: =IFERROR(ROUND(INDEX(F_Inputs!$A$4:$AD$75,MATCH(F_Inputs_Formatted!$I57,F_Inputs!$AD$4:$AD$75,0),MATCH(F_Inputs_Formatted!P$4,F_Inputs!$A$4:$AD$4,0)),$O57),"##BLANK") -> 41237 | Q57: =IFERROR(ROUND(INDEX(F_Inputs!$A$4:$AD$75,MATCH(F_Inputs_Formatted!$I57,F_Inputs!$AD$4:$AD$75,0),MATCH(F_Inputs_Formatted!Q$4,F_Inputs!$A$4:$AD$4,0)),$O57),"##BLANK") -> 41237 | R57: =IFERROR(ROUND(INDEX(F_Inputs!$A$4:$AD$75,MATCH(F_Inputs_Formatted!$I57,F_Inputs!$AD$4:$AD$75,0),MATCH(F_Inputs_Formatted!R$4,F_Inputs!$A$4:$AD$4,0)),$O57),"##BLANK") -> 41237 | S57: =IFERROR(ROUND(INDEX(F_Inputs!$A$4:$AD$75,MATCH(F_Inputs_Formatted!$I57,F_Inputs!$AD$4:$AD$75,0),MATCH(F_Inputs_Formatted!S$4,F_Inputs!$A$4:$AD$4,0)),$O57),"##BLANK") -> 41237 | T57: =IFERROR(ROUND(INDEX(F_Inputs!$A$4:$AD$75,MATCH(F_Inputs_Formatted!$I57,F_Inputs!$AD$4:$AD$75,0),MATCH(F_Inputs_Formatted!T$4,F_Inputs!$A$4:$AD$4,0)),$O57),"##BLANK") -> 41237 | U57: =IFERROR(ROUND(INDEX(F_Inputs!$A$4:$AD$75,MATCH(F_Inputs_Formatted!$I57,F_Inputs!$AD$4:$AD$75,0),MATCH(F_Inputs_Formatted!U$4,F_Inputs!$A$4:$AD$4,0)),$O57),"##BLANK") -> 41237 | V57: =IFERROR(ROUND(INDEX(F_Inputs!$A$4:$AD$75,MATCH(F_Inputs_Formatted!$I57,F_Inputs!$AD$4:$AD$75,0),MATCH(F_Inputs_Formatted!V$4,F_Inputs!$A$4:$AD$4,0)),$O57),"##BLANK") -> 41236 | W57: =IFERROR(ROUND(INDEX(F_Inputs!$A$4:$AD$75,MATCH(F_Inputs_Formatted!$I57,F_Inputs!$AD$4:$AD$75,0),MATCH(F_Inputs_Formatted!W$4,F_Inputs!$A$4:$AD$4,0)),$O57),"##BLANK") -> 41239 | ... AH57: =IFERROR(ROUND(INDEX(F_Inputs!$A$4:$AD$75,MATCH(F_Inputs_Formatted!$I57,F_Inputs!$AD$4:$AD$75,0),MATCH(F_Inputs_Formatted!AH$4,F_Inputs!$A$4:$AD$4,0)),$O57),"##BLANK") -> 41238.471
B58: HDD | C58: =_xlfn.XLOOKUP($B58,FD_Lists!$B$4:$B$25,FD_Lists!C$4:C$25) -> Hafren Dyfrdwy | D58: =_xlfn.XLOOKUP($B58,FD_Lists!$B$4:$B$25,FD_Lists!D$4:D$25) -> Wales | E58: =_xlfn.XLOOKUP($B58,FD_Lists!$B$4:$B$25,FD_Lists!E$4:E$25) -> Company | F58: =_xlfn.XLOOKUP($B58,FD_Lists!$B$4:$B$25,FD_Lists!F$4:F$25) -> WaSC | G58: Underlying calcs | H58: OUT4_20_D_PR24 | I58: =B58&H58 -> HDDOUT4_20_D_PR24 | J58: Totex | K58: Company view | L58: BIO | M58: =_xlfn.XLOOKUP($H58,F_Inputs!$B:$B,F_Inputs!C:C) -> Underlying calculations for common performance commitments - water and combined - Biodiversity - Water supply area | N58: =_xlfn.XLOOKUP($H58,F_Inputs!$B:$B,F_Inputs!D:D) -> km2 | O58: 3 | P58: =IFERROR(ROUND(INDEX(F_Inputs!$A$4:$AD$75,MATCH(F_Inputs_Formatted!$I58,F_Inputs!$AD$4:$AD$75,0),MATCH(F_Inputs_Formatted!P$4,F_Inputs!$A$4:$AD$4,0)),$O58),"##BLANK") -> 0 | Q58: =IFERROR(ROUND(INDEX(F_Inputs!$A$4:$AD$75,MATCH(F_Inputs_Formatted!$I58,F_Inputs!$AD$4:$AD$75,0),MATCH(F_Inputs_Formatted!Q$4,F_Inputs!$A$4:$AD$4,0)),$O58),"##BLANK") -> 0 | R58: =IFERROR(ROUND(INDEX(F_Inputs!$A$4:$AD$75,MATCH(F_Inputs_Formatted!$I58,F_Inputs!$AD$4:$AD$75,0),MATCH(F_Inputs_Formatted!R$4,F_Inputs!$A$4:$AD$4,0)),$O58),"##BLANK") -> 0 | S58: =IFERROR(ROUND(INDEX(F_Inputs!$A$4:$AD$75,MATCH(F_Inputs_Formatted!$I58,F_Inputs!$AD$4:$AD$75,0),MATCH(F_Inputs_Formatted!S$4,F_Inputs!$A$4:$AD$4,0)),$O58),"##BLANK") -> 0 | T58: =IFERROR(ROUND(INDEX(F_Inputs!$A$4:$AD$75,MATCH(F_Inputs_Formatted!$I58,F_Inputs!$AD$4:$AD$75,0),MATCH(F_Inputs_Formatted!T$4,F_Inputs!$A$4:$AD$4,0)),$O58),"##BLANK") -> 0 | U58: =IFERROR(ROUND(INDEX(F_Inputs!$A$4:$AD$75,MATCH(F_Inputs_Formatted!$I58,F_Inputs!$AD$4:$AD$75,0),MATCH(F_Inputs_Formatted!U$4,F_Inputs!$A$4:$AD$4,0)),$O58),"##BLANK") -> 0 | V58: =IFERROR(ROUND(INDEX(F_Inputs!$A$4:$AD$75,MATCH(F_Inputs_Formatted!$I58,F_Inputs!$AD$4:$AD$75,0),MATCH(F_Inputs_Formatted!V$4,F_Inputs!$A$4:$AD$4,0)),$O58),"##BLANK") -> 0 | W58: =IFERROR(ROUND(INDEX(F_Inputs!$A$4:$AD$75,MATCH(F_Inputs_Formatted!$I58,F_Inputs!$AD$4:$AD$75,0),MATCH(F_Inputs_Formatted!W$4,F_Inputs!$A$4:$AD$4,0)),$O58),"##BLANK") -> 0 | ... AH58: =IFERROR(ROUND(INDEX(F_Inputs!$A$4:$AD$75,MATCH(F_Inputs_Formatted!$I58,F_Inputs!$AD$4:$AD$75,0),MATCH(F_Inputs_Formatted!AH$4,F_Inputs!$A$4:$AD$4,0)),$O58),"##BLANK") -> 2872
... B62: TMS | C62: =_xlfn.XLOOKUP($B62,FD_Lists!$B$4:$B$25,FD_Lists!C$4:C$25) -> Thames Water | D62: =_xlfn.XLOOKUP($B62,FD_Lists!$B$4:$B$25,FD_Lists!D$4:D$25) -> England | E62: =_xlfn.XLOOKUP($B62,FD_Lists!$B$4:$B$25,FD_Lists!E$4:E$25) -> Company | F62: =_xlfn.XLOOKUP($B62,FD_Lists!$B$4:$B$25,FD_Lists!F$4:F$25) -> WaSC | G62: Underlying calcs | H62: OUT4_20_D_PR24 | I62: =B62&H62 -> TMSOUT4_20_D_PR24 | J62: Totex | K62: Company view | L62: BIO | M62: =_xlfn.XLOOKUP($H62,F_Inputs!$B:$B,F_Inputs!C:C) -> Underlying calculations for common performance commitments - water and combined - Biodiversity - Water supply area | N62: =_xlfn.XLOOKUP($H62,F_Inputs!$B:$B,F_Inputs!D:D) -> km2 | O62: 3 | P62: =IFERROR(ROUND(INDEX(F_Inputs!$A$4:$AD$75,MATCH(F_Inputs_Formatted!$I62,F_Inputs!$AD$4:$AD$75,0),MATCH(F_Inputs_Formatted!P$4,F_Inputs!$A$4:$AD$4,0)),$O62),"##BLANK") -> 0 | Q62: =IFERROR(ROUND(INDEX(F_Inputs!$A$4:$AD$75,MATCH(F_Inputs_Formatted!$I62,F_Inputs!$AD$4:$AD$75,0),MATCH(F_Inputs_Formatted!Q$4,F_Inputs!$A$4:$AD$4,0)),$O62),"##BLANK") -> 0 | R62: =IFERROR(ROUND(INDEX(F_Inputs!$A$4:$AD$75,MATCH(F_Inputs_Formatted!$I62,F_Inputs!$AD$4:$AD$75,0),MATCH(F_Inputs_Formatted!R$4,F_Inputs!$A$4:$AD$4,0)),$O62),"##BLANK") -> 0 | S62: =IFERROR(ROUND(INDEX(F_Inputs!$A$4:$AD$75,MATCH(F_Inputs_Formatted!$I62,F_Inputs!$AD$4:$AD$75,0),MATCH(F_Inputs_Formatted!S$4,F_Inputs!$A$4:$AD$4,0)),$O62),"##BLANK") -> 0 | T62: =IFERROR(ROUND(INDEX(F_Inputs!$A$4:$AD$75,MATCH(F_Inputs_Formatted!$I62,F_Inputs!$AD$4:$AD$75,0),MATCH(F_Inputs_Formatted!T$4,F_Inputs!$A$4:$AD$4,0)),$O62),"##BLANK") -> 0 | U62: =IFERROR(ROUND(INDEX(F_Inputs!$A$4:$AD$75,MATCH(F_Inputs_Formatted!$I62,F_Inputs!$AD$4:$AD$75,0),MATCH(F_Inputs_Formatted!U$4,F_Inputs!$A$4:$AD$4,0)),$O62),"##BLANK") -> 0 | V62: =IFERROR(ROUND(INDEX(F_Inputs!$A$4:$AD$75,MATCH(F_Inputs_Formatted!$I62,F_Inputs!$AD$4:$AD$75,0),MATCH(F_Inputs_Formatted!V$4,F_Inputs!$A$4:$AD$4,0)),$O62),"##BLANK") -> 0 | W62: =IFERROR(ROUND(INDEX(F_Inputs!$A$4:$AD$75,MATCH(F_Inputs_Formatted!$I62,F_Inputs!$AD$4:$AD$75,0),MATCH(F_Inputs_Formatted!W$4,F_Inputs!$A$4:$AD$4,0)),$O62),"##BLANK") -> 0 | ... AH62: =IFERROR(ROUND(INDEX(F_Inputs!$A$4:$AD$75,MATCH(F_Inputs_Formatted!$I62,F_Inputs!$AD$4:$AD$75,0),MATCH(F_Inputs_Formatted!AH$4,F_Inputs!$A$4:$AD$4,0)),$O62),"##BLANK") -> 21762.44
A63: UUW | B63: NWT | C63: =_xlfn.XLOOKUP($B63,FD_Lists!$B$4:$B$25,FD_Lists!C$4:C$25) -> United Utilities | D63: =_xlfn.XLOOKUP($B63,FD_Lists!$B$4:$B$25,FD_Lists!D$4:D$25) -> England | E63: =_xlfn.XLOOKUP($B63,FD_Lists!$B$4:$B$25,FD_Lists!E$4:E$25) -> Company | F63: =_xlfn.XLOOKUP($B63,FD_Lists!$B$4:$B$25,FD_Lists!F$4:F$25) -> WaSC | G63: Underlying calcs | H63: OUT4_20_D_PR24 | I63: =B63&H63 -> NWTOUT4_20_D_PR24 | J63: Totex | K63: Company view | L63: BIO | M63: =_xlfn.XLOOKUP($H63,F_Inputs!$B:$B,F_Inputs!C:C) -> Underlying calculations for common performance commitments - water and combined - Biodiversity - Water supply area | N63: =_xlfn.XLOOKUP($H63,F_Inputs!$B:$B,F_Inputs!D:D) -> km2 | O63: 3 | P63: =IFERROR(ROUND(INDEX(F_Inputs!$A$4:$AD$75,MATCH(F_Inputs_Formatted!$I63,F_Inputs!$AD$4:$AD$75,0),MATCH(F_Inputs_Formatted!P$4,F_Inputs!$A$4:$AD$4,0)),$O63),"##BLANK") -> 14474.6 | Q63: =IFERROR(ROUND(INDEX(F_Inputs!$A$4:$AD$75,MATCH(F_Inputs_Formatted!$I63,F_Inputs!$AD$4:$AD$75,0),MATCH(F_Inputs_Formatted!Q$4,F_Inputs!$A$4:$AD$4,0)),$O63),"##BLANK") -> 14474.6 | R63: =IFERROR(ROUND(INDEX(F_Inputs!$A$4:$AD$75,MATCH(F_Inputs_Formatted!$I63,F_Inputs!$AD$4:$AD$75,0),MATCH(F_Inputs_Formatted!R$4,F_Inputs!$A$4:$AD$4,0)),$O63),"##BLANK") -> 14474.6 | S63: =IFERROR(ROUND(INDEX(F_Inputs!$A$4:$AD$75,MATCH(F_Inputs_Formatted!$I63,F_Inputs!$AD$4:$AD$75,0),MATCH(F_Inputs_Formatted!S$4,F_Inputs!$A$4:$AD$4,0)),$O63),"##BLANK") -> 14474.6 | T63: =IFERROR(ROUND(INDEX(F_Inputs!$A$4:$AD$75,MATCH(F_Inputs_Formatted!$I63,F_Inputs!$AD$4:$AD$75,0),MATCH(F_Inputs_Formatted!T$4,F_Inputs!$A$4:$AD$4,0)),$O63),"##BLANK") -> 14474.6 | U63: =IFERROR(ROUND(INDEX(F_Inputs!$A$4:$AD$75,MATCH(F_Inputs_Formatted!$I63,F_Inputs!$AD$4:$AD$75,0),MATCH(F_Inputs_Formatted!U$4,F_Inputs!$A$4:$AD$4,0)),$O63),"##BLANK") -> 14474.6 | V63: =IFERROR(ROUND(INDEX(F_Inputs!$A$4:$AD$75,MATCH(F_Inputs_Formatted!$I63,F_Inputs!$AD$4:$AD$75,0),MATCH(F_Inputs_Formatted!V$4,F_Inputs!$A$4:$AD$4,0)),$O63),"##BLANK") -> 14474.51 | W63: =IFERROR(ROUND(INDEX(F_Inputs!$A$4:$AD$75,MATCH(F_Inputs_Formatted!$I63,F_Inputs!$AD$4:$AD$75,0),MATCH(F_Inputs_Formatted!W$4,F_Inputs!$A$4:$AD$4,0)),$O63),"##BLANK") -> 14473.61 | ... AH63: =IFERROR(ROUND(INDEX(F_Inputs!$A$4:$AD$75,MATCH(F_Inputs_Formatted!$I63,F_Inputs!$AD$4:$AD$75,0),MATCH(F_Inputs_Formatted!AH$4,F_Inputs!$A$4:$AD$4,0)),$O63),"##BLANK") -> 29513.46
B64: WSX | C64: =_xlfn.XLOOKUP($B64,FD_Lists!$B$4:$B$25,FD_Lists!C$4:C$25) -> Wessex Water | D64: =_xlfn.XLOOKUP($B64,FD_Lists!$B$4:$B$25,FD_Lists!D$4:D$25) -> England | E64: =_xlfn.XLOOKUP($B64,FD_Lists!$B$4:$B$25,FD_Lists!E$4:E$25) -> Company | F64: =_xlfn.XLOOKUP($B64,FD_Lists!$B$4:$B$25,FD_Lists!F$4:F$25) -> WaSC | G64: Underlying calcs | H64: OUT4_20_D_PR24 | I64: =B64&H64 -> WSXOUT4_20_D_PR24 | J64: Totex | K64: Company view | L64: BIO | M64: =_xlfn.XLOOKUP($H64,F_Inputs!$B:$B,F_Inputs!C:C) -> Underlying calculations for common performance commitments - water and combined - Biodiversity - Water supply area | N64: =_xlfn.XLOOKUP($H64,F_Inputs!$B:$B,F_Inputs!D:D) -> km2 | O64: 3 | P64: =IFERROR(ROUND(INDEX(F_Inputs!$A$4:$AD$75,MATCH(F_Inputs_Formatted!$I64,F_Inputs!$AD$4:$AD$75,0),MATCH(F_Inputs_Formatted!P$4,F_Inputs!$A$4:$AD$4,0)),$O64),"##BLANK") -> 17304.4 | Q64: =IFERROR(ROUND(INDEX(F_Inputs!$A$4:$AD$75,MATCH(F_Inputs_Formatted!$I64,F_Inputs!$AD$4:$AD$75,0),MATCH(F_Inputs_Formatted!Q$4,F_Inputs!$A$4:$AD$4,0)),$O64),"##BLANK") -> 17304.4 | R64: =IFERROR(ROUND(INDEX(F_Inputs!$A$4:$AD$75,MATCH(F_Inputs_Formatted!$I64,F_Inputs!$AD$4:$AD$75,0),MATCH(F_Inputs_Formatted!R$4,F_Inputs!$A$4:$AD$4,0)),$O64),"##BLANK") -> 17304.4 | S64: =IFERROR(ROUND(INDEX(F_Inputs!$A$4:$AD$75,MATCH(F_Inputs_Formatted!$I64,F_Inputs!$AD$4:$AD$75,0),MATCH(F_Inputs_Formatted!S$4,F_Inputs!$A$4:$AD$4,0)),$O64),"##BLANK") -> 17304.4 | T64: =IFERROR(ROUND(INDEX(F_Inputs!$A$4:$AD$75,MATCH(F_Inputs_Formatted!$I64,F_Inputs!$AD$4:$AD$75,0),MATCH(F_Inputs_Formatted!T$4,F_Inputs!$A$4:$AD$4,0)),$O64),"##BLANK") -> 17304.4 | U64: =IFERROR(ROUND(INDEX(F_Inputs!$A$4:$AD$75,MATCH(F_Inputs_Formatted!$I64,F_Inputs!$AD$4:$AD$75,0),MATCH(F_Inputs_Formatted!U$4,F_Inputs!$A$4:$AD$4,0)),$O64),"##BLANK") -> 17304.4 | V64: =IFERROR(ROUND(INDEX(F_Inputs!$A$4:$AD$75,MATCH(F_Inputs_Formatted!$I64,F_Inputs!$AD$4:$AD$75,0),MATCH(F_Inputs_Formatted!V$4,F_Inputs!$A$4:$AD$4,0)),$O64),"##BLANK") -> 17304.4 | W64: =IFERROR(ROUND(INDEX(F_Inputs!$A$4:$AD$75,MATCH(F_Inputs_Formatted!$I64,F_Inputs!$AD$4:$AD$75,0),MATCH(F_Inputs_Formatted!W$4,F_Inputs!$A$4:$AD$4,0)),$O64),"##BLANK") -> 17304.4 | ... AH64: =IFERROR(ROUND(INDEX(F_Inputs!$A$4:$AD$75,MATCH(F_Inputs_Formatted!$I64,F_Inputs!$AD$4:$AD$75,0),MATCH(F_Inputs_Formatted!AH$4,F_Inputs!$A$4:$AD$4,0)),$O64),"##BLANK") -> 17304.4
B65: YKY | C65: =_xlfn.XLOOKUP($B65,FD_Lists!$B$4:$B$25,FD_Lists!C$4:C$25) -> Yorkshire Water | D65: =_xlfn.XLOOKUP($B65,FD_Lists!$B$4:$B$25,FD_Lists!D$4:D$25) -> England | E65: =_xlfn.XLOOKUP($B65,FD_Lists!$B$4:$B$25,FD_Lists!E$4:E$25) -> Company | F65: =_xlfn.XLOOKUP($B65,FD_Lists!$B$4:$B$25,FD_Lists!F$4:F$25) -> WaSC | G65: Underlying calcs | H65: OUT4_20_D_PR24 | I65: =B65&H65 -> YKYOUT4_20_D_PR24 | J65: Totex | K65: Company view | L65: BIO | M65: =_xlfn.XLOOKUP($H65,F_Inputs!$B:$B,F_Inputs!C:C) -> Underlying calculations for common performance commitments - water and combined - Biodiversity - Water supply area | N65: =_xlfn.XLOOKUP($H65,F_Inputs!$B:$B,F_Inputs!D:D) -> km2 | O65: 3 | P65: =IFERROR(ROUND(INDEX(F_Inputs!$A$4:$AD$75,MATCH(F_Inputs_Formatted!$I65,F_Inputs!$AD$4:$AD$75,0),MATCH(F_Inputs_Formatted!P$4,F_Inputs!$A$4:$AD$4,0)),$O65),"##BLANK") -> 27883.64 | Q65: =IFERROR(ROUND(INDEX(F_Inputs!$A$4:$AD$75,MATCH(F_Inputs_Formatted!$I65,F_Inputs!$AD$4:$AD$75,0),MATCH(F_Inputs_Formatted!Q$4,F_Inputs!$A$4:$AD$4,0)),$O65),"##BLANK") -> 27883.64 | R65: =IFERROR(ROUND(INDEX(F_Inputs!$A$4:$AD$75,MATCH(F_Inputs_Formatted!$I65,F_Inputs!$AD$4:$AD$75,0),MATCH(F_Inputs_Formatted!R$4,F_Inputs!$A$4:$AD$4,0)),$O65),"##BLANK") -> 27883.64 | S65: =IFERROR(ROUND(INDEX(F_Inputs!$A$4:$AD$75,MATCH(F_Inputs_Formatted!$I65,F_Inputs!$AD$4:$AD$75,0),MATCH(F_Inputs_Formatted!S$4,F_Inputs!$A$4:$AD$4,0)),$O65),"##BLANK") -> 27883.64 | T65: =IFERROR(ROUND(INDEX(F_Inputs!$A$4:$AD$75,MATCH(F_Inputs_Formatted!$I65,F_Inputs!$AD$4:$AD$75,0),MATCH(F_Inputs_Formatted!T$4,F_Inputs!$A$4:$AD$4,0)),$O65),"##BLANK") -> 27883.64 | U65: =IFERROR(ROUND(INDEX(F_Inputs!$A$4:$AD$75,MATCH(F_Inputs_Formatted!$I65,F_Inputs!$AD$4:$AD$75,0),MATCH(F_Inputs_Formatted!U$4,F_Inputs!$A$4:$AD$4,0)),$O65),"##BLANK") -> 27883.64 | V65: =IFERROR(ROUND(INDEX(F_Inputs!$A$4:$AD$75,MATCH(F_Inputs_Formatted!$I65,F_Inputs!$AD$4:$AD$75,0),MATCH(F_Inputs_Formatted!V$4,F_Inputs!$A$4:$AD$4,0)),$O65),"##BLANK") -> 27883.64 | W65: =IFERROR(ROUND(INDEX(F_Inputs!$A$4:$AD$75,MATCH(F_Inputs_Formatted!$I65,F_Inputs!$AD$4:$AD$75,0),MATCH(F_Inputs_Formatted!W$4,F_Inputs!$A$4:$AD$4,0)),$O65),"##BLANK") -> 27883.64 | ... AH65: =IFERROR(ROUND(INDEX(F_Inputs!$A$4:$AD$75,MATCH(F_Inputs_Formatted!$I65,F_Inputs!$AD$4:$AD$75,0),MATCH(F_Inputs_Formatted!AH$4,F_Inputs!$A$4:$AD$4,0)),$O65),"##BLANK") -> 27883.64
B66: AFW | C66: =_xlfn.XLOOKUP($B66,FD_Lists!$B$4:$B$25,FD_Lists!C$4:C$25) -> Affinity Water | D66: =_xlfn.XLOOKUP($B66,FD_Lists!$B$4:$B$25,FD_Lists!D$4:D$25) -> England | E66: =_xlfn.XLOOKUP($B66,FD_Lists!$B$4:$B$25,FD_Lists!E$4:E$25) -> Company | F66: =_xlfn.XLOOKUP($B66,FD_Lists!$B$4:$B$25,FD_Lists!F$4:F$25) -> WoC | G66: Underlying calcs | H66: OUT4_20_D_PR24 | I66: =B66&H66 -> AFWOUT4_20_D_PR24 | J66: Totex | K66: Company view | L66: BIO | M66: =_xlfn.XLOOKUP($H66,F_Inputs!$B:$B,F_Inputs!C:C) -> Underlying calculations for common performance commitments - water and combined - Biodiversity - Water supply area | N66: =_xlfn.XLOOKUP($H66,F_Inputs!$B:$B,F_Inputs!D:D) -> km2 | O66: 3 | P66: =IFERROR(ROUND(INDEX(F_Inputs!$A$4:$AD$75,MATCH(F_Inputs_Formatted!$I66,F_Inputs!$AD$4:$AD$75,0),MATCH(F_Inputs_Formatted!P$4,F_Inputs!$A$4:$AD$4,0)),$O66),"##BLANK") -> 4515 | Q66: =IFERROR(ROUND(INDEX(F_Inputs!$A$4:$AD$75,MATCH(F_Inputs_Formatted!$I66,F_Inputs!$AD$4:$AD$75,0),MATCH(F_Inputs_Formatted!Q$4,F_Inputs!$A$4:$AD$4,0)),$O66),"##BLANK") -> 4515 | R66: =IFERROR(ROUND(INDEX(F_Inputs!$A$4:$AD$75,MATCH(F_Inputs_Formatted!$I66,F_Inputs!$AD$4:$AD$75,0),MATCH(F_Inputs_Formatted!R$4,F_Inputs!$A$4:$AD$4,0)),$O66),"##BLANK") -> 4515 | S66: =IFERROR(ROUND(INDEX(F_Inputs!$A$4:$AD$75,MATCH(F_Inputs_Formatted!$I66,F_Inputs!$AD$4:$AD$75,0),MATCH(F_Inputs_Formatted!S$4,F_Inputs!$A$4:$AD$4,0)),$O66),"##BLANK") -> 4515 | T66: =IFERROR(ROUND(INDEX(F_Inputs!$A$4:$AD$75,MATCH(F_Inputs_Formatted!$I66,F_Inputs!$AD$4:$AD$75,0),MATCH(F_Inputs_Formatted!T$4,F_Inputs!$A$4:$AD$4,0)),$O66),"##BLANK") -> 4515 | U66: =IFERROR(ROUND(INDEX(F_Inputs!$A$4:$AD$75,MATCH(F_Inputs_Formatted!$I66,F_Inputs!$AD$4:$AD$75,0),MATCH(F_Inputs_Formatted!U$4,F_Inputs!$A$4:$AD$4,0)),$O66),"##BLANK") -> 4515 | V66: =IFERROR(ROUND(INDEX(F_Inputs!$A$4:$AD$75,MATCH(F_Inputs_Formatted!$I66,F_Inputs!$AD$4:$AD$75,0),MATCH(F_Inputs_Formatted!V$4,F_Inputs!$A$4:$AD$4,0)),$O66),"##BLANK") -> 4515 | W66: =IFERROR(ROUND(INDEX(F_Inputs!$A$4:$AD$75,MATCH(F_Inputs_Formatted!$I66,F_Inputs!$AD$4:$AD$75,0),MATCH(F_Inputs_Formatted!W$4,F_Inputs!$A$4:$AD$4,0)),$O66),"##BLANK") -> 4515 | ... AH66: =IFERROR(ROUND(INDEX(F_Inputs!$A$4:$AD$75,MATCH(F_Inputs_Formatted!$I66,F_Inputs!$AD$4:$AD$75,0),MATCH(F_Inputs_Formatted!AH$4,F_Inputs!$A$4:$AD$4,0)),$O66),"##BLANK") -> 4515
B67: PRT | C67: =_xlfn.XLOOKUP($B67,FD_Lists!$B$4:$B$25,FD_Lists!C$4:C$25) -> Portsmouth Water | D67: =_xlfn.XLOOKUP($B67,FD_Lists!$B$4:$B$25,FD_Lists!D$4:D$25) -> England | E67: =_xlfn.XLOOKUP($B67,FD_Lists!$B$4:$B$25,FD_Lists!E$4:E$25) -> Company | F67: =_xlfn.XLOOKUP($B67,FD_Lists!$B$4:$B$25,FD_Lists!F$4:F$25) -> WoC | G67: Underlying calcs | H67: OUT4_20_D_PR24 | I67: =B67&H67 -> PRTOUT4_20_D_PR24 | J67: Totex | K67: Company view | L67: BIO | M67: =_xlfn.XLOOKUP($H67,F_Inputs!$B:$B,F_Inputs!C:C) -> Underlying calculations for common performance commitments - water and combined - Biodiversity - Water supply area | N67: =_xlfn.XLOOKUP($H67,F_Inputs!$B:$B,F_Inputs!D:D) -> km2 | O67: 3 | P67: =IFERROR(ROUND(INDEX(F_Inputs!$A$4:$AD$75,MATCH(F_Inputs_Formatted!$I67,F_Inputs!$AD$4:$AD$75,0),MATCH(F_Inputs_Formatted!P$4,F_Inputs!$A$4:$AD$4,0)),$O67),"##BLANK") -> 864 | Q67: =IFERROR(ROUND(INDEX(F_Inputs!$A$4:$AD$75,MATCH(F_Inputs_Formatted!$I67,F_Inputs!$AD$4:$AD$75,0),MATCH(F_Inputs_Formatted!Q$4,F_Inputs!$A$4:$AD$4,0)),$O67),"##BLANK") -> 864 | R67: =IFERROR(ROUND(INDEX(F_Inputs!$A$4:$AD$75,MATCH(F_Inputs_Formatted!$I67,F_Inputs!$AD$4:$AD$75,0),MATCH(F_Inputs_Formatted!R$4,F_Inputs!$A$4:$AD$4,0)),$O67),"##BLANK") -> 864 | S67: =IFERROR(ROUND(INDEX(F_Inputs!$A$4:$AD$75,MATCH(F_Inputs_Formatted!$I67,F_Inputs!$AD$4:$AD$75,0),MATCH(F_Inputs_Formatted!S$4,F_Inputs!$A$4:$AD$4,0)),$O67),"##BLANK") -> 864 | T67: =IFERROR(ROUND(INDEX(F_Inputs!$A$4:$AD$75,MATCH(F_Inputs_Formatted!$I67,F_Inputs!$AD$4:$AD$75,0),MATCH(F_Inputs_Formatted!T$4,F_Inputs!$A$4:$AD$4,0)),$O67),"##BLANK") -> 864 | U67: =IFERROR(ROUND(INDEX(F_Inputs!$A$4:$AD$75,MATCH(F_Inputs_Formatted!$I67,F_Inputs!$AD$4:$AD$75,0),MATCH(F_Inputs_Formatted!U$4,F_Inputs!$A$4:$AD$4,0)),$O67),"##BLANK") -> 864 | V67: =IFERROR(ROUND(INDEX(F_Inputs!$A$4:$AD$75,MATCH(F_Inputs_Formatted!$I67,F_Inputs!$AD$4:$AD$75,0),MATCH(F_Inputs_Formatted!V$4,F_Inputs!$A$4:$AD$4,0)),$O67),"##BLANK") -> 864 | W67: =IFERROR(ROUND(INDEX(F_Inputs!$A$4:$AD$75,MATCH(F_Inputs_Formatted!$I67,F_Inputs!$AD$4:$AD$75,0),MATCH(F_Inputs_Formatted!W$4,F_Inputs!$A$4:$AD$4,0)),$O67),"##BLANK") -> 864 | ... AH67: =IFERROR(ROUND(INDEX(F_Inputs!$A$4:$AD$75,MATCH(F_Inputs_Formatted!$I67,F_Inputs!$AD$4:$AD$75,0),MATCH(F_Inputs_Formatted!AH$4,F_Inputs!$A$4:$AD$4,0)),$O67),"##BLANK") -> 864
B68: SEW | C68: =_xlfn.XLOOKUP($B68,FD_Lists!$B$4:$B$25,FD_Lists!C$4:C$25) -> South East Water | D68: =_xlfn.XLOOKUP($B68,FD_Lists!$B$4:$B$25,FD_Lists!D$4:D$25) -> England | E68: =_xlfn.XLOOKUP($B68,FD_Lists!$B$4:$B$25,FD_Lists!E$4:E$25) -> Company | F68: =_xlfn.XLOOKUP($B68,FD_Lists!$B$4:$B$25,FD_Lists!F$4:F$25) -> WoC | G68: Underlying calcs | H68: OUT4_20_D_PR24 | I68: =B68&H68 -> SEWOUT4_20_D_PR24 | J68: Totex | K68: Company view | L68: BIO | M68: =_xlfn.XLOOKUP($H68,F_Inputs!$B:$B,F_Inputs!C:C) -> Underlying calculations for common performance commitments - water and combined - Biodiversity - Water supply area | N68: =_xlfn.XLOOKUP($H68,F_Inputs!$B:$B,F_Inputs!D:D) -> km2 | O68: 3 | P68: =IFERROR(ROUND(INDEX(F_Inputs!$A$4:$AD$75,MATCH(F_Inputs_Formatted!$I68,F_Inputs!$AD$4:$AD$75,0),MATCH(F_Inputs_Formatted!P$4,F_Inputs!$A$4:$AD$4,0)),$O68),"##BLANK") -> 5576.834 | Q68: =IFERROR(ROUND(INDEX(F_Inputs!$A$4:$AD$75,MATCH(F_Inputs_Formatted!$I68,F_Inputs!$AD$4:$AD$75,0),MATCH(F_Inputs_Formatted!Q$4,F_Inputs!$A$4:$AD$4,0)),$O68),"##BLANK") -> 5576.834 | R68: =IFERROR(ROUND(INDEX(F_Inputs!$A$4:$AD$75,MATCH(F_Inputs_Formatted!$I68,F_Inputs!$AD$4:$AD$75,0),MATCH(F_Inputs_Formatted!R$4,F_Inputs!$A$4:$AD$4,0)),$O68),"##BLANK") -> 5576.834 | S68: =IFERROR(ROUND(INDEX(F_Inputs!$A$4:$AD$75,MATCH(F_Inputs_Formatted!$I68,F_Inputs!$AD$4:$AD$75,0),MATCH(F_Inputs_Formatted!S$4,F_Inputs!$A$4:$AD$4,0)),$O68),"##BLANK") -> 5576.834 | T68: =IFERROR(ROUND(INDEX(F_Inputs!$A$4:$AD$75,MATCH(F_Inputs_Formatted!$I68,F_Inputs!$AD$4:$AD$75,0),MATCH(F_Inputs_Formatted!T$4,F_Inputs!$A$4:$AD$4,0)),$O68),"##BLANK") -> 5576.834 | U68: =IFERROR(ROUND(INDEX(F_Inputs!$A$4:$AD$75,MATCH(F_Inputs_Formatted!$I68,F_Inputs!$AD$4:$AD$75,0),MATCH(F_Inputs_Formatted!U$4,F_Inputs!$A$4:$AD$4,0)),$O68),"##BLANK") -> 5576.834 | V68: =IFERROR(ROUND(INDEX(F_Inputs!$A$4:$AD$75,MATCH(F_Inputs_Formatted!$I68,F_Inputs!$AD$4:$AD$75,0),MATCH(F_Inputs_Formatted!V$4,F_Inputs!$A$4:$AD$4,0)),$O68),"##BLANK") -> 5576.834 | W68: =IFERROR(ROUND(INDEX(F_Inputs!$A$4:$AD$75,MATCH(F_Inputs_Formatted!$I68,F_Inputs!$AD$4:$AD$75,0),MATCH(F_Inputs_Formatted!W$4,F_Inputs!$A$4:$AD$4,0)),$O68),"##BLANK") -> 5576.834 | ... AH68: =IFERROR(ROUND(INDEX(F_Inputs!$A$4:$AD$75,MATCH(F_Inputs_Formatted!$I68,F_Inputs!$AD$4:$AD$75,0),MATCH(F_Inputs_Formatted!AH$4,F_Inputs!$A$4:$AD$4,0)),$O68),"##BLANK") -> 5576.834
B69: SSC | C69: =_xlfn.XLOOKUP($B69,FD_Lists!$B$4:$B$25,FD_Lists!C$4:C$25) -> South Staffordshire Water | D69: =_xlfn.XLOOKUP($B69,FD_Lists!$B$4:$B$25,FD_Lists!D$4:D$25) -> England | E69: =_xlfn.XLOOKUP($B69,FD_Lists!$B$4:$B$25,FD_Lists!E$4:E$25) -> Company | F69: =_xlfn.XLOOKUP($B69,FD_Lists!$B$4:$B$25,FD_Lists!F$4:F$25) -> WoC | G69: Underlying calcs | H69: OUT4_20_D_PR24 | I69: =B69&H69 -> SSCOUT4_20_D_PR24 | J69: Totex | K69: Company view | L69: BIO | M69: =_xlfn.XLOOKUP($H69,F_Inputs!$B:$B,F_Inputs!C:C) -> Underlying calculations for common performance commitments - water and combined - Biodiversity - Water supply area | N69: =_xlfn.XLOOKUP($H69,F_Inputs!$B:$B,F_Inputs!D:D) -> km2 | O69: 3 | P69: =IFERROR(ROUND(INDEX(F_Inputs!$A$4:$AD$75,MATCH(F_Inputs_Formatted!$I69,F_Inputs!$AD$4:$AD$75,0),MATCH(F_Inputs_Formatted!P$4,F_Inputs!$A$4:$AD$4,0)),$O69),"##BLANK") -> 0 | Q69: =IFERROR(ROUND(INDEX(F_Inputs!$A$4:$AD$75,MATCH(F_Inputs_Formatted!$I69,F_Inputs!$AD$4:$AD$75,0),MATCH(F_Inputs_Formatted!Q$4,F_Inputs!$A$4:$AD$4,0)),$O69),"##BLANK") -> 0 | R69: =IFERROR(ROUND(INDEX(F_Inputs!$A$4:$AD$75,MATCH(F_Inputs_Formatted!$I69,F_Inputs!$AD$4:$AD$75,0),MATCH(F_Inputs_Formatted!R$4,F_Inputs!$A$4:$AD$4,0)),$O69),"##BLANK") -> 0 | S69: =IFERROR(ROUND(INDEX(F_Inputs!$A$4:$AD$75,MATCH(F_Inputs_Formatted!$I69,F_Inputs!$AD$4:$AD$75,0),MATCH(F_Inputs_Formatted!S$4,F_Inputs!$A$4:$AD$4,0)),$O69),"##BLANK") -> 0 | T69: =IFERROR(ROUND(INDEX(F_Inputs!$A$4:$AD$75,MATCH(F_Inputs_Formatted!$I69,F_Inputs!$AD$4:$AD$75,0),MATCH(F_Inputs_Formatted!T$4,F_Inputs!$A$4:$AD$4,0)),$O69),"##BLANK") -> 0 | U69: =IFERROR(ROUND(INDEX(F_Inputs!$A$4:$AD$75,MATCH(F_Inputs_Formatted!$I69,F_Inputs!$AD$4:$AD$75,0),MATCH(F_Inputs_Formatted!U$4,F_Inputs!$A$4:$AD$4,0)),$O69),"##BLANK") -> 0 | V69: =IFERROR(ROUND(INDEX(F_Inputs!$A$4:$AD$75,MATCH(F_Inputs_Formatted!$I69,F_Inputs!$AD$4:$AD$75,0),MATCH(F_Inputs_Formatted!V$4,F_Inputs!$A$4:$AD$4,0)),$O69),"##BLANK") -> 0 | W69: =IFERROR(ROUND(INDEX(F_Inputs!$A$4:$AD$75,MATCH(F_Inputs_Formatted!$I69,F_Inputs!$AD$4:$AD$75,0),MATCH(F_Inputs_Formatted!W$4,F_Inputs!$A$4:$AD$4,0)),$O69),"##BLANK") -> 0 | ... AH69: =IFERROR(ROUND(INDEX(F_Inputs!$A$4:$AD$75,MATCH(F_Inputs_Formatted!$I69,F_Inputs!$AD$4:$AD$75,0),MATCH(F_Inputs_Formatted!AH$4,F_Inputs!$A$4:$AD$4,0)),$O69),"##BLANK") -> 2672
B70: SES | C70: =_xlfn.XLOOKUP($B70,FD_Lists!$B$4:$B$25,FD_Lists!C$4:C$25) -> SES Water | D70: =_xlfn.XLOOKUP($B70,FD_Lists!$B$4:$B$25,FD_Lists!D$4:D$25) -> England | E70: =_xlfn.XLOOKUP($B70,FD_Lists!$B$4:$B$25,FD_Lists!E$4:E$25) -> Company | F70: =_xlfn.XLOOKUP($B70,FD_Lists!$B$4:$B$25,FD_Lists!F$4:F$25) -> WoC | G70: Underlying calcs | H70: OUT4_20_D_PR24 | I70: =B70&H70 -> SESOUT4_20_D_PR24 | J70: Totex | K70: Company view | L70: BIO | M70: =_xlfn.XLOOKUP($H70,F_Inputs!$B:$B,F_Inputs!C:C) -> Underlying calculations for common performance commitments - water and combined - Biodiversity - Water supply area | N70: =_xlfn.XLOOKUP($H70,F_Inputs!$B:$B,F_Inputs!D:D) -> km2 | O70: 3 | P70: =IFERROR(ROUND(INDEX(F_Inputs!$A$4:$AD$75,MATCH(F_Inputs_Formatted!$I70,F_Inputs!$AD$4:$AD$75,0),MATCH(F_Inputs_Formatted!P$4,F_Inputs!$A$4:$AD$4,0)),$O70),"##BLANK") -> 835 | Q70: =IFERROR(ROUND(INDEX(F_Inputs!$A$4:$AD$75,MATCH(F_Inputs_Formatted!$I70,F_Inputs!$AD$4:$AD$75,0),MATCH(F_Inputs_Formatted!Q$4,F_Inputs!$A$4:$AD$4,0)),$O70),"##BLANK") -> 835 | R70: =IFERROR(ROUND(INDEX(F_Inputs!$A$4:$AD$75,MATCH(F_Inputs_Formatted!$I70,F_Inputs!$AD$4:$AD$75,0),MATCH(F_Inputs_Formatted!R$4,F_Inputs!$A$4:$AD$4,0)),$O70),"##BLANK") -> 835 | S70: =IFERROR(ROUND(INDEX(F_Inputs!$A$4:$AD$75,MATCH(F_Inputs_Formatted!$I70,F_Inputs!$AD$4:$AD$75,0),MATCH(F_Inputs_Formatted!S$4,F_Inputs!$A$4:$AD$4,0)),$O70),"##BLANK") -> 835 | T70: =IFERROR(ROUND(INDEX(F_Inputs!$A$4:$AD$75,MATCH(F_Inputs_Formatted!$I70,F_Inputs!$AD$4:$AD$75,0),MATCH(F_Inputs_Formatted!T$4,F_Inputs!$A$4:$AD$4,0)),$O70),"##BLANK") -> 835 | U70: =IFERROR(ROUND(INDEX(F_Inputs!$A$4:$AD$75,MATCH(F_Inputs_Formatted!$I70,F_Inputs!$AD$4:$AD$75,0),MATCH(F_Inputs_Formatted!U$4,F_Inputs!$A$4:$AD$4,0)),$O70),"##BLANK") -> 835 | V70: =IFERROR(ROUND(INDEX(F_Inputs!$A$4:$AD$75,MATCH(F_Inputs_Formatted!$I70,F_Inputs!$AD$4:$AD$75,0),MATCH(F_Inputs_Formatted!V$4,F_Inputs!$A$4:$AD$4,0)),$O70),"##BLANK") -> 835 | W70: =IFERROR(ROUND(INDEX(F_Inputs!$A$4:$AD$75,MATCH(F_Inputs_Formatted!$I70,F_Inputs!$AD$4:$AD$75,0),MATCH(F_Inputs_Formatted!W$4,F_Inputs!$A$4:$AD$4,0)),$O70),"##BLANK") -> 835 | ... AH70: =IFERROR(ROUND(INDEX(F_Inputs!$A$4:$AD$75,MATCH(F_Inputs_Formatted!$I70,F_Inputs!$AD$4:$AD$75,0),MATCH(F_Inputs_Formatted!AH$4,F_Inputs!$A$4:$AD$4,0)),$O70),"##BLANK") -> 835
B71: SWB | C71: =_xlfn.XLOOKUP($B71,FD_Lists!$B$4:$B$25,FD_Lists!C$4:C$25) -> South West Water | D71: =_xlfn.XLOOKUP($B71,FD_Lists!$B$4:$B$25,FD_Lists!D$4:D$25) -> England | E71: =_xlfn.XLOOKUP($B71,FD_Lists!$B$4:$B$25,FD_Lists!E$4:E$25) -> Company | F71: =_xlfn.XLOOKUP($B71,FD_Lists!$B$4:$B$25,FD_Lists!F$4:F$25) -> WaSC | G71: Underlying calcs | H71: OUT4_20_D_PR24 | I71: =B71&H71 -> SWBOUT4_20_D_PR24 | J71: Totex | K71: Company view | L71: BIO | M71: =_xlfn.XLOOKUP($H71,F_Inputs!$B:$B,F_Inputs!C:C) -> Underlying calculations for common performance commitments - water and combined - Biodiversity - Water supply area | N71: =_xlfn.XLOOKUP($H71,F_Inputs!$B:$B,F_Inputs!D:D) -> km2 | O71: 3 | P71: =IFERROR(ROUND(INDEX(F_Inputs!$A$4:$AD$75,MATCH(F_Inputs_Formatted!$I71,F_Inputs!$AD$4:$AD$75,0),MATCH(F_Inputs_Formatted!P$4,F_Inputs!$A$4:$AD$4,0)),$O71),"##BLANK") -> 12342 | Q71: =IFERROR(ROUND(INDEX(F_Inputs!$A$4:$AD$75,MATCH(F_Inputs_Formatted!$I71,F_Inputs!$AD$4:$AD$75,0),MATCH(F_Inputs_Formatted!Q$4,F_Inputs!$A$4:$AD$4,0)),$O71),"##BLANK") -> 12342 | R71: =IFERROR(ROUND(INDEX(F_Inputs!$A$4:$AD$75,MATCH(F_Inputs_Formatted!$I71,F_Inputs!$AD$4:$AD$75,0),MATCH(F_Inputs_Formatted!R$4,F_Inputs!$A$4:$AD$4,0)),$O71),"##BLANK") -> 12342 | S71: =IFERROR(ROUND(INDEX(F_Inputs!$A$4:$AD$75,MATCH(F_Inputs_Formatted!$I71,F_Inputs!$AD$4:$AD$75,0),MATCH(F_Inputs_Formatted!S$4,F_Inputs!$A$4:$AD$4,0)),$O71),"##BLANK") -> 12342 | T71: =IFERROR(ROUND(INDEX(F_Inputs!$A$4:$AD$75,MATCH(F_Inputs_Formatted!$I71,F_Inputs!$AD$4:$AD$75,0),MATCH(F_Inputs_Formatted!T$4,F_Inputs!$A$4:$AD$4,0)),$O71),"##BLANK") -> 12342 | U71: =IFERROR(ROUND(INDEX(F_Inputs!$A$4:$AD$75,MATCH(F_Inputs_Formatted!$I71,F_Inputs!$AD$4:$AD$75,0),MATCH(F_Inputs_Formatted!U$4,F_Inputs!$A$4:$AD$4,0)),$O71),"##BLANK") -> 12342 | V71: =IFERROR(ROUND(INDEX(F_Inputs!$A$4:$AD$75,MATCH(F_Inputs_Formatted!$I71,F_Inputs!$AD$4:$AD$75,0),MATCH(F_Inputs_Formatted!V$4,F_Inputs!$A$4:$AD$4,0)),$O71),"##BLANK") -> 12342 | W71: =IFERROR(ROUND(INDEX(F_Inputs!$A$4:$AD$75,MATCH(F_Inputs_Formatted!$I71,F_Inputs!$AD$4:$AD$75,0),MATCH(F_Inputs_Formatted!W$4,F_Inputs!$A$4:$AD$4,0)),$O71),"##BLANK") -> 12342 | ... AH71: =IFERROR(ROUND(INDEX(F_Inputs!$A$4:$AD$75,MATCH(F_Inputs_Formatted!$I71,F_Inputs!$AD$4:$AD$75,0),MATCH(F_Inputs_Formatted!AH$4,F_Inputs!$A$4:$AD$4,0)),$O71),"##BLANK") -> 12213
B72: BRL | C72: =_xlfn.XLOOKUP($B72,FD_Lists!$B$4:$B$25,FD_Lists!C$4:C$25) -> Bristol Water | D72: =_xlfn.XLOOKUP($B72,FD_Lists!$B$4:$B$25,FD_Lists!D$4:D$25) -> England | E72: =_xlfn.XLOOKUP($B72,FD_Lists!$B$4:$B$25,FD_Lists!E$4:E$25) -> Company | F72: =_xlfn.XLOOKUP($B72,FD_Lists!$B$4:$B$25,FD_Lists!F$4:F$25) -> WoC | G72: Underlying calcs | H72: OUT4_20_D_PR24 | I72: =B72&H72 -> BRLOUT4_20_D_PR24 | J72: Totex | K72: Company view | L72: BIO | M72: =_xlfn.XLOOKUP($H72,F_Inputs!$B:$B,F_Inputs!C:C) -> Underlying calculations for common performance commitments - water and combined - Biodiversity - Water supply area | N72: =_xlfn.XLOOKUP($H72,F_Inputs!$B:$B,F_Inputs!D:D) -> km2 | O72: 3 | P72: =IFERROR(ROUND(INDEX(F_Inputs!$A$4:$AD$75,MATCH(F_Inputs_Formatted!$I72,F_Inputs!$AD$4:$AD$75,0),MATCH(F_Inputs_Formatted!P$4,F_Inputs!$A$4:$AD$4,0)),$O72),"##BLANK") -> 2371 | Q72: =IFERROR(ROUND(INDEX(F_Inputs!$A$4:$AD$75,MATCH(F_Inputs_Formatted!$I72,F_Inputs!$AD$4:$AD$75,0),MATCH(F_Inputs_Formatted!Q$4,F_Inputs!$A$4:$AD$4,0)),$O72),"##BLANK") -> 2371 | R72: =IFERROR(ROUND(INDEX(F_Inputs!$A$4:$AD$75,MATCH(F_Inputs_Formatted!$I72,F_Inputs!$AD$4:$AD$75,0),MATCH(F_Inputs_Formatted!R$4,F_Inputs!$A$4:$AD$4,0)),$O72),"##BLANK") -> 2371 | S72: =IFERROR(ROUND(INDEX(F_Inputs!$A$4:$AD$75,MATCH(F_Inputs_Formatted!$I72,F_Inputs!$AD$4:$AD$75,0),MATCH(F_Inputs_Formatted!S$4,F_Inputs!$A$4:$AD$4,0)),$O72),"##BLANK") -> 2371 | T72: =IFERROR(ROUND(INDEX(F_Inputs!$A$4:$AD$75,MATCH(F_Inputs_Formatted!$I72,F_Inputs!$AD$4:$AD$75,0),MATCH(F_Inputs_Formatted!T$4,F_Inputs!$A$4:$AD$4,0)),$O72),"##BLANK") -> 2371 | U72: =IFERROR(ROUND(INDEX(F_Inputs!$A$4:$AD$75,MATCH(F_Inputs_Formatted!$I72,F_Inputs!$AD$4:$AD$75,0),MATCH(F_Inputs_Formatted!U$4,F_Inputs!$A$4:$AD$4,0)),$O72),"##BLANK") -> 2371 | V72: =IFERROR(ROUND(INDEX(F_Inputs!$A$4:$AD$75,MATCH(F_Inputs_Formatted!$I72,F_Inputs!$AD$4:$AD$75,0),MATCH(F_Inputs_Formatted!V$4,F_Inputs!$A$4:$AD$4,0)),$O72),"##BLANK") -> 2371 | W72: =IFERROR(ROUND(INDEX(F_Inputs!$A$4:$AD$75,MATCH(F_Inputs_Formatted!$I72,F_Inputs!$AD$4:$AD$75,0),MATCH(F_Inputs_Formatted!W$4,F_Inputs!$A$4:$AD$4,0)),$O72),"##BLANK") -> 2371 | ... AH72: =IFERROR(ROUND(INDEX(F_Inputs!$A$4:$AD$75,MATCH(F_Inputs_Formatted!$I72,F_Inputs!$AD$4:$AD$75,0),MATCH(F_Inputs_Formatted!AH$4,F_Inputs!$A$4:$AD$4,0)),$O72),"##BLANK") -> 2362
B73: ANH | C73: =_xlfn.XLOOKUP($B73,FD_Lists!$B$4:$B$25,FD_Lists!C$4:C$25) -> Anglian Water | D73: =_xlfn.XLOOKUP($B73,FD_Lists!$B$4:$B$25,FD_Lists!D$4:D$25) -> England | E73: =_xlfn.XLOOKUP($B73,FD_Lists!$B$4:$B$25,FD_Lists!E$4:E$25) -> Company | F73: =_xlfn.XLOOKUP($B73,FD_Lists!$B$4:$B$25,FD_Lists!F$4:F$25) -> WaSC | G73: Underlying calcs | H73: OUT4_20_B_PR24 | I73: =B73&H73 -> ANHOUT4_20_B_PR24 | J73: Totex | K73: Company view | L73: BIO | M73: =_xlfn.XLOOKUP($H73,F_Inputs!$B:$B,F_Inputs!C:C) -> Underlying calculations for common performance commitments - water and combined - Biodiversity - Total actual biodiversity units | N73: =_xlfn.XLOOKUP($H73,F_Inputs!$B:$B,F_Inputs!D:D) -> Number | O73: 2 | P73: =IFERROR(ROUND(INDEX(F_Inputs!$A$4:$AD$107,MATCH(F_Inputs_Formatted!$I73,F_Inputs!$AD$4:$AD$107,0),MATCH(F_Inputs_Formatted!P$4,F_Inputs!$A$4:$AD$4,0)),$O73),"##BLANK") -> 0 | Q73: =IFERROR(ROUND(INDEX(F_Inputs!$A$4:$AD$107,MATCH(F_Inputs_Formatted!$I73,F_Inputs!$AD$4:$AD$107,0),MATCH(F_Inputs_Formatted!Q$4,F_Inputs!$A$4:$AD$4,0)),$O73),"##BLANK") -> 0 | R73: =IFERROR(ROUND(INDEX(F_Inputs!$A$4:$AD$107,MATCH(F_Inputs_Formatted!$I73,F_Inputs!$AD$4:$AD$107,0),MATCH(F_Inputs_Formatted!R$4,F_Inputs!$A$4:$AD$4,0)),$O73),"##BLANK") -> 0 | S73: =IFERROR(ROUND(INDEX(F_Inputs!$A$4:$AD$107,MATCH(F_Inputs_Formatted!$I73,F_Inputs!$AD$4:$AD$107,0),MATCH(F_Inputs_Formatted!S$4,F_Inputs!$A$4:$AD$4,0)),$O73),"##BLANK") -> 0 | T73: =IFERROR(ROUND(INDEX(F_Inputs!$A$4:$AD$107,MATCH(F_Inputs_Formatted!$I73,F_Inputs!$AD$4:$AD$107,0),MATCH(F_Inputs_Formatted!T$4,F_Inputs!$A$4:$AD$4,0)),$O73),"##BLANK") -> 0 | U73: =IFERROR(ROUND(INDEX(F_Inputs!$A$4:$AD$107,MATCH(F_Inputs_Formatted!$I73,F_Inputs!$AD$4:$AD$107,0),MATCH(F_Inputs_Formatted!U$4,F_Inputs!$A$4:$AD$4,0)),$O73),"##BLANK") -> 0 | V73: =IFERROR(ROUND(INDEX(F_Inputs!$A$4:$AD$107,MATCH(F_Inputs_Formatted!$I73,F_Inputs!$AD$4:$AD$107,0),MATCH(F_Inputs_Formatted!V$4,F_Inputs!$A$4:$AD$4,0)),$O73),"##BLANK") -> 0 | W73: =IFERROR(ROUND(INDEX(F_Inputs!$A$4:$AD$107,MATCH(F_Inputs_Formatted!$I73,F_Inputs!$AD$4:$AD$107,0),MATCH(F_Inputs_Formatted!W$4,F_Inputs!$A$4:$AD$4,0)),$O73),"##BLANK") -> 0 | ... AH73: =IFERROR(ROUND(INDEX(F_Inputs!$A$4:$AD$107,MATCH(F_Inputs_Formatted!$I73,F_Inputs!$AD$4:$AD$107,0),MATCH(F_Inputs_Formatted!AH$4,F_Inputs!$A$4:$AD$4,0)),$O73),"##BLANK") -> 226.67
B74: WSH | C74: =_xlfn.XLOOKUP($B74,FD_Lists!$B$4:$B$25,FD_Lists!C$4:C$25) -> Dŵr Cymru | D74: =_xlfn.XLOOKUP($B74,FD_Lists!$B$4:$B$25,FD_Lists!D$4:D$25) -> Wales | E74: =_xlfn.XLOOKUP($B74,FD_Lists!$B$4:$B$25,FD_Lists!E$4:E$25) -> Company | F74: =_xlfn.XLOOKUP($B74,FD_Lists!$B$4:$B$25,FD_Lists!F$4:F$25) -> WaSC | G74: Underlying calcs | H74: OUT4_20_B_PR24 | I74: =B74&H74 -> WSHOUT4_20_B_PR24 | J74: Totex | K74: Company view | L74: BIO | M74: =_xlfn.XLOOKUP($H74,F_Inputs!$B:$B,F_Inputs!C:C) -> Underlying calculations for common performance commitments - water and combined - Biodiversity - Total actual biodiversity units | N74: =_xlfn.XLOOKUP($H74,F_Inputs!$B:$B,F_Inputs!D:D) -> Number | O74: 2 | P74: =IFERROR(ROUND(INDEX(F_Inputs!$A$4:$AD$107,MATCH(F_Inputs_Formatted!$I74,F_Inputs!$AD$4:$AD$107,0),MATCH(F_Inputs_Formatted!P$4,F_Inputs!$A$4:$AD$4,0)),$O74),"##BLANK") -> 0 | Q74: =IFERROR(ROUND(INDEX(F_Inputs!$A$4:$AD$107,MATCH(F_Inputs_Formatted!$I74,F_Inputs!$AD$4:$AD$107,0),MATCH(F_Inputs_Formatted!Q$4,F_Inputs!$A$4:$AD$4,0)),$O74),"##BLANK") -> 0 | R74: =IFERROR(ROUND(INDEX(F_Inputs!$A$4:$AD$107,MATCH(F_Inputs_Formatted!$I74,F_Inputs!$AD$4:$AD$107,0),MATCH(F_Inputs_Formatted!R$4,F_Inputs!$A$4:$AD$4,0)),$O74),"##BLANK") -> 0 | S74: =IFERROR(ROUND(INDEX(F_Inputs!$A$4:$AD$107,MATCH(F_Inputs_Formatted!$I74,F_Inputs!$AD$4:$AD$107,0),MATCH(F_Inputs_Formatted!S$4,F_Inputs!$A$4:$AD$4,0)),$O74),"##BLANK") -> 0 | T74: =IFERROR(ROUND(INDEX(F_Inputs!$A$4:$AD$107,MATCH(F_Inputs_Formatted!$I74,F_Inputs!$AD$4:$AD$107,0),MATCH(F_Inputs_Formatted!T$4,F_Inputs!$A$4:$AD$4,0)),$O74),"##BLANK") -> 0 | U74: =IFERROR(ROUND(INDEX(F_Inputs!$A$4:$AD$107,MATCH(F_Inputs_Formatted!$I74,F_Inputs!$AD$4:$AD$107,0),MATCH(F_Inputs_Formatted!U$4,F_Inputs!$A$4:$AD$4,0)),$O74),"##BLANK") -> 0 | V74: =IFERROR(ROUND(INDEX(F_Inputs!$A$4:$AD$107,MATCH(F_Inputs_Formatted!$I74,F_Inputs!$AD$4:$AD$107,0),MATCH(F_Inputs_Formatted!V$4,F_Inputs!$A$4:$AD$4,0)),$O74),"##BLANK") -> 0 | W74: =IFERROR(ROUND(INDEX(F_Inputs!$A$4:$AD$107,MATCH(F_Inputs_Formatted!$I74,F_Inputs!$AD$4:$AD$107,0),MATCH(F_Inputs_Formatted!W$4,F_Inputs!$A$4:$AD$4,0)),$O74),"##BLANK") -> 0 | ... AH74: =IFERROR(ROUND(INDEX(F_Inputs!$A$4:$AD$107,MATCH(F_Inputs_Formatted!$I74,F_Inputs!$AD$4:$AD$107,0),MATCH(F_Inputs_Formatted!AH$4,F_Inputs!$A$4:$AD$4,0)),$O74),"##BLANK") -> 300
B75: HDD | C75: =_xlfn.XLOOKUP($B75,FD_Lists!$B$4:$B$25,FD_Lists!C$4:C$25) -> Hafren Dyfrdwy | D75: =_xlfn.XLOOKUP($B75,FD_Lists!$B$4:$B$25,FD_Lists!D$4:D$25) -> Wales | E75: =_xlfn.XLOOKUP($B75,FD_Lists!$B$4:$B$25,FD_Lists!E$4:E$25) -> Company | F75: =_xlfn.XLOOKUP($B75,FD_Lists!$B$4:$B$25,FD_Lists!F$4:F$25) -> WaSC | G75: Underlying calcs | H75: OUT4_20_B_PR24 | I75: =B75&H75 -> HDDOUT4_20_B_PR24 | J75: Totex | K75: Company view | L75: BIO | M75: =_xlfn.XLOOKUP($H75,F_Inputs!$B:$B,F_Inputs!C:C) -> Underlying calculations for common performance commitments - water and combined - Biodiversity - Total actual biodiversity units | N75: =_xlfn.XLOOKUP($H75,F_Inputs!$B:$B,F_Inputs!D:D) -> Number | O75: 2 | P75: =IFERROR(ROUND(INDEX(F_Inputs!$A$4:$AD$107,MATCH(F_Inputs_Formatted!$I75,F_Inputs!$AD$4:$AD$107,0),MATCH(F_Inputs_Formatted!P$4,F_Inputs!$A$4:$AD$4,0)),$O75),"##BLANK") -> 0 | Q75: =IFERROR(ROUND(INDEX(F_Inputs!$A$4:$AD$107,MATCH(F_Inputs_Formatted!$I75,F_Inputs!$AD$4:$AD$107,0),MATCH(F_Inputs_Formatted!Q$4,F_Inputs!$A$4:$AD$4,0)),$O75),"##BLANK") -> 0 | R75: =IFERROR(ROUND(INDEX(F_Inputs!$A$4:$AD$107,MATCH(F_Inputs_Formatted!$I75,F_Inputs!$AD$4:$AD$107,0),MATCH(F_Inputs_Formatted!R$4,F_Inputs!$A$4:$AD$4,0)),$O75),"##BLANK") -> 0 | S75: =IFERROR(ROUND(INDEX(F_Inputs!$A$4:$AD$107,MATCH(F_Inputs_Formatted!$I75,F_Inputs!$AD$4:$AD$107,0),MATCH(F_Inputs_Formatted!S$4,F_Inputs!$A$4:$AD$4,0)),$O75),"##BLANK") -> 0 | T75: =IFERROR(ROUND(INDEX(F_Inputs!$A$4:$AD$107,MATCH(F_Inputs_Formatted!$I75,F_Inputs!$AD$4:$AD$107,0),MATCH(F_Inputs_Formatted!T$4,F_Inputs!$A$4:$AD$4,0)),$O75),"##BLANK") -> 0 | U75: =IFERROR(ROUND(INDEX(F_Inputs!$A$4:$AD$107,MATCH(F_Inputs_Formatted!$I75,F_Inputs!$AD$4:$AD$107,0),MATCH(F_Inputs_Formatted!U$4,F_Inputs!$A$4:$AD$4,0)),$O75),"##BLANK") -> 0 | V75: =IFERROR(ROUND(INDEX(F_Inputs!$A$4:$AD$107,MATCH(F_Inputs_Formatted!$I75,F_Inputs!$AD$4:$AD$107,0),MATCH(F_Inputs_Formatted!V$4,F_Inputs!$A$4:$AD$4,0)),$O75),"##BLANK") -> 0 | W75: =IFERROR(ROUND(INDEX(F_Inputs!$A$4:$AD$107,MATCH(F_Inputs_Formatted!$I75,F_Inputs!$AD$4:$AD$107,0),MATCH(F_Inputs_Formatted!W$4,F_Inputs!$A$4:$AD$4,0)),$O75),"##BLANK") -> 0 | ... AH75: =IFERROR(ROUND(INDEX(F_Inputs!$A$4:$AD$107,MATCH(F_Inputs_Formatted!$I75,F_Inputs!$AD$4:$AD$107,0),MATCH(F_Inputs_Formatted!AH$4,F_Inputs!$A$4:$AD$4,0)),$O75),"##BLANK") -> 22781.74
B76: NES | C76: =_xlfn.XLOOKUP($B76,FD_Lists!$B$4:$B$25,FD_Lists!C$4:C$25) -> Northumbrian Water | D76: =_xlfn.XLOOKUP($B76,FD_Lists!$B$4:$B$25,FD_Lists!D$4:D$25) -> England | E76: =_xlfn.XLOOKUP($B76,FD_Lists!$B$4:$B$25,FD_Lists!E$4:E$25) -> Company | F76: =_xlfn.XLOOKUP($B76,FD_Lists!$B$4:$B$25,FD_Lists!F$4:F$25) -> WaSC | G76: Underlying calcs | H76: OUT4_20_B_PR24 | I76: =B76&H76 -> NESOUT4_20_B_PR24 | J76: Totex | K76: Company view | L76: BIO | M76: =_xlfn.XLOOKUP($H76,F_Inputs!$B:$B,F_Inputs!C:C) -> Underlying calculations for common performance commitments - water and combined - Biodiversity - Total actual biodiversity units | N76: =_xlfn.XLOOKUP($H76,F_Inputs!$B:$B,F_Inputs!D:D) -> Number | O76: 2 | P76: =IFERROR(ROUND(INDEX(F_Inputs!$A$4:$AD$107,MATCH(F_Inputs_Formatted!$I76,F_Inputs!$AD$4:$AD$107,0),MATCH(F_Inputs_Formatted!P$4,F_Inputs!$A$4:$AD$4,0)),$O76),"##BLANK") -> 0 | Q76: =IFERROR(ROUND(INDEX(F_Inputs!$A$4:$AD$107,MATCH(F_Inputs_Formatted!$I76,F_Inputs!$AD$4:$AD$107,0),MATCH(F_Inputs_Formatted!Q$4,F_Inputs!$A$4:$AD$4,0)),$O76),"##BLANK") -> 0 | R76: =IFERROR(ROUND(INDEX(F_Inputs!$A$4:$AD$107,MATCH(F_Inputs_Formatted!$I76,F_Inputs!$AD$4:$AD$107,0),MATCH(F_Inputs_Formatted!R$4,F_Inputs!$A$4:$AD$4,0)),$O76),"##BLANK") -> 0 | S76: =IFERROR(ROUND(INDEX(F_Inputs!$A$4:$AD$107,MATCH(F_Inputs_Formatted!$I76,F_Inputs!$AD$4:$AD$107,0),MATCH(F_Inputs_Formatted!S$4,F_Inputs!$A$4:$AD$4,0)),$O76),"##BLANK") -> 0 | T76: =IFERROR(ROUND(INDEX(F_Inputs!$A$4:$AD$107,MATCH(F_Inputs_Formatted!$I76,F_Inputs!$AD$4:$AD$107,0),MATCH(F_Inputs_Formatted!T$4,F_Inputs!$A$4:$AD$4,0)),$O76),"##BLANK") -> 0 | U76: =IFERROR(ROUND(INDEX(F_Inputs!$A$4:$AD$107,MATCH(F_Inputs_Formatted!$I76,F_Inputs!$AD$4:$AD$107,0),MATCH(F_Inputs_Formatted!U$4,F_Inputs!$A$4:$AD$4,0)),$O76),"##BLANK") -> 0 | V76: =IFERROR(ROUND(INDEX(F_Inputs!$A$4:$AD$107,MATCH(F_Inputs_Formatted!$I76,F_Inputs!$AD$4:$AD$107,0),MATCH(F_Inputs_Formatted!V$4,F_Inputs!$A$4:$AD$4,0)),$O76),"##BLANK") -> 0 | W76: =IFERROR(ROUND(INDEX(F_Inputs!$A$4:$AD$107,MATCH(F_Inputs_Formatted!$I76,F_Inputs!$AD$4:$AD$107,0),MATCH(F_Inputs_Formatted!W$4,F_Inputs!$A$4:$AD$4,0)),$O76),"##BLANK") -> 0 | ... AH76: =IFERROR(ROUND(INDEX(F_Inputs!$A$4:$AD$107,MATCH(F_Inputs_Formatted!$I76,F_Inputs!$AD$4:$AD$107,0),MATCH(F_Inputs_Formatted!AH$4,F_Inputs!$A$4:$AD$4,0)),$O76),"##BLANK") -> 65322.67
B77: SVE | C77: =_xlfn.XLOOKUP($B77,FD_Lists!$B$4:$B$25,FD_Lists!C$4:C$25) -> Severn Trent Water | D77: =_xlfn.XLOOKUP($B77,FD_Lists!$B$4:$B$25,FD_Lists!D$4:D$25) -> England | E77: =_xlfn.XLOOKUP($B77,FD_Lists!$B$4:$B$25,FD_Lists!E$4:E$25) -> Company | F77: =_xlfn.XLOOKUP($B77,FD_Lists!$B$4:$B$25,FD_Lists!F$4:F$25) -> WaSC | G77: Underlying calcs | H77: OUT4_20_B_PR24 | I77: =B77&H77 -> SVEOUT4_20_B_PR24 | J77: Totex | K77: Company view | L77: BIO | M77: =_xlfn.XLOOKUP($H77,F_Inputs!$B:$B,F_Inputs!C:C) -> Underlying calculations for common performance commitments - water and combined - Biodiversity - Total actual biodiversity units | N77: =_xlfn.XLOOKUP($H77,F_Inputs!$B:$B,F_Inputs!D:D) -> Number | O77: 2 | P77: =IFERROR(ROUND(INDEX(F_Inputs!$A$4:$AD$107,MATCH(F_Inputs_Formatted!$I77,F_Inputs!$AD$4:$AD$107,0),MATCH(F_Inputs_Formatted!P$4,F_Inputs!$A$4:$AD$4,0)),$O77),"##BLANK") -> 0 | Q77: =IFERROR(ROUND(INDEX(F_Inputs!$A$4:$AD$107,MATCH(F_Inputs_Formatted!$I77,F_Inputs!$AD$4:$AD$107,0),MATCH(F_Inputs_Formatted!Q$4,F_Inputs!$A$4:$AD$4,0)),$O77),"##BLANK") -> 0 | R77: =IFERROR(ROUND(INDEX(F_Inputs!$A$4:$AD$107,MATCH(F_Inputs_Formatted!$I77,F_Inputs!$AD$4:$AD$107,0),MATCH(F_Inputs_Formatted!R$4,F_Inputs!$A$4:$AD$4,0)),$O77),"##BLANK") -> 0 | S77: =IFERROR(ROUND(INDEX(F_Inputs!$A$4:$AD$107,MATCH(F_Inputs_Formatted!$I77,F_Inputs!$AD$4:$AD$107,0),MATCH(F_Inputs_Formatted!S$4,F_Inputs!$A$4:$AD$4,0)),$O77),"##BLANK") -> 0 | T77: =IFERROR(ROUND(INDEX(F_Inputs!$A$4:$AD$107,MATCH(F_Inputs_Formatted!$I77,F_Inputs!$AD$4:$AD$107,0),MATCH(F_Inputs_Formatted!T$4,F_Inputs!$A$4:$AD$4,0)),$O77),"##BLANK") -> 0 | U77: =IFERROR(ROUND(INDEX(F_Inputs!$A$4:$AD$107,MATCH(F_Inputs_Formatted!$I77,F_Inputs!$AD$4:$AD$107,0),MATCH(F_Inputs_Formatted!U$4,F_Inputs!$A$4:$AD$4,0)),$O77),"##BLANK") -> 0 | V77: =IFERROR(ROUND(INDEX(F_Inputs!$A$4:$AD$107,MATCH(F_Inputs_Formatted!$I77,F_Inputs!$AD$4:$AD$107,0),MATCH(F_Inputs_Formatted!V$4,F_Inputs!$A$4:$AD$4,0)),$O77),"##BLANK") -> 0 | W77: =IFERROR(ROUND(INDEX(F_Inputs!$A$4:$AD$107,MATCH(F_Inputs_Formatted!$I77,F_Inputs!$AD$4:$AD$107,0),MATCH(F_Inputs_Formatted!W$4,F_Inputs!$A$4:$AD$4,0)),$O77),"##BLANK") -> 0 | ... AH77: =IFERROR(ROUND(INDEX(F_Inputs!$A$4:$AD$107,MATCH(F_Inputs_Formatted!$I77,F_Inputs!$AD$4:$AD$107,0),MATCH(F_Inputs_Formatted!AH$4,F_Inputs!$A$4:$AD$4,0)),$O77),"##BLANK") -> 3427.57
